Workbook
Name REPRESENTANTE_SRI: #REF!

Sheet Ene 2026
A1: SERVICIO DE RENTAS INTERNAS
A2: RECAUDACIÓN NACIONAL(1)
A3: ENERO 2026
A4: -cifras en miles de dólares-
A6: (A) TOTAL RECAUDADO (SIN CONSIDERAR VALORES OCASIONALES PARA EFECTOS DE COMPARACIÓN INTERANUAL)
D8: Meta 2026 (10) | F8: Recaudación 2025 | G8: Recaudación 2026 | I8: Participación de la Recaudación 2026
A10: CLASIFICACIÓN | B10: INTERNOS | C10: Impuesto a la Renta Recaudado | D10: =D95 -> 755783.99 | F10: =F95-F58 -> 615896.69 | G10: =G95-G58 -> 755783.99 | I10: =+G32/G41 -> 0.88539228
C11: Retenciones Mensuales (2) | D11: =D96 -> 507762.84 | F11: =F96-F59 -> 398642.18 | G11: =G96-G59 -> 507762.84
C12: Autorretenciones | D12: =D97 -> 223982.22 | F12: =F97-F60 -> 196092.66 | G12: =G97 -> 223982.22
C13: Utilidades no distribuidas(9) | D13: =D98 -> 1684 | E13: =E98 -> 0 | F13: =F98 -> 0 | G13: =G98 -> 1684
C14: Anticipos al IR | D14: =D99 -> 8.04214 | F14: =F99-F60 -> 25.58103 | G14: =G99-G60 -> 8.04214
C15: Declaraciones de Impuesto a la Renta (3) | D15: =D100 -> 22346.885 | F15: =F100-F61 -> 21136.271 | G15: =G100-G61 -> 22346.885
C16: Personas Naturales | D16: =D101 -> 5429.6212 | F16: =F101-F62 -> 5297.6633 | G16: =G101-G62 -> 5429.6212
C17: Personas Jurídicas | D17: =D102 -> 15028.979 | F17: =F102-F63 -> 11790.909 | G17: =G102-G63 -> 15028.979
C18: Herencias, Legados y Donaciones | D18: =D103 -> 1839.5778 | F18: =F103-F64 -> 3989.8481 | G18: =G103-G64 -> 1839.5778
C19: Microempresas | D19: =D104 -> 48.70727 | F19: =F104-F65 -> 57.84994 | G19: =G104-G65 -> 48.70727
C20: Regularización de Activos en el Exterior | D20: =D105 -> 0 | F20: =F105-F66 -> 0 | G20: =G105-G66 -> 0
C21: IVA Operaciones Internas | D21: =D106 -> 1009190 | F21: =F106-F67 -> 895270.58 | G21: =G106-G67 -> 1009190
C22: ICE Operaciones Internas | D22: =D107 -> 74233.646 | F22: =F107-F68 -> 70777.31 | G22: =G107-G68 -> 74233.646
C23: Impuesto Redimible Botellas Plásticas no Retornable | D23: =D108 -> 3872.8801 | F23: =F108-F69 -> 3870.2356 | G23: =G108-G69 -> 3872.8801
C24: Impuesto a los Vehículos Motorizados | D24: =D109 -> 22542.466 | F24: =F109-F70 -> 19913.834 | G24: =G109-G70 -> 22542.466
C25: Impuesto a la Salida de Divisas | D25: =D110 -> 136589.31 | F25: =F110-F71 -> 146844.34 | G25: =G110-G71 -> 136589.31
... C28: Contribución para la atención integral del cancer | D28: =D113 -> 18106.534 | F28: =F113-F74 -> 17404.975 | G28: =G113-G74 -> 18106.534
C29: Intereses por Mora Tributaria | D29: =D114 -> 3112.6788 | F29: =F114-F77 -> 4838.7098 | G29: =G114-G77 -> 3112.6788
C30: Multas Tributarias Fiscales | D30: =D115 -> 5183.583 | F30: =F115-F78 -> 4305.8564 | G30: =G115-G78 -> 5183.583
C31: Otros Ingresos(4) | D31: =D116 -> 1437.3674 | F31: =F116-F79 -> 2005.2757 | G31: =G116-G79 -> 1437.365
C32: (a) SUBTOTAL INTERNOS | D32: =+D10+SUM(D21:D31) -> 2035255.3 | F32: =+F10+SUM(F21:F31) -> 1783400.6 | G32: =+G10+SUM(G21:G31) -> 2035255.3
B34: IMPORTACIONES | C34: IVA Importaciones | D34: =D119 -> 241216.43 | F34: =F119-F82 -> 212376.91 | G34: =G119-G82 -> 241216.43 | I34: =+G36/G41 -> 0.11460772
C35: ICE Importaciones | D35: =D120 -> 22232.865 | F35: =F120-F83 -> 19332.198 | G35: =G120-G83 -> 22232.865
C36: (b) SUBTOTAL IMPORTACIONES | D36: =SUM(D34:D35) -> 263449.29 | F36: =SUM(F34:F35) -> 231709.11 | G36: =SUM(G34:G35) -> 263449.29
B38: DIRECTOS | D38: =D41-D39 -> 947958.79 | F38: =F41-F39 -> 813482.44 | G38: =G41-G39 -> 947958.79 | I38: =+G38/$G$41 -> 0.41238826
B39: INDIRECTOS | D39: =+D21+D22+D23+D36 -> 1350745.8 | F39: =+F21+F22+F23+F36 -> 1201627.2 | G39: =+G21+G22+G23+G36 -> 1350745.8 | I39: =+G39/$G$41 -> 0.58761174
A41: TOTALES | B41: (c=a+b) RECAUDACIÓN BRUTA (5) | D41: =+D32+D36 -> 2298704.6 | F41: =+F32+F36 -> 2015109.7 | G41: =+G32+G36 -> 2298704.6 | I41: =G41+G52-G130 -> 0
B42: (d) Notas de Crédito | F42: 148742.05 | G42: =G131 -> 413985.18 | I42: =F41+F52-F130 -> 0
B43: (e) Compensaciones | F43: 5460.1325 | G43: =G132 -> 7203.3787 | I43: =D41+G52-D130 -> 0
B44: (f=c-d-e) RECAUDACIÓN EN EFECTIVO (6) | D44: =+D41 -> 2298704.6 | F44: =+F41-F42-F43 -> 1860907.5 | G44: =G41-G42-G43 -> 1877516
B45: (g) Devoluciones (7) | F45: 40858.032 | G45: =G134 -> 17718.743
B46: (h=f-g) RECAUCIÓN NETA (SIN CONSIDERAR VALORES OCASIONALES PARA EFECTOS DE COMPARACIÓN INTERANUAL)(8) | D46: =+D44 -> 2298704.6 | F46: =+F44-F45 -> 1820049.5 | G46: =+G44-G45 -> 1859797.3
A48: (B) VALORES OCASIONALES (NO CONSIDERADOS PARA EFECTOS DE COMPARACIÓN INTERANUAL)
F50: =+F8 -> Recaudación 2025 | G50: =+G8 -> Recaudación 2026
A52: TOTAL VALORES OCASIONALES | F52: =+F55+F86 -> 630.19334 | G52: =+G55+G86 -> 70.46204
A55: TOTAL REMISIÓN | D55: =SUM(D58:D84) -> 0 | F55: =SUM(F67:F79)+F58+F84 -> 0 | G55: =SUM(G67:G79)+G58+G84 -> 0
A58: CLASIFICACIÓN | B58: INTERNOS | C58: Impuesto a la Renta Recaudado | F58: 0 | G58: 0
C59: Retenciones Mensuales | F59: 0 | G59: 0
C60: Anticipos al IR | F60: 0 | G60: 0
C61: Declaraciones de Impuesto a la Renta | F61: 0 | G61: 0
C62: Personas Naturales | F62: 0 | G62: 0
C63: Personas Jurídicas | F63: 0 | G63: 0
C64: Herencias, Legados y Donaciones | F64: 0 | G64: 0
C65: Microempresas | F65: 0 | G65: 0
C66: Regularización de Activos en el Exterior | F66: 0 | G66: 0
C67: IVA Operaciones Internas | F67: 0 | G67: 0
C68: ICE Operaciones Internas | F68: 0 | G68: 0
C69: Impuesto Redimible Botellas Plásticas no Retornable | F69: 0 | G69: 0
C70: Impuesto a los Vehículos Motorizados | F70: 0 | G70: 0
... C79: Otros Ingresos | F79: 0 | G79: 0
C80: (a) SUBTOTAL INTERNOS | F80: =SUM(F67:F79)+F58 -> 0 | G80: =SUM(G67:G79)+G58 -> 0
B82: IMPORTACIONES | C82: IVA Importaciones | F82: 0 | G82: 0
C83: ICE Importaciones | F83: 0 | G83: 0
C84: (b) SUBTOTAL IMPORTACIONES | F84: 0 | G84: 0
B86: OCASIONALES | C86: OTROS OCASIONALES | D86: =D88+D87 -> 70.46204 | F86: =F88+F87 -> 630.19334 | G86: =G88+G87 -> 70.46204
C87: Contribución Temporal de Seguridad | D87: =D123 -> 70.46204 | F87: =F123 -> 630.19334 | G87: =G123 -> 70.46204
C88: Tasa Servicio Aduanero (10) | D88: =D124 -> 0 | F88: =F124 -> 0 | G88: =G124 -> 0
A91: (C=A+B) TOTAL RECAUDADO (CONSIDERANDO VALORES OCASIONALES)
D93: =+D8 -> Meta 2026 (10) | F93: =+F8 -> Recaudación 2025 | G93: =+G8 -> Recaudación 2026 | I93: =+I8 -> Participación de la Recaudación 2026
A95: CLASIFICACIÓN | B95: INTERNOS | C95: Impuesto a la Renta Recaudado | D95: =D96+D97+D99+D98+D100 -> 755783.99 | F95: 615896.69 | G95: =G96+G97+G99+G98+G100 -> 755783.99 | I95: =+G117/G130 -> 0.88536514
C96: Retenciones Mensuales (2) | D96: 507762.84 | F96: 398642.18 | G96: 507762.84
C97: Autorretenciones | D97: 223982.22 | F97: 196092.66 | G97: 223982.22
C98: Utilidades no distribuidas(9) | D98: 1684 | F98: 0 | G98: 1684
C99: Anticipos al IR | D99: 8.04214 | F99: 25.58103 | G99: 8.04214
C100: Declaraciones de Impuesto a la Renta (3) | D100: =D101+D102+D103+D104+D105 -> 22346.885 | F100: 21136.271 | G100: =G101+G102+G103+G104+G105 -> 22346.885
C101: Personas Naturales | D101: 5429.6212 | F101: 5297.6633 | G101: 5429.6212
C102: Personas Jurídicas | D102: 15028.979 | F102: 11790.909 | G102: 15028.979
C103: Herencias, Legados y Donaciones | D103: 1839.5778 | F103: 3989.8481 | G103: 1839.5778
C104: Microempresas | D104: 48.70727 | F104: 57.84994 | G104: 48.70727
C105: Regularización de Activos en el Exterior | D105: 0 | F105: 0 | G105: 0
C106: IVA Operaciones Internas | D106: 1009190 | F106: 895270.58 | G106: 1009190
C107: ICE Operaciones Internas | D107: 74233.646 | F107: 70777.31 | G107: 74233.646
C108: Impuesto Redimible Botellas Plásticas no Retornables | D108: 3872.8801 | F108: 3870.2356 | G108: 3872.8801
C109: Impuesto a los Vehículos Motorizados | D109: 22542.466 | F109: 19913.834 | G109: 22542.466
C110: Impuesto a la Salida de Divisas | D110: 136589.31 | F110: 146844.34 | G110: 136589.31
C111: Impuesto Activos en el Exterior | D111: 3036.888 | F111: 1562.9903 | G111: 3036.888
C112: Regalías, patentes y utilidades de conservación minera | D112: 2165.9685 | F112: 709.76907 | G112: 2165.9685
... C116: Otros Ingresos(4) | D116: 1437.3674 | F116: 2005.2757 | G116: 1437.365
C117: (a) SUBTOTAL INTERNOS | D117: =+D95+D106+D107+SUM(D108:D116) -> 2035255.3 | F117: =+F95+F106+F107+SUM(F108:F116) -> 1783400.6 | G117: =+G95+G106+G107+SUM(G108:G116) -> 2035255.3
B119: IMPORTACIONES | C119: IVA Importaciones | D119: 241216.43 | F119: 212376.91 | G119: 241216.43 | I119: =+G121/G130 -> 0.11460421
C120: ICE Importaciones | D120: 22232.865 | F120: 19332.198 | G120: 22232.865
C121: (b) SUBTOTAL IMPORTACIONES | D121: =SUM(D119:D120) -> 263449.29 | F121: =SUM(F119:F120) -> 231709.11 | G121: =SUM(G119:G120) -> 263449.29
B123: OCASIONALES | C123: Contribución Temporal de Seguridad | D123: 70.46204 | F123: 630.19334 | G123: 70.46204 | I123: =+G125/$G$130 -> 3.0651995e-05
C124: Tasa Servicio Aduanero (10) | D124: 0 | F124: 0 | G124: 0
C125: (b) SUBTOTAL OCASIONALES | D125: =SUM(D123:D124) -> 70.46204 | F125: =SUM(F123:F124) -> 630.19334 | G125: =SUM(G123:G124) -> 70.46204
B127: DIRECTOS | D127: =D130-D128 -> 948029.25 | F127: =F130-F128 -> 814112.64 | G127: =G130-G128 -> 948029.25 | I127: =+G127/$G$130 -> 0.41240627
B128: INDIRECTOS | D128: =+D106+D107+D108+D121 -> 1350745.8 | F128: =+F106+F107+F108+F121 -> 1201627.2 | G128: =+G106+G107+G108+G121 -> 1350745.8 | I128: =+G128/$G$130 -> 0.58759373
A130: TOTALES | B130: (c=a+b) RECAUDACIÓN BRUTA (5) | D130: =+D117+D121+D125 -> 2298775 | F130: =+F117+F121+F125 -> 2015739.9 | G130: =+G117+G121+G125 -> 2298775 | I130: 2.9802322e-08
B131: (d) Notas de Crédito | F131: 301788.11 | G131: 413985.18 | I131: 9.778887e-08 | J131: =I131*1000 -> 9.778887e-05
B132: (e) Compensaciones | F132: 6065.2835 | G132: 7203.3787 | I132: 1.5599653e-08 | J132: =I132*1000 -> 1.5599653e-05
B133: (f=c-d-e) RECAUDACIÓN EN EFECTIVO (6) | F133: =+F130-F131-F132 -> 1707886.5 | G133: =+G130-G131-G132 -> 1877586.5
B134: (g) Devoluciones (7) | F134: 46006.875 | G134: 17718.743 | I134: =G134-'Recaudación abierta'!C69 -> -1.2732926e-10
B135: (h=f-g) RECAUCIÓN NETA (CONSIDERANDO VALORES OCASIONALES) (8) | F135: =+F133-F134 -> 1661879.6 | G135: =+G133-G134 -> 1859867.7
A136: Versión 2_Enero 2026 (actualizada 12/05/2026) | F136: 0
...

Sheet Feb 2026
A1: SERVICIO DE RENTAS INTERNAS
A2: RECAUDACIÓN NACIONAL(1)
A3: FEBRERO 2026
A4: -cifras en miles de dólares-
A6: (A) TOTAL RECAUDADO (SIN CONSIDERAR VALORES OCASIONALES PARA EFECTOS DE COMPARACIÓN INTERANUAL)
D8: Meta 2026 (11) | F8: Recaudación 2025 | G8: Recaudación 2026 | I8: Participación de la Recaudación 2026
A10: CLASIFICACIÓN | B10: INTERNOS | C10: Impuesto a la Renta Recaudado | D10: =D95 -> 423765.99 | F10: =F95-F58 -> 378883.58 | G10: =G95-G58 -> 423765.99 | I10: =+G32/G41 -> 0.83062699
C11: Retenciones Mensuales (2) | D11: =D96 -> 215291.89 | F11: =F96-F59 -> 195684.58 | G11: =G96-G59 -> 215291.89
C12: Autorretenciones | D12: =D97 -> 186463 | F12: =F97 -> 163850.84 | G12: =G97 -> 186463
C13: Utilidades no distribuidas(9) | D13: =D98 -> 1705.2692 | F13: =F98 -> 0 | G13: =G98 -> 1705.2692
C14: Anticipos al IR | D14: =D99 -> 32.5616 | F14: =F99-F60 -> 60.41808 | G14: =G99-G60 -> 32.5616
C15: Declaraciones de Impuesto a la Renta (3) | D15: =D100 -> 20273.274 | F15: =F100-F61 -> 19287.741 | G15: =G100-G61 -> 20273.274
C16: Personas Naturales | D16: =D101 -> 9316.6534 | F16: =F101-F62 -> 9562.2588 | G16: =G101-G62 -> 9316.6534
C17: Personas Jurídicas | D17: =D102 -> 9638.4632 | F17: =F102-F63 -> 8059.1954 | G17: =G102-G63 -> 9638.4632
C18: Herencias, Legados y Donaciones | D18: =D103 -> 1273.0759 | F18: =F103-F64 -> 1604.7676 | G18: =G103-G64 -> 1273.0759
C19: Microempresas | D19: =D104 -> 45.08123 | F19: =F104-F65 -> 61.51936 | G19: =G104-G65 -> 45.08123
C20: Regularización de Activos en el Exterior | D20: =D105 -> 0 | F20: =F105-F66 -> 0 | G20: =G105-G66 -> 0
C21: IVA Operaciones Internas | D21: =D106 -> 668175.51 | F21: =F106-F67 -> 570251.67 | G21: =G106-G67 -> 668175.51
C22: ICE Operaciones Internas | D22: =D107 -> 47660.356 | F22: =F107-F68 -> 40464.857 | G22: =G107-G68 -> 47660.356
C23: Impuesto Redimible Botellas Plásticas no Retornable | D23: =D108 -> 4143.5442 | F23: =F108-F69 -> 3830.5666 | G23: =G108-G69 -> 4143.5442
C24: Impuesto a los Vehículos Motorizados | D24: =D109 -> 18197.986 | F24: =F109-F70 -> 30227.229 | G24: =G109-G70 -> 18197.986
C25: Impuesto a la Salida de Divisas | D25: =D110 -> 108162.8 | F25: =F110-F71 -> 90747.415 | G25: =G110-G71 -> 108162.8
... C28: Contribución para la atención integral del cancer | D28: =D113 -> 20115.383 | F28: =F113-F74 -> 20740.511 | G28: =G113-G74 -> 20115.383
C29: Intereses por Mora Tributaria | D29: =D114 -> 2844.2517 | F29: =F114-F77 -> 4254.4653 | G29: =G114-G77 -> 2844.2517
C30: Multas Tributarias Fiscales | D30: =D115 -> 5301.5448 | F30: =F115-F78 -> 4391.3985 | G30: =G115-G78 -> 5301.5448
C31: Otros Ingresos(4) | D31: =D116 -> 1817.2706 | F31: =F116-F79 -> 2175.3783 | G31: =G116-G79 -> 1817.2667
C32: (a) SUBTOTAL INTERNOS | D32: =+D10+SUM(D21:D31) -> 1303941.7 | F32: =+F10+SUM(F21:F31) -> 1150818.8 | G32: =+G10+SUM(G21:G31) -> 1303941.7
B34: IMPORTACIONES | C34: IVA Importaciones | D34: =D119 -> 243626.3 | F34: =F119-F82 -> 194258.27 | G34: =G119-G82 -> 243626.3 | I34: =+G36/G41 -> 0.16937301
C35: ICE Importaciones | D35: =D120 -> 22260.247 | F35: =F120-F83 -> 15691.188 | G35: =G120-G83 -> 22260.247
C36: (b) SUBTOTAL IMPORTACIONES | D36: =SUM(D34:D35) -> 265886.54 | F36: =SUM(F34:F35) -> 209949.46 | G36: =SUM(G34:G35) -> 265886.54
B38: DIRECTOS | D38: =D41-D39 -> 583962.31 | F38: =F41-F39 -> 536271.7 | G38: =G41-G39 -> 583962.31 | I38: =+G38/$G$41 -> 0.37199121
B39: INDIRECTOS | D39: =+D21+D22+D23+D36 -> 985865.95 | F39: =+F21+F22+F23+F36 -> 824496.55 | G39: =+G21+G22+G23+G36 -> 985865.95 | I39: =+G39/$G$41 -> 0.62800879
A41: TOTALES | B41: (c=a+b) RECAUDACIÓN BRUTA (5) | D41: =+D36+D32 -> 1569828.3 | F41: =+F32+F36 -> 1360768.3 | G41: =+G32+G36 -> 1569828.3 | I41: =G41+G52-G130 -> 0
B42: (d) Notas de Crédito | F42: =F131 -> 194247.61 | G42: =G131 -> 319197.77 | I42: =F41+F52-F130 -> 0
B43: (e) Compensaciones | F43: =F132 -> 4445.4132 | G43: =G132 -> 4862.2833 | I43: =D41+G52-D130 -> 0
B44: (f=c-d-e) RECAUDACIÓN EN EFECTIVO (6) | F44: =+F41-F42-F43 -> 1162075.2 | G44: =+G41-G42-G43 -> 1245768.2
B45: (g) Devoluciones (7) | F45: =F134 -> 76846.387 | G45: =G134 -> 24432.39
B46: (h=f-g) RECAUCIÓN NETA (SIN CONSIDERAR VALORES OCASIONALES PARA EFECTOS DE COMPARACIÓN INTERANUAL)(8) | F46: =+F44-F45 -> 1085228.8 | G46: =+G44-G45 -> 1221335.8
A48: (B) VALORES OCASIONALES (NO CONSIDERADOS PARA EFECTOS DE COMPARACIÓN INTERANUAL)
F50: =+F8 -> Recaudación 2025 | G50: =+G8 -> Recaudación 2026
A52: TOTAL VALORES OCASIONALES | F52: =F55+F86 -> 9492.0955 | G52: =G55+G86 -> 18133.049
A55: TOTAL REMISIÓN | F55: =SUM(F67:F79)+F58+F84 -> 0 | G55: =SUM(G67:G79)+G58+G84 -> 0
A58: CLASIFICACIÓN | B58: INTERNOS | C58: Impuesto a la Renta Recaudado | F58: 0 | G58: 0
C59: Retenciones Mensuales | F59: 0 | G59: 0
C60: Anticipos al IR | F60: 0 | G60: 0
C61: Declaraciones de Impuesto a la Renta | F61: 0 | G61: 0
C62: Personas Naturales | F62: 0 | G62: 0
C63: Personas Jurídicas | F63: 0 | G63: 0
C64: Herencias, Legados y Donaciones | F64: 0 | G64: 0
C65: Microempresas | F65: 0 | G65: 0
C66: Regularización de Activos en el Exterior | F66: 0 | G66: 0
C67: IVA Operaciones Internas | F67: 0 | G67: 0
C68: ICE Operaciones Internas | F68: 0 | G68: 0
C69: Impuesto Redimible Botellas Plásticas no Retornable | F69: 0 | G69: 0
C70: Impuesto a los Vehículos Motorizados | F70: 0 | G70: 0
... C79: Otros Ingresos | F79: 0 | G79: 0
C80: (a) SUBTOTAL INTERNOS | F80: =SUM(F67:F79)+F58 -> 0 | G80: =SUM(G67:G79)+G58 -> 0
B82: IMPORTACIONES | C82: IVA Importaciones | F82: 0 | G82: 0
C83: ICE Importaciones | F83: 0 | G83: 0
C84: (b) SUBTOTAL IMPORTACIONES | F84: 0 | G84: 0
B86: OCASIONALES | C86: OTROS OCASIONALES | D86: =D88+D87 -> 18133.049 | F86: =F88+F87 -> 9492.0955 | G86: =G88+G87 -> 18133.049
C87: Contribución Temporal de Seguridad | D87: =D123 -> 57.56169 | F87: =F123 -> 9492.0955 | G87: =G123 -> 57.56169
C88: Tasa Servicio Aduanero (10) | D88: =D124 -> 18075.488 | F88: =F124 -> 0 | G88: =G124 -> 18075.488
A91: (C=A+B) TOTAL RECAUDADO (CONSIDERANDO VALORES OCASIONALES)
D93: =+D8 -> Meta 2026 (11) | F93: =+F8 -> Recaudación 2025 | G93: =+G8 -> Recaudación 2026 | I93: =+I8 -> Participación de la Recaudación 2026
A95: CLASIFICACIÓN | B95: INTERNOS | C95: Impuesto a la Renta Recaudado | D95: =D96+D97+D98+D99+D100 -> 423765.99 | F95: =F96+F97+F98+F99+F100 -> 378883.58 | G95: =G96+G97+G98+G99+G100 -> 423765.99 | I95: =+G117/G130 -> 0.82114199
C96: Retenciones Mensuales (2) | D96: 215291.89 | F96: 195684.58 | G96: 215291.89
C97: Autorretenciones | D97: 186463 | F97: 163850.84 | G97: 186463
C98: Utilidades no distribuidas(9) | D98: 1705.2692 | F98: 0 | G98: 1705.2692
C99: Anticipos al IR | D99: 32.5616 | F99: 60.41808 | G99: 32.5616
C100: Declaraciones de Impuesto a la Renta (3) | D100: =D101+D102+D103+D104+D105 -> 20273.274 | E100: =E101+E102+E103+E104+E105 -> 0 | F100: =F101+F102+F103+F104+F105 -> 19287.741 | G100: =G101+G102+G103+G104+G105 -> 20273.274
C101: Personas Naturales | D101: 9316.6534 | F101: 9562.2588 | G101: 9316.6534
C102: Personas Jurídicas | D102: 9638.4632 | F102: 8059.1954 | G102: 9638.4632
C103: Herencias, Legados y Donaciones | D103: 1273.0759 | F103: 1604.7676 | G103: 1273.0759
C104: Microempresas | D104: 45.08123 | F104: 61.51936 | G104: 45.08123
C105: Regularización de Activos en el Exterior | D105: 0 | F105: 0 | G105: 0
C106: IVA Operaciones Internas | D106: 668175.51 | F106: 570251.67 | G106: 668175.51
C107: ICE Operaciones Internas | D107: 47660.356 | F107: 40464.857 | G107: 47660.356
C108: Impuesto Redimible Botellas Plásticas no Retornables | D108: 4143.5442 | F108: 3830.5666 | G108: 4143.5442
C109: Impuesto a los Vehículos Motorizados | D109: 18197.986 | F109: 30227.229 | G109: 18197.986
C110: Impuesto a la Salida de Divisas | D110: 108162.8 | F110: 90747.415 | G110: 108162.8
C111: Impuesto Activos en el Exterior | D111: 2272.1111 | F111: 2662.8566 | G111: 2272.1111
C112: Regalías, patentes y utilidades de conservación minera | D112: 1484.9739 | F112: 2188.8682 | G112: 1484.9739
... C116: Otros Ingresos(4) | D116: 1817.2706 | F116: 2175.3783 | G116: 1817.2667
C117: (a) SUBTOTAL INTERNOS | D117: =+D95+D106+D107+SUM(D108:D116) -> 1303941.7 | F117: =+F95+F106+F107+SUM(F108:F116) -> 1150818.8 | G117: =+G95+G106+G107+SUM(G108:G116) -> 1303941.7
B119: IMPORTACIONES | C119: IVA Importaciones | D119: 243626.3 | F119: 194258.27 | G119: 243626.3 | I119: =+G121/G130 -> 0.16743893
C120: ICE Importaciones | D120: 22260.247 | F120: 15691.188 | G120: 22260.247
C121: (b) SUBTOTAL IMPORTACIONES | D121: =SUM(D119:D120) -> 265886.54 | F121: =SUM(F119:F120) -> 209949.46 | G121: =SUM(G119:G120) -> 265886.54
B123: OCASIONALES | C123: Contribución Temporal de Seguridad | D123: 57.56169 | F123: 9492.0955 | G123: 57.56169 | I123: =+G125/$G$130 -> 0.011419075
C124: Tasa Servicio Aduanero (10) | D124: 18075.488 | F124: 0 | G124: 18075.488
C125: (b) SUBTOTAL OCASIONALES | D125: =SUM(D123:D124) -> 18133.049 | F125: =SUM(F123:F124) -> 9492.0955 | G125: =SUM(G123:G124) -> 18133.049
B127: DIRECTOS | D127: =D130-D128 -> 602095.36 | F127: =F130-F128 -> 545763.8 | G127: =G130-G128 -> 602095.36 | I127: =+G127/$G$130 -> 0.37916248
B128: INDIRECTOS | D128: =+D106+D107+D108+D121 -> 985865.95 | F128: =+F106+F107+F108+F121 -> 824496.55 | G128: =+G106+G107+G108+G121 -> 985865.95 | I128: =+G128/$G$130 -> 0.62083752
A130: TOTALES | B130: (c=a+b) RECAUDACIÓN BRUTA (5) | D130: =+D117+D121+D125 -> 1587961.3 | F130: =+F117+F121+F125 -> 1370260.4 | G130: =+G117+G121+G125 -> 1587961.3 | I130: 5.9837475e-08
B131: (d) Notas de Crédito | F131: 194247.61 | G131: 319197.77 | I131: 1.5692785e-07
B132: (e) Compensaciones | F132: 4445.4132 | G132: 4862.2833 | I132: 7.6834112e-09
B133: (f=c-d-e) RECAUDACIÓN EN EFECTIVO (6) | F133: =+F130-F131-F132 -> 1171567.3 | G133: =+G130-G131-G132 -> 1263901.3
B134: (g) Devoluciones (7) | F134: 76846.387 | G134: 24432.39 | I134: =G134-'Recaudación abierta'!D69 -> -2.4738256e-10
B135: (h=f-g) RECAUCIÓN NETA (CONSIDERANDO VALORES OCASIONALES) (8) | F135: =+F133-F134 -> 1094720.9 | G135: =+G133-G134 -> 1239468.9
A136: Versión 4_Febrero 2026 (actualizada 14/08/2026) | F136: 0
...

Sheet Mar 2026
A1: SERVICIO DE RENTAS INTERNAS
A2: RECAUDACIÓN NACIONAL(1)
A3: MARZO 2026
A4: -cifras en miles de dólares-
A6: (A) TOTAL RECAUDADO (SIN CONSIDERAR VALORES OCASIONALES PARA EFECTOS DE COMPARACIÓN INTERANUAL)
D8: Meta 2026 (11) | F8: Recaudación 2025 | G8: Recaudación 2026 | I8: Participación de la Recaudación 2026
A10: CLASIFICACIÓN | B10: INTERNOS | C10: Impuesto a la Renta Recaudado | D10: =D11+D14+D15+D12+D13 -> 666522.01 | F10: =F11+F14+F15+F12+F13 -> 587059.19 | G10: =G11+G14+G15+G12+G13 -> 666522.01 | I10: =+G32/G41 -> 0.85725167
C11: Retenciones Mensuales (2) | D11: =D96-D59 -> 280296.6 | F11: =F96-F59 -> 252064.6 | G11: =G96-G59 -> 280296.6
C12: Autorretenciones | D12: =D97 -> 168913.63 | F12: =F97 -> 154797.41 | G12: =G97 -> 168913.63
C13: Utilidades no distribuidas(9) | D13: =D98 -> 680.22366 | F13: =F98 -> 0 | G13: =G98 -> 680.22366
C14: Anticipos al IR | D14: =D99-D60 -> 15.50237 | F14: =F99-F60 -> 45.88993 | G14: =G99-G60 -> 15.50237
C15: Declaraciones de Impuesto a la Renta (3) | D15: =SUM(D16:D20) -> 216616.05 | F15: =SUM(F16:F20) -> 180151.29 | G15: =SUM(G16:G20) -> 216616.05
C16: Personas Naturales | D16: =D101-D62 -> 179058.44 | F16: =F101-F62 -> 149963.66 | G16: =G101-G62 -> 179058.44
C17: Personas Jurídicas | D17: =D102-D63 -> 35228.998 | F17: =F102-F63 -> 28219.493 | G17: =G102-G63 -> 35228.998
C18: Herencias, Legados y Donaciones | D18: =D103-D64 -> 2287.376 | F18: =F103-F64 -> 1886.5748 | G18: =G103-G64 -> 2287.376
C19: Microempresas | D19: =D104-D65 -> 41.23764 | F19: =F104-F65 -> 81.55537 | G19: =G104-G65 -> 41.23764
C20: Regularización de Activos en el Exterior | D20: =D105-D66 -> 0 | F20: =F105-F66 -> 0 | G20: =G105-G66 -> 0
C21: IVA Operaciones Internas | D21: =D106-D67 -> 665012.24 | F21: =F106-F67 -> 591240.11 | G21: =G106-G67 -> 665012.24
C22: ICE Operaciones Internas | D22: =D107-D68 -> 37212.961 | F22: =F107-F68 -> 39171.992 | G22: =G107-G68 -> 37212.961
C23: Impuesto Redimible Botellas Plásticas no Retornable | D23: =D108-D69 -> 3739.6579 | F23: =F108-F69 -> 3645.1931 | G23: =G108-G69 -> 3739.6579
C24: Impuesto a los Vehículos Motorizados | D24: =D109-D70 -> 30626.807 | F24: =F109-F70 -> 26149.302 | G24: =G109-G70 -> 30626.807
C25: Impuesto a la Salida de Divisas | D25: =D110-D71 -> 100118.58 | F25: =F110-F71 -> 84116.905 | G25: =G110-G71 -> 100118.58
C26: Impuesto Activos en el Exterior | D26: =D111-D72 -> 2819.46 | F26: =F111-F72 -> 2333.7318 | G26: =G111-G72 -> 2819.46
C27: Regalías, patentes y utilidades de conservación minera | D27: =D112-D73 -> 137886.76 | F27: =F112-F73 -> 119106.9 | G27: =G112-G73 -> 137886.76
C28: Contribución para la atención integral del cancer | D28: =D113-D74 -> 25311.481 | F28: =F113-F74 -> 20252.494 | G28: =G113-G74 -> 25311.481
C29: Intereses por Mora Tributaria | D29: =D114-D77 -> 4470.4289 | F29: =F114-F77 -> 4175.5817 | G29: =G114-G77 -> 4470.4289
C30: Multas Tributarias Fiscales | D30: =D115-D78 -> 7290.3373 | F30: =F115-F78 -> 4798.6206 | G30: =G115-G78 -> 7290.3373
C31: Otros Ingresos(4) | D31: =D116-D79-D76-D75 -> 2397.8211 | F31: =F116-F79-F76-F75 -> 1668.8056 | G31: =G116-G79-G76-G75 -> 2397.8216
C32: (a) SUBTOTAL INTERNOS | D32: =+D10+SUM(D21:D31) -> 1683408.5 | F32: =+F10+SUM(F21:F31) -> 1483718.8 | G32: =+G10+SUM(G21:G31) -> 1683408.5
B34: IMPORTACIONES | C34: IVA Importaciones | D34: =D119 -> 260756.71 | F34: =F119-F82 -> 195569.56 | G34: =G119-G82 -> 260756.71 | I34: =+G36/G41 -> 0.14274833
C35: ICE Importaciones | D35: =D120 -> 19562.083 | F35: =F120-F83 -> 16409.116 | G35: =G120-G83 -> 19562.083
C36: (b) SUBTOTAL IMPORTACIONES | D36: =SUM(D34:D35) -> 280318.79 | F36: =SUM(F34:F35) -> 211978.68 | G36: =SUM(G34:G35) -> 280318.79
B38: DIRECTOS | D38: =D41-D39 -> 977443.69 | F38: =F41-F39 -> 849661.53 | G38: =G41-G39 -> 977443.69 | I38: =+G38/$G$41 -> 0.49774919
B39: INDIRECTOS | D39: =+D21+D22+D23+D36 -> 986283.64 | F39: =+F21+F22+F23+F36 -> 846035.97 | G39: =+G21+G22+G23+G36 -> 986283.64 | I39: =+G39/$G$41 -> 0.50225081
A41: TOTALES | B41: (c=a+b) RECAUDACIÓN BRUTA (5) | D41: =+D32+D36 -> 1963727.3 | F41: =+F32+F36 -> 1695697.5 | G41: =+G32+G36 -> 1963727.3 | I41: =G41+G52-G130 -> 0
B42: (d) Notas de Crédito | F42: =F131 -> 219210.66 | G42: =G131 -> 275382.91 | I42: =F41+F52-F130 -> 0
B43: (e) Compensaciones | F43: =F132 -> 4550.3843 | G43: =G132 -> 4571.8758 | I43: =D41+G52-D130 -> 0
B44: (f=c-d-e) RECAUDACIÓN EN EFECTIVO (6) | D44: =+D41 -> 1963727.3 | F44: =+F41-F42-F43 -> 1471936.5 | G44: =+G41-G42-G43 -> 1683772.5
B45: (g) Devoluciones (7) | F45: =F134 -> 35391.832 | G45: =G134 -> 56394.946
B46: (h=f-g) RECAUCIÓN NETA (SIN CONSIDERAR VALORES OCASIONALES PARA EFECTOS DE COMPARACIÓN INTERANUAL)(8) | D46: =+D44 -> 1963727.3 | F46: =+F44-F45 -> 1436544.6 | G46: =+G44-G45 -> 1627377.6
A48: (B) VALORES OCASIONALES (NO CONSIDERADOS PARA EFECTOS DE COMPARACIÓN INTERANUAL)
F50: =+F8 -> Recaudación 2025 | G50: =+G8 -> Recaudación 2026
A52: TOTAL VALORES OCASIONALES | F52: =+F55+F86 -> 303034.56 | G52: =G55+G86 -> 27978.15
A55: TOTAL REMISIÓN (10) | D55: =SUM(D58:D84) -> 0 | F55: =SUM(F67:F79)+F58+F84 -> 0 | G55: =SUM(G67:G79)+G58+G84 -> 0
A58: CLASIFICACIÓN | B58: INTERNOS | C58: Impuesto a la Renta Recaudado | F58: 0 | G58: 0
C59: Retenciones Mensuales | F59: 0 | G59: 0
C60: Anticipos al IR | F60: 0 | G60: 0
C61: Declaraciones de Impuesto a la Renta | F61: 0 | G61: 0
C62: Personas Naturales | F62: 0 | G62: 0
C63: Personas Jurídicas | F63: 0 | G63: 0
C64: Herencias, Legados y Donaciones | F64: 0 | G64: 0
C65: Microempresas | F65: 0 | G65: 0
C66: Regularización de Activos en el Exterior | F66: 0 | G66: 0
C67: IVA Operaciones Internas | F67: 0 | G67: 0
C68: ICE Operaciones Internas | F68: 0 | G68: 0
C69: Impuesto Redimible Botellas Plásticas no Retornable | F69: 0 | G69: 0
C70: Impuesto a los Vehículos Motorizados | F70: 0 | G70: 0
... C79: Otros Ingresos | F79: 0 | G79: 0
C80: (a) SUBTOTAL INTERNOS | F80: =SUM(F67:F79)+F58 -> 0 | G80: =SUM(G67:G79)+G58 -> 0
B82: IMPORTACIONES | C82: IVA Importaciones | F82: 0 | G82: 0
C83: ICE Importaciones | F83: 0 | G83: 0
C84: (b) SUBTOTAL IMPORTACIONES | F84: 0 | G84: 0
B86: OCASIONALES | C86: OTROS OCASIONALES | D86: =D88+D87 -> 27978.15 | F86: =F88+F87 -> 303034.56 | G86: =G88+G87 -> 27978.15
C87: Contribución Temporal de Seguridad | D87: =D123 -> 39.86967 | F87: =F123 -> 303034.56 | G87: =G123 -> 39.86967
C88: Tasa Servicio Aduanero (10) | D88: =D124 -> 27938.281 | F88: =F124 -> 0 | G88: =G124 -> 27938.281
A91: (C=A+B) TOTAL RECAUDADO (CONSIDERANDO VALORES OCASIONALES)
D93: =+D8 -> Meta 2026 (11) | F93: =+F8 -> Recaudación 2025 | G93: =+G8 -> Recaudación 2026 | I93: =+I8 -> Participación de la Recaudación 2026
A95: CLASIFICACIÓN | B95: INTERNOS | C95: Impuesto a la Renta Recaudado | D95: =D96+D98+D99+D100+D97 -> 666522.01 | F95: =F96+F98+F99+F100+F97 -> 587059.19 | G95: =G96+G98+G99+G100+G97 -> 666522.01 | I95: =+G117/G130 -> 0.84520957
C96: Retenciones Mensuales (2) | D96: 280296.6 | F96: 252064.6 | G96: 280296.6
C97: Autorretenciones | D97: 168913.63 | F97: 154797.41 | G97: 168913.63
C98: Utilidades no distribuidas(9) | D98: 680.22366 | F98: 0 | G98: 680.22366
C99: Anticipos al IR | D99: 15.50237 | F99: 45.88993 | G99: 15.50237
C100: Declaraciones de Impuesto a la Renta (3) | D100: 216616.05 | F100: =F101+F102+F103+F104+F105 -> 180151.29 | G100: =G101+G102+G103+G104+G105 -> 216616.05
C101: Personas Naturales | D101: 179058.44 | F101: 149963.66 | G101: 179058.44
C102: Personas Jurídicas | D102: 35228.998 | F102: 28219.493 | G102: 35228.998
C103: Herencias, Legados y Donaciones | D103: 2287.376 | F103: 1886.5748 | G103: 2287.376
C104: Microempresas | D104: 41.23764 | F104: 81.55537 | G104: 41.23764
C105: Regularización de Activos en el Exterior | D105: 0 | F105: 0 | G105: 0
C106: IVA Operaciones Internas | D106: 665012.24 | F106: 591240.11 | G106: 665012.24
C107: ICE Operaciones Internas | D107: 37212.961 | F107: 39171.992 | G107: 37212.961
C108: Impuesto Redimible Botellas Plásticas no Retornables | D108: 3739.6579 | F108: 3645.1931 | G108: 3739.6579
C109: Impuesto a los Vehículos Motorizados | D109: 30626.807 | F109: 26149.302 | G109: 30626.807
C110: Impuesto a la Salida de Divisas | D110: 100118.58 | F110: 84116.905 | G110: 100118.58
C111: Impuesto Activos en el Exterior | D111: 2819.46 | F111: 2333.7318 | G111: 2819.46
C112: Regalías, patentes y utilidades de conservación minera | D112: 137886.76 | F112: 119106.9 | G112: 137886.76
... C116: Otros Ingresos(4) | D116: 2397.8211 | F116: 1668.8056 | G116: 2397.8216
C117: (a) SUBTOTAL INTERNOS | D117: =+D95+D106+D107+SUM(D108:D116) -> 1683408.5 | F117: =+F95+F106+F107+SUM(F108:F116) -> 1483718.8 | G117: =+G95+G106+G107+SUM(G108:G116) -> 1683408.5
B119: IMPORTACIONES | C119: IVA Importaciones | D119: 260756.71 | F119: 195569.56 | G119: 260756.71 | I119: =+G121/G130 -> 0.14074309
C120: ICE Importaciones | D120: 19562.083 | F120: 16409.116 | G120: 19562.083
C121: (b) SUBTOTAL IMPORTACIONES | D121: =SUM(D119:D120) -> 280318.79 | F121: =SUM(F119:F120) -> 211978.68 | G121: =SUM(G119:G120) -> 280318.79
B123: OCASIONALES | C123: Contribución Temporal de Seguridad | D123: 39.86967 | F123: 303034.56 | G123: 39.86967 | I123: =+G125/G130 -> 0.014047333
C124: Tasa Servicio Aduanero (10) | D124: 27938.281 | F124: 0 | G124: 27938.281
C125: (c) SUBTOTAL OCASIONALES | D125: =SUM(D123:D124) -> 27978.15 | F125: =SUM(F123:F124) -> 303034.56 | G125: =SUM(G123:G124) -> 27978.15
B127: DIRECTOS | D127: =D130-D128 -> 1005421.8 | F127: =F130-F128 -> 1152696.1 | G127: =G130-G128 -> 1005421.8 | I127: =+G127/$G$130 -> 0.50480448
B128: INDIRECTOS | D128: =+D106+D107+D108+D121 -> 986283.64 | F128: =+F106+F107+F108+F121 -> 846035.97 | G128: =+G106+G107+G108+G121 -> 986283.64 | I128: =+G128/$G$130 -> 0.49519552
A130: TOTALES | B130: (d=a+b+c) RECAUDACIÓN BRUTA (5) | D130: =+D117+D121+D125 -> 1991705.5 | F130: =+F117+F121+F125 -> 1998732.1 | G130: =+G117+G121+G125 -> 1991705.5 | I130: 3.5623088e-08 | K130: -9.3132257e-10
B131: (e) Notas de Crédito | F131: 219210.66 | G131: 275382.91 | I131: 7.7066943e-08 | J131: =I131*1000 -> 7.7066943e-05
B132: (f) Compensaciones | F132: 4550.3843 | G132: 4571.8758 | I132: 0 | J132: =I132*1000 -> 0
B133: (g=d-e-f) RECAUDACIÓN EN EFECTIVO (6) | F133: =+F130-F131-F132 -> 1774971 | G133: =+G130-G131-G132 -> 1711750.7
B134: (h) Devoluciones (7) | F134: 35391.832 | G134: 56394.946 | I134: =G134-'Recaudación abierta'!E69 -> 0
...

Sheet Abr 2026
A1: SERVICIO DE RENTAS INTERNAS
A2: RECAUDACIÓN NACIONAL(1)
A3: ABRIL 2026
A4: -cifras en miles de dólares-
A6: (A) TOTAL RECAUDADO (SIN CONSIDERAR VALORES OCASIONALES PARA EFECTOS DE COMPARACIÓN INTERANUAL)
D8: Meta 2026 (11) | F8: Recaudación 2025 | G8: Recaudación 2026 | I8: Participación de la Recaudación 2026
A10: CLASIFICACIÓN | B10: INTERNOS | C10: Impuesto a la Renta Recaudado | D10: =D11+D14+D15+D12+D13 -> 1277266.7 | F10: =F11+F14+F15+F12+F13 -> 1026485.7 | G10: =G11+G14+G15+G12+G13 -> 1277266.7 | I10: =+G32/G41 -> 0.90084924
C11: Retenciones Mensuales (2) | D11: =D96-D59 -> 364119.13 | F11: =F96-F59 -> 278050.55 | G11: =G96-G59 -> 364119.13
C12: Autorretenciones | D12: =D97 -> 204255.13 | F12: =F97 -> 171904.66 | G12: =G97 -> 204255.13
C13: Utilidades no distribuidas(9) | D13: =D98 -> 4388.0688 | F13: =F98 -> 0 | G13: =G98 -> 4388.0688
C14: Anticipos al IR | D14: =D99-D60 -> 12.95021 | F14: =F99-F60 -> 21.15933 | G14: =G99-G60 -> 12.95021
C15: Declaraciones de Impuesto a la Renta (3) | D15: =SUM(D16:D20) -> 704491.42 | F15: =SUM(F16:F20) -> 576509.31 | G15: =SUM(G16:G20) -> 704491.42
C16: Personas Naturales | D16: =D101-D62 -> 21331.466 | F16: =F101-F62 -> 20022.775 | G16: =G101-G62 -> 21331.466
C17: Personas Jurídicas | D17: =D102-D63 -> 681177 | F17: =F102-F63 -> 554594.77 | G17: =G102-G63 -> 681177
C18: Herencias, Legados y Donaciones | D18: =D103-D64 -> 1932.1543 | F18: =F103-F64 -> 1804.9009 | G18: =G103-G64 -> 1932.1543
C19: Microempresas | D19: =D104-D65 -> 50.7955 | F19: =F104-F65 -> 86.86726 | G19: =G104-G65 -> 50.7955
C20: Regularización de Activos en el Exterior | D20: =D105-D66 -> 0 | F20: =F105-F66 -> 0 | G20: =G105-G66 -> 0
C21: IVA Operaciones Internas | D21: =D106-D67 -> 724730.64 | F21: =F106-F67 -> 682283.44 | G21: =G106-G67 -> 724730.64
C22: ICE Operaciones Internas | D22: =D107-D68 -> 42702.742 | F22: =F107-F68 -> 39877.139 | G22: =G107-G68 -> 42702.742
C23: Impuesto Redimible Botellas Plásticas no Retornable | D23: =D108-D69 -> 3688.2292 | F23: =F108-F69 -> 3234.5741 | G23: =G108-G69 -> 3688.2292
C24: Impuesto a los Vehículos Motorizados | D24: =D109-D70 -> 28476.442 | F24: =F109-F70 -> 26310.598 | G24: =G109-G70 -> 28476.442
C25: Impuesto a la Salida de Divisas | D25: =D110-D71 -> 127756.4 | F25: =F110-F71 -> 86944.067 | G25: =G110-G71 -> 127756.4
C26: Impuesto Activos en el Exterior | D26: =D111-D72 -> 2467.4077 | F26: =F111-F72 -> 2379.7397 | G26: =G111-G72 -> 2467.4077
C27: Regalías, patentes y utilidades de conservación minera | D27: =D112-D73 -> 270851.37 | F27: =F112-F73 -> 93786.125 | G27: =G112-G73 -> 270851.37
C28: Contribución para la atención integral del cancer | D28: =D113-D74 -> 22016.42 | F28: =F113-F74 -> 21080.212 | G28: =G113-G74 -> 22016.42
C29: Intereses por Mora Tributaria | D29: =D114-D77 -> 3924.5778 | F29: =F114-F77 -> 4903.1628 | G29: =G114-G77 -> 3924.5778
C30: Multas Tributarias Fiscales | D30: =D115-D78 -> 6626.65 | F30: =F115-F78 -> 4689.3651 | G30: =G115-G78 -> 6626.65
C31: Otros Ingresos(4) | D31: =D116-D79-D76-D75 -> 1532.486 | F31: =F116-F79-F76-F75 -> 1961.4701 | G31: =G116-G79-G76-G75 -> 1532.4871
C32: (a) SUBTOTAL INTERNOS | D32: =+D10+SUM(D21:D31) -> 2512040.1 | F32: =+F10+SUM(F21:F31) -> 1993935.6 | G32: =+G10+SUM(G21:G31) -> 2512040.1
B34: IMPORTACIONES | C34: IVA Importaciones | D34: =D119 -> 254854.9 | F34: =F119-F82 -> 207566.23 | G34: =G119-G82 -> 254854.9 | I34: =+G36/G41 -> 0.099150762
C35: ICE Importaciones | D35: =D120 -> 21629.416 | F35: =F120-F83 -> 18290.93 | G35: =G120-G83 -> 21629.416
C36: (b) SUBTOTAL IMPORTACIONES | D36: =SUM(D34:D35) -> 276484.32 | F36: =SUM(F34:F35) -> 225857.16 | G36: =SUM(G34:G35) -> 276484.32
B38: DIRECTOS | D38: =D41-D39 -> 1740918.5 | F38: =F41-F39 -> 1268540.4 | G38: =G41-G39 -> 1740918.5 | I38: =+G38/$G$41 -> 0.62431531
B39: INDIRECTOS | D39: =+D21+D22+D23+D36 -> 1047605.9 | F39: =+F21+F22+F23+F36 -> 951252.31 | G39: =+G21+G22+G23+G36 -> 1047605.9 | I39: =+G39/$G$41 -> 0.37568469
A41: TOTALES | B41: (c=a+b) RECAUDACIÓN BRUTA (5) | D41: =+D32+D36 -> 2788524.4 | F41: =+F32+F36 -> 2219792.7 | G41: =+G32+G36 -> 2788524.4 | I41: =G41+G52-G130 -> 0
B42: (d) Notas de Crédito | F42: =F131 -> 224932.3 | G42: =G131 -> 335040.24 | I42: =F41+F52-F130 -> 0
B43: (e) Compensaciones | F43: =F132 -> 6146.6754 | G43: =G132 -> 4647.801 | I43: =D41+G52-D130 -> 0
B44: (f=c-d-e) RECAUDACIÓN EN EFECTIVO (6) | D44: =+D41 -> 2788524.4 | F44: =+F41-F42-F43 -> 1988713.8 | G44: =+G41-G42-G43 -> 2448836.3
B45: (g) Devoluciones (7) | F45: =F134 -> 29970.463 | G45: =G134 -> 35951.745
B46: (h=f-g) RECAUCIÓN NETA (SIN CONSIDERAR VALORES OCASIONALES PARA EFECTOS DE COMPARACIÓN INTERANUAL)(8) | D46: =+D44 -> 2788524.4 | F46: =+F44-F45 -> 1958743.3 | G46: =+G44-G45 -> 2412884.6
A48: (B) VALORES OCASIONALES (NO CONSIDERADOS PARA EFECTOS DE COMPARACIÓN INTERANUAL)
F50: =+F8 -> Recaudación 2025 | G50: =+G8 -> Recaudación 2026
A52: TOTAL VALORES OCASIONALES | F52: =+F55+F86 -> 13543.268 | G52: =G55+G86 -> 75566.57
A55: TOTAL REMISIÓN (10) | D55: =SUM(D58:D84) -> 0 | F55: =SUM(F67:F79)+F58+F84 -> 0 | G55: =SUM(G67:G79)+G58+G84 -> 0
A58: CLASIFICACIÓN | B58: INTERNOS | C58: Impuesto a la Renta Recaudado | F58: 0 | G58: 0
C59: Retenciones Mensuales | F59: 0 | G59: 0
C60: Anticipos al IR | F60: 0 | G60: 0
C61: Declaraciones de Impuesto a la Renta | F61: 0 | G61: 0
C62: Personas Naturales | F62: 0 | G62: 0
C63: Personas Jurídicas | F63: 0 | G63: 0
C64: Herencias, Legados y Donaciones | F64: 0 | G64: 0
C65: Microempresas | F65: 0 | G65: 0
C66: Regularización de Activos en el Exterior | F66: 0 | G66: 0
C67: IVA Operaciones Internas | F67: 0 | G67: 0
C68: ICE Operaciones Internas | F68: 0 | G68: 0
C69: Impuesto Redimible Botellas Plásticas no Retornable | F69: 0 | G69: 0
C70: Impuesto a los Vehículos Motorizados | F70: 0 | G70: 0
... C79: Otros Ingresos | F79: 0 | G79: 0
C80: (a) SUBTOTAL INTERNOS | F80: =SUM(F67:F79)+F58 -> 0 | G80: =SUM(G67:G79)+G58 -> 0
B82: IMPORTACIONES | C82: IVA Importaciones | F82: 0 | G82: 0
C83: ICE Importaciones | F83: 0 | G83: 0
C84: (b) SUBTOTAL IMPORTACIONES | F84: 0 | G84: 0
B86: OCASIONALES | C86: OTROS OCASIONALES | D86: =D88+D87 -> 75566.57 | F86: =F88+F87 -> 13543.268 | G86: =G88+G87 -> 75566.57
C87: Contribución Temporal de Seguridad | D87: =D123 -> 36.77692 | F87: =F123 -> 13543.268 | G87: =G123 -> 36.77692
C88: Tasa Servicio Aduanero (10) | D88: =D124 -> 75529.793 | F88: =F124 -> 0 | G88: =G124 -> 75529.793
A91: (C=A+B) TOTAL RECAUDADO (CONSIDERANDO VALORES OCASIONALES)
D93: =+D8 -> Meta 2026 (11) | F93: =+F8 -> Recaudación 2025 | G93: =+G8 -> Recaudación 2026 | I93: =+I8 -> Participación de la Recaudación 2026
A95: CLASIFICACIÓN | B95: INTERNOS | C95: Impuesto a la Renta Recaudado | D95: =D96+D98+D99+D100+D97 -> 1277266.7 | F95: =F96+F98+F99+F100+F97 -> 1026485.7 | G95: =G96+G98+G99+G100+G97 -> 1277266.7 | I95: =+G117/G130 -> 0.87708111
C96: Retenciones Mensuales (2) | D96: 364119.13 | F96: 278050.55 | G96: 364119.13
C97: Autorretenciones | D97: 204255.13 | F97: 171904.66 | G97: 204255.13
C98: Utilidades no distribuidas(9) | D98: 4388.0688 | F98: 0 | G98: 4388.0688
C99: Anticipos al IR | D99: 12.95021 | F99: 21.15933 | G99: 12.95021
C100: Declaraciones de Impuesto a la Renta (3) | D100: 704491.42 | F100: =F101+F102+F103+F104+F105 -> 576509.31 | G100: =G101+G102+G103+G104+G105 -> 704491.42
C101: Personas Naturales | D101: 21331.466 | F101: 20022.775 | G101: 21331.466
C102: Personas Jurídicas | D102: 681177 | F102: 554594.77 | G102: 681177
C103: Herencias, Legados y Donaciones | D103: 1932.1543 | F103: 1804.9009 | G103: 1932.1543
C104: Microempresas | D104: 50.7955 | F104: 86.86726 | G104: 50.7955
C105: Regularización de Activos en el Exterior | D105: 0 | F105: 0 | G105: 0
C106: IVA Operaciones Internas | D106: 724730.64 | F106: 682283.44 | G106: 724730.64
C107: ICE Operaciones Internas | D107: 42702.742 | F107: 39877.139 | G107: 42702.742
C108: Impuesto Redimible Botellas Plásticas no Retornables | D108: 3688.2292 | F108: 3234.5741 | G108: 3688.2292
C109: Impuesto a los Vehículos Motorizados | D109: 28476.442 | F109: 26310.598 | G109: 28476.442
C110: Impuesto a la Salida de Divisas | D110: 127756.4 | F110: 86944.067 | G110: 127756.4
C111: Impuesto Activos en el Exterior | D111: 2467.4077 | F111: 2379.7397 | G111: 2467.4077
C112: Regalías, patentes y utilidades de conservación minera | D112: 270851.37 | F112: 93786.125 | G112: 270851.37
... C116: Otros Ingresos(4) | D116: 1532.486 | F116: 1961.4701 | G116: 1532.4871
C117: (a) SUBTOTAL INTERNOS | D117: =+D95+D106+D107+SUM(D108:D116) -> 2512040.1 | F117: =+F95+F106+F107+SUM(F108:F116) -> 1993935.6 | G117: =+G95+G106+G107+SUM(G108:G116) -> 2512040.1
B119: IMPORTACIONES | C119: IVA Importaciones | D119: 254854.9 | F119: 207566.23 | G119: 254854.9 | I119: =+G121/G130 -> 0.096534755
C120: ICE Importaciones | D120: 21629.416 | F120: 18290.93 | G120: 21629.416
C121: (b) SUBTOTAL IMPORTACIONES | D121: =SUM(D119:D120) -> 276484.32 | F121: =SUM(F119:F120) -> 225857.16 | G121: =SUM(G119:G120) -> 276484.32
B123: OCASIONALES | C123: Contribución Temporal de Seguridad | D123: 36.77692 | F123: 13543.268 | G123: 36.77692 | I123: =+G125/G130 -> 0.026384138
C124: Tasa Servicio Aduanero (10) | D124: 75529.793 | F124: 0 | G124: 75529.793
C125: (c) SUBTOTAL OCASIONALES | D125: =SUM(D123:D124) -> 75566.57 | F125: =SUM(F123:F124) -> 13543.268 | G125: =SUM(G123:G124) -> 75566.57
B127: DIRECTOS | D127: =D130-D128 -> 1816485 | F127: =F130-F128 -> 1282083.7 | G127: =G130-G128 -> 1816485 | I127: =+G127/$G$130 -> 0.63422742
B128: INDIRECTOS | D128: =+D106+D107+D108+D121 -> 1047605.9 | F128: =+F106+F107+F108+F121 -> 951252.31 | G128: =+G106+G107+G108+G121 -> 1047605.9 | I128: =+G128/$G$130 -> 0.36577258
A130: TOTALES | B130: (d=a+b+c) RECAUDACIÓN BRUTA (5) | D130: =+D117+D121+D125 -> 2864091 | F130: =+F117+F121+F125 -> 2233336 | G130: =+G117+G121+G125 -> 2864091
B131: (e) Notas de Crédito | F131: 224932.3 | G131: 335040.24
B132: (f) Compensaciones | F132: 6146.6754 | G132: 4647.801
B133: (g=d-e-f) RECAUDACIÓN EN EFECTIVO (6) | F133: =+F130-F131-F132 -> 2002257 | G133: =+G130-G131-G132 -> 2524402.9
B134: (h) Devoluciones (7) | F134: 29970.463 | G134: 35951.745 | I134: =G134-'Recaudación abierta'!F69 -> 0
...

Sheet May 2026
A1: SERVICIO DE RENTAS INTERNAS
A2: RECAUDACIÓN NACIONAL(1)
A3: MAYO 2026
A4: -cifras en miles de dólares-
A6: (A) TOTAL RECAUDADO (SIN CONSIDERAR VALORES OCASIONALES PARA EFECTOS DE COMPARACIÓN INTERANUAL)
D8: Meta 2026 (11) | F8: Recaudación 2025 | G8: Recaudación 2026 | I8: Participación de la Recaudación 2026
A10: CLASIFICACIÓN | B10: INTERNOS | C10: Impuesto a la Renta Recaudado | D10: =D11+D14+D15+D12+D13 -> 628916.63 | F10: =F11+F14+F15+F12+F13 -> 543784.2 | G10: =G11+G14+G15+G12+G13 -> 628916.63 | I10: =+G32/G41 -> 0.84429243
C11: Retenciones Mensuales (2) | D11: =D96-D59 -> 386585.43 | F11: =F96-F59 -> 321789.4 | G11: =G96-G59 -> 386585.43
C12: Autorretenciones | D12: =D97 -> 187297.76 | F12: =F97 -> 170818.78 | G12: =G97 -> 187297.76
C13: Utilidades no distribuidas(9) | D13: =D98 -> 4202.4928 | F13: =F98 -> 0 | G13: =G98 -> 4202.4928
C14: Anticipos al IR | D14: =D99-D60 -> 26.00038 | F14: =F99-F60 -> 82.08596 | G14: =G99-G60 -> 26.00038
C15: Declaraciones de Impuesto a la Renta (3) | D15: =SUM(D16:D20) -> 50804.949 | F15: =SUM(F16:F20) -> 51093.936 | G15: =SUM(G16:G20) -> 50804.949
C16: Personas Naturales | D16: =D101-D62 -> 13613.264 | F16: =F101-F62 -> 22810.612 | G16: =G101-G62 -> 13613.264
C17: Personas Jurídicas | D17: =D102-D63 -> 34569.485 | F17: =F102-F63 -> 26409.382 | G17: =G102-G63 -> 34569.485
C18: Herencias, Legados y Donaciones | D18: =D103-D64 -> 2572.8275 | F18: =F103-F64 -> 1803.4065 | G18: =G103-G64 -> 2572.8275
C19: Microempresas | D19: =D104-D65 -> 49.37298 | F19: =F104-F65 -> 70.5351 | G19: =G104-G65 -> 49.37298
C20: Regularización de Activos en el Exterior | D20: =D105-D66 -> 0 | F20: =F105-F66 -> 0 | G20: =G105-G66 -> 0
C21: IVA Operaciones Internas | D21: =D106-D67 -> 727783.2 | F21: =F106-F67 -> 655139.56 | G21: =G106-G67 -> 727783.2
C22: ICE Operaciones Internas | D22: =D107-D68 -> 45608.532 | F22: =F107-F68 -> 39735.324 | G22: =G107-G68 -> 45608.532
C23: Impuesto Redimible Botellas Plásticas no Retornable | D23: =D108-D69 -> 3912.6058 | F23: =F108-F69 -> 3444.9164 | G23: =G108-G69 -> 3912.6058
C24: Impuesto a los Vehículos Motorizados | D24: =D109-D70 -> 25305.978 | F24: =F109-F70 -> 23874.764 | G24: =G109-G70 -> 25305.978
C25: Impuesto a la Salida de Divisas | D25: =D110-D71 -> 112851.47 | F25: =F110-F71 -> 90508.484 | G25: =G110-G71 -> 112851.47
C26: Impuesto Activos en el Exterior | D26: =D111-D72 -> 2299.155 | F26: =F111-F72 -> 2404.8033 | G26: =G111-G72 -> 2299.155
C27: Regalías, patentes y utilidades de conservación minera | D27: =D112-D73 -> 44599.572 | F27: =F112-F73 -> 3076.2261 | G27: =G112-G73 -> 44599.572
C28: Contribución para la atención integral del cancer | D28: =D113-D74 -> 22015.704 | F28: =F113-F74 -> 19463.888 | G28: =G113-G74 -> 22015.704
C29: Intereses por Mora Tributaria | D29: =D114-D77 -> 3508.7186 | F29: =F114-F77 -> 4561.7974 | G29: =G114-G77 -> 3508.7186
C30: Multas Tributarias Fiscales | D30: =D115-D78 -> 5941.9537 | F30: =F115-F78 -> 4392.8256 | G30: =G115-G78 -> 5941.9537
C31: Otros Ingresos(4) | D31: =D116-D79-D76-D75 -> 1449.9172 | F31: =F116-F79-F76-F75 -> 1418.2478 | G31: =G116-G79-G76-G75 -> 1449.9188
C32: (a) SUBTOTAL INTERNOS | D32: =+D10+SUM(D21:D31) -> 1624193.4 | F32: =+F10+SUM(F21:F31) -> 1391805 | G32: =+G10+SUM(G21:G31) -> 1624193.4
B34: IMPORTACIONES | C34: IVA Importaciones | D34: =D119 -> 277670.23 | F34: =F119-F82 -> 227660.03 | G34: =G119-G82 -> 277670.23 | I34: =+G36/G41 -> 0.15570757
C35: ICE Importaciones | D35: =D120 -> 21869.598 | F35: =F120-F83 -> 18392.695 | G35: =G120-G83 -> 21869.598
C36: (b) SUBTOTAL IMPORTACIONES | D36: =SUM(D34:D35) -> 299539.83 | F36: =SUM(F34:F35) -> 246052.72 | G36: =SUM(G34:G35) -> 299539.83
B38: DIRECTOS | D38: =D41-D39 -> 846889.1 | F38: =F41-F39 -> 693485.24 | G38: =G41-G39 -> 846889.1 | I38: =+G38/$G$41 -> 0.44023208
B39: INDIRECTOS | D39: =+D21+D22+D23+D36 -> 1076844.2 | F39: =+F21+F22+F23+F36 -> 944372.53 | G39: =+G21+G22+G23+G36 -> 1076844.2 | I39: =+G39/$G$41 -> 0.55976792
A41: TOTALES | B41: (c=a+b) RECAUDACIÓN BRUTA (5) | D41: =+D32+D36 -> 1923733.3 | F41: =+F32+F36 -> 1637857.8 | G41: =+G32+G36 -> 1923733.3 | I41: =G41+G52-G130 -> 0
B42: (d) Notas de Crédito | F42: =F131 -> 154796.11 | G42: =G131 -> 224785.68 | I42: =F41+F52-F130 -> 0
B43: (e) Compensaciones | F43: =F132 -> 4814.0881 | G43: =G132 -> 4772.3898 | I43: =D41+G52-D130 -> 0
B44: (f=c-d-e) RECAUDACIÓN EN EFECTIVO (6) | D44: =+D41 -> 1923733.3 | F44: =+F41-F42-F43 -> 1478247.6 | G44: =+G41-G42-G43 -> 1694175.2
B45: (g) Devoluciones (7) | F45: =F134 -> 24428.353 | G45: =G134 -> 115910.42
B46: (h=f-g) RECAUCIÓN NETA (SIN CONSIDERAR VALORES OCASIONALES PARA EFECTOS DE COMPARACIÓN INTERANUAL)(8) | D46: =+D44 -> 1923733.3 | F46: =+F44-F45 -> 1453819.2 | G46: =+G44-G45 -> 1578264.8
A48: (B) VALORES OCASIONALES (NO CONSIDERADOS PARA EFECTOS DE COMPARACIÓN INTERANUAL)
F50: =+F8 -> Recaudación 2025 | G50: =+G8 -> Recaudación 2026
A52: TOTAL VALORES OCASIONALES | F52: =F55+F86 -> 1501.0147 | G52: =G55+G86 -> 27899.533
A55: TOTAL REMISIÓN (10) | D55: =SUM(D58:D84) -> 0 | F55: =F80+F84 -> 0 | G55: =G80+G84 -> 0
A58: CLASIFICACIÓN | B58: INTERNOS | C58: Impuesto a la Renta Recaudado | F58: 0 | G58: 0
C59: Retenciones Mensuales | F59: 0 | G59: 0
C60: Anticipos al IR | F60: 0 | G60: 0
C61: Declaraciones de Impuesto a la Renta | F61: 0 | G61: 0
C62: Personas Naturales | F62: 0 | G62: 0
C63: Personas Jurídicas | F63: 0 | G63: 0
C64: Herencias, Legados y Donaciones | F64: 0 | G64: 0
C65: Microempresas | F65: 0 | G65: 0
C66: Regularización de Activos en el Exterior | F66: 0 | G66: 0
C67: IVA Operaciones Internas | F67: 0 | G67: 0
C68: ICE Operaciones Internas | F68: 0 | G68: 0
C69: Impuesto Redimible Botellas Plásticas no Retornable | F69: 0 | G69: 0
C70: Impuesto a los Vehículos Motorizados | F70: 0 | G70: 0
... C79: Otros Ingresos | F79: 0 | G79: 0
C80: (a) SUBTOTAL INTERNOS | F80: =SUM(F67:F79)+F58 -> 0 | G80: =SUM(G67:G79)+G58 -> 0
B82: IMPORTACIONES | C82: IVA Importaciones | F82: 0 | G82: 0
C83: ICE Importaciones | F83: 0 | G83: 0
C84: (b) SUBTOTAL IMPORTACIONES | F84: 0 | G84: 0
B86: OCASIONALES | C86: OTROS OCASIONALES | D86: =D88+D87 -> 27899.533 | F86: =F88+F87 -> 1501.0147 | G86: =G88+G87 -> 27899.533
C87: Contribución Temporal de Seguridad | D87: =D123 -> 27.03434 | F87: =F123 -> 1501.0147 | G87: =G123 -> 27.03434
C88: Tasa Servicio Aduanero (10) | D88: =D124 -> 27872.498 | F88: =F124 -> 0 | G88: =G124 -> 27872.498
A91: (C=A+B) TOTAL RECAUDADO (CONSIDERANDO VALORES OCASIONALES)
D93: =+D8 -> Meta 2026 (11) | F93: =+F8 -> Recaudación 2025 | G93: =+G8 -> Recaudación 2026 | I93: =+I8 -> Participación de la Recaudación 2026
A95: CLASIFICACIÓN | B95: INTERNOS | C95: Impuesto a la Renta Recaudado | D95: =D96+D98+D99+D100+D97 -> 628916.63 | F95: =F96+F98+F99+F100+F97 -> 543784.2 | G95: =G96+G98+G99+G100+G97 -> 628916.63 | I95: =+G117/G130 -> 0.83222286
C96: Retenciones Mensuales (2) | D96: 386585.43 | F96: 321789.4 | G96: 386585.43
C97: Autorretenciones | D97: 187297.76 | F97: 170818.78 | G97: 187297.76
C98: Utilidades no distribuidas(9) | D98: 4202.4928 | F98: 0 | G98: 4202.4928
C99: Anticipos al IR | D99: 26.00038 | F99: 82.08596 | G99: 26.00038
C100: Declaraciones de Impuesto a la Renta (3) | D100: 50804.949 | F100: =F101+F102+F103+F104+F105 -> 51093.936 | G100: =G101+G102+G103+G104+G105 -> 50804.949
C101: Personas Naturales | D101: 13613.264 | F101: 22810.612 | G101: 13613.264
C102: Personas Jurídicas | D102: 34569.485 | F102: 26409.382 | G102: 34569.485
C103: Herencias, Legados y Donaciones | D103: 2572.8275 | F103: 1803.4065 | G103: 2572.8275
C104: Microempresas | D104: 49.37298 | F104: 70.5351 | G104: 49.37298
C105: Regularización de Activos en el Exterior | D105: 0 | F105: 0 | G105: 0
C106: IVA Operaciones Internas | D106: 727783.2 | F106: 655139.56 | G106: 727783.2
C107: ICE Operaciones Internas | D107: 45608.532 | F107: 39735.324 | G107: 45608.532
C108: Impuesto Redimible Botellas Plásticas no Retornables | D108: 3912.6058 | F108: 3444.9164 | G108: 3912.6058
C109: Impuesto a los Vehículos Motorizados | D109: 25305.978 | F109: 23874.764 | G109: 25305.978
C110: Impuesto a la Salida de Divisas | D110: 112851.47 | F110: 90508.484 | G110: 112851.47
C111: Impuesto Activos en el Exterior | D111: 2299.155 | F111: 2404.8033 | G111: 2299.155
C112: Regalías, patentes y utilidades de conservación minera | D112: 44599.572 | F112: 3076.2261 | G112: 44599.572
... C116: Otros Ingresos(4) | D116: 1449.9172 | F116: 1418.2478 | G116: 1449.9188
C117: (a) SUBTOTAL INTERNOS | D117: =+D95+D106+D107+SUM(D108:D116) -> 1624193.4 | F117: =+F95+F106+F107+SUM(F108:F116) -> 1391805 | G117: =+G95+G106+G107+SUM(G108:G116) -> 1624193.4
B119: IMPORTACIONES | C119: IVA Importaciones | D119: 277670.23 | F119: 227660.03 | G119: 277670.23 | I119: =+G121/G130 -> 0.15348165
C120: ICE Importaciones | D120: 21869.598 | F120: 18392.695 | G120: 21869.598
C121: (b) SUBTOTAL IMPORTACIONES | D121: =SUM(D119:D120) -> 299539.83 | F121: =SUM(F119:F120) -> 246052.72 | G121: =SUM(G119:G120) -> 299539.83
B123: OCASIONALES | C123: Contribución Temporal de Seguridad | D123: 27.03434 | F123: 1501.0147 | G123: 27.03434 | I123: =+G125/G130 -> 0.014295483
C124: Tasa Servicio Aduanero (10) | D124: 27872.498 | F124: 0 | G124: 27872.498
C125: (c) SUBTOTAL OCASIONALES | D125: =SUM(D123:D124) -> 27899.533 | F125: =SUM(F123:F124) -> 1501.0147 | G125: =SUM(G123:G124) -> 27899.533
B127: DIRECTOS | D127: =D130-D128 -> 874788.63 | F127: =F130-F128 -> 694986.25 | G127: =G130-G128 -> 874788.63 | I127: =+G127/$G$130 -> 0.44823423
B128: INDIRECTOS | D128: =+D106+D107+D108+D121 -> 1076844.2 | F128: =+F106+F107+F108+F121 -> 944372.53 | G128: =+G106+G107+G108+G121 -> 1076844.2 | I128: =+G128/$G$130 -> 0.55176577
A130: TOTALES | B130: (d=a+b+c) RECAUDACIÓN BRUTA (5) | D130: =+D117+D121+D125 -> 1951632.8 | F130: =+F117+F121+F125 -> 1639358.8 | G130: =+G117+G121+G125 -> 1951632.8
B131: (e) Notas de Crédito | F131: 154796.11 | G131: 224785.68 | I131: 6.0070306e-08
B132: (f) Compensaciones | F132: 4814.0881 | G132: 4772.3898 | I132: -3.4924597e-09
B133: (g=d-e-f) RECAUDACIÓN EN EFECTIVO (6) | F133: =+F130-F131-F132 -> 1479748.6 | G133: =+G130-G131-G132 -> 1722074.7
B134: (h) Devoluciones (7) | F134: 24428.353 | G134: 115910.42 | I134: =G134-'Recaudación abierta'!G69 -> 0
...

Sheet Jun 2026
A1: SERVICIO DE RENTAS INTERNAS
A2: RECAUDACIÓN NACIONAL(1)
A3: JUNIO 2026
A4: -cifras en miles de dólares-
A6: (A) TOTAL RECAUDADO (SIN CONSIDERAR VALORES OCASIONALES PARA EFECTOS DE COMPARACIÓN INTERANUAL)
D8: Meta 2026 (11) | F8: Recaudación 2025 | G8: Recaudación 2026 | I8: Participación de la Recaudación 2025
A10: CLASIFICACIÓN | B10: INTERNOS | C10: Impuesto a la Renta Recaudado | D10: =D11+D14+D15+D12+D13 -> 565344.44 | F10: =F11+F14+F15+F12+F13 -> 470663.23 | G10: =G11+G14+G15+G12+G13 -> 565344.44 | I10: =+G32/G41 -> 0.84499222
C11: Retenciones Mensuales (2) | D11: =D96-D59 -> 338425.89 | F11: =F96-F59 -> 255710.36 | G11: =G96-G59 -> 338425.89
C12: Autorretenciones | D12: =D97 -> 195943.27 | F12: =F97 -> 179540.12 | G12: =G97 -> 195943.27
C13: Utilidades no distribuidas(9) | D13: =D98 -> 1771.0391 | F13: =F98 -> 0 | G13: =G98 -> 1771.0391
C14: Anticipos al IR | D14: =D99-D60 -> 43.29532 | F14: =F99-F60 -> 26.2798 | G14: =G99-G60 -> 43.29532
C15: Declaraciones de Impuesto a la Renta (3) | D15: =SUM(D16:D20) -> 29160.949 | F15: =SUM(F16:F20) -> 35386.471 | G15: =SUM(G16:G20) -> 29160.949
C16: Personas Naturales | D16: =D101-D62 -> 9386.2651 | F16: =F101-F62 -> 10979.098 | G16: =G101-G62 -> 9386.2651
C17: Personas Jurídicas | D17: =D102-D63 -> 17547.145 | F17: =F102-F63 -> 22227.283 | G17: =G102-G63 -> 17547.145
C18: Herencias, Legados y Donaciones | D18: =D103-D64 -> 2181.9842 | F18: =F103-F64 -> 2082.2079 | G18: =G103-G64 -> 2181.9842
C19: Microempresas | D19: =D104-D65 -> 45.55467 | F19: =F104-F65 -> 97.6713 | G19: =G104-G65 -> 45.55467
C20: Regularización de Activos en el Exterior | D20: =D105-D66 -> 0 | F20: =F105-F66 -> 0.21114 | G20: =G105-G66 -> 0
C21: IVA Operaciones Internas | D21: =D106-D67 -> 783257.2 | F21: =F106-F67 -> 642146.61 | G21: =G106-G67 -> 783257.2
C22: ICE Operaciones Internas | D22: =D107-D68 -> 45580.9 | F22: =F107-F68 -> 42176.568 | G22: =G107-G68 -> 45580.9
C23: Impuesto Redimible Botellas Plásticas no Retornable | D23: =D108-D69 -> 4076.9335 | F23: =F108-F69 -> 3703.5504 | G23: =G108-G69 -> 4076.9335
C24: Impuesto a los Vehículos Motorizados | D24: =D109-D70 -> 24878.044 | F24: =F109-F70 -> 24270.85 | G24: =G109-G70 -> 24878.044
C25: Impuesto a la Salida de Divisas | D25: =D110-D71 -> 118941.7 | F25: =F110-F71 -> 115049.35 | G25: =G110-G71 -> 118941.7
C26: Impuesto Activos en el Exterior | D26: =D111-D72 -> 2093.9673 | F26: =F111-F72 -> 2515.012 | G26: =G111-G72 -> 2093.9673
C27: Regalías, patentes y utilidades de conservación minera | D27: =D112-D73 -> 11153.224 | F27: =F112-F73 -> 1056.2407 | G27: =G112-G73 -> 11153.224
C28: Contribución para la atención integral del cancer | D28: =D113-D74 -> 24776.872 | F28: =F113-F74 -> 22148.971 | G28: =G113-G74 -> 24776.872
C29: Intereses por Mora Tributaria | D29: =D114-D77 -> 3570.0214 | F29: =F114-F77 -> 5038.4054 | G29: =G114-G77 -> 3570.0214
C30: Multas Tributarias Fiscales | D30: =D115-D78 -> 6003.8261 | F30: =F115-F78 -> 4767.7109 | G30: =G115-G78 -> 6003.8261
C31: Otros Ingresos(4) | D31: =D116-D79-D76-D75 -> 1354.6327 | F31: =F116-F79-F76-F75 -> 2499.2315 | G31: =G116-G79-G76-G75 -> 1354.6344
C32: (a) SUBTOTAL INTERNOS | D32: =+D10+SUM(D21:D31) -> 1591031.8 | F32: =+F10+SUM(F21:F31) -> 1336035.7 | G32: =+G10+SUM(G21:G31) -> 1591031.8
B34: IMPORTACIONES | C34: IVA Importaciones | D34: =D119 -> 269456.73 | F34: =F119-F82 -> 237189.44 | G34: =G119-G82 -> 269456.73 | I34: =+G36/G41 -> 0.15500778
C35: ICE Importaciones | D35: =D120 -> 22406.669 | F35: =F120-F83 -> 23085.803 | G35: =G120-G83 -> 22406.669
C36: (b) SUBTOTAL IMPORTACIONES | D36: =SUM(D34:D35) -> 291863.4 | F36: =SUM(F34:F35) -> 260275.24 | G36: =SUM(G34:G35) -> 291863.4
B38: DIRECTOS | D38: =D41-D39 -> 758116.73 | F38: =F41-F39 -> 648009 | G38: =G41-G39 -> 758116.74 | I38: =+G38/$G$41 -> 0.40263353
B39: INDIRECTOS | D39: =+D21+D22+D23+D36 -> 1124778.4 | F39: =+F21+F22+F23+F36 -> 948301.97 | G39: =+G21+G22+G23+G36 -> 1124778.4 | I39: =+G39/$G$41 -> 0.59736647
A41: TOTALES | B41: (c=a+b) RECAUDACIÓN BRUTA (5) | D41: =+D32+D36 -> 1882895.2 | F41: =+F32+F36 -> 1596311 | G41: =+G32+G36 -> 1882895.2 | I41: =G41+G52-G130 -> 0
B42: (d) Notas de Crédito | F42: =F131 -> 172308.09 | G42: =G131 -> 220372.98 | I42: =F41+F52-F130 -> 0
B43: (e) Compensaciones | F43: =F132 -> 4958.8363 | G43: =G132 -> 4905.1917 | I43: =D41+G52-D130 -> 0
B44: (f=c-d-e) RECAUDACIÓN EN EFECTIVO (6) | D44: =+D41 -> 1882895.2 | F44: =+F41-F42-F43 -> 1419044 | G44: =+G41-G42-G43 -> 1657617
B45: (g) Devoluciones (7) | F45: =F134 -> 40473.659 | G45: =G134 -> 59067.712
B46: (h=f-g) RECAUCIÓN NETA (SIN CONSIDERAR VALORES OCASIONALES PARA EFECTOS DE COMPARACIÓN INTERANUAL)(8) | D46: =+D44 -> 1882895.2 | F46: =+F44-F45 -> 1378570.4 | G46: =+G44-G45 -> 1598549.3
A48: (B) VALORES OCASIONALES (NO CONSIDERADOS PARA EFECTOS DE COMPARACIÓN INTERANUAL)
F50: =+F8 -> Recaudación 2025 | G50: =+G8 -> Recaudación 2026
A52: TOTAL VALORES OCASIONALES | F52: =F55+F86 -> 2905.2088 | G52: =G55+G86 -> 689.66255
A55: TOTAL REMISIÓN (10) | D55: =SUM(D58:D84) -> 0 | F55: =SUM(F67:F79)+F58+F84 -> 2070.9698 | G55: =SUM(G67:G79)+G58+G84 -> 0
A58: CLASIFICACIÓN | B58: INTERNOS | C58: Impuesto a la Renta Recaudado | F58: 345.14452 | G58: 0
C59: Retenciones Mensuales | F59: 126.11611 | G59: 0
C60: Anticipos al IR | F60: 6.93752 | G60: 0
C61: Declaraciones de Impuesto a la Renta | F61: 212.09089 | G61: 0
C62: Personas Naturales | F62: 111.10837 | G62: 0
C63: Personas Jurídicas | F63: 90.60128 | G63: 0
C64: Herencias, Legados y Donaciones | F64: 6.79361 | G64: 0
C65: Microempresas | F65: 3.58763 | G65: 0
C66: Regularización de Activos en el Exterior | F66: 0 | G66: 0
C67: IVA Operaciones Internas | F67: 387.14404 | G67: 0
C68: ICE Operaciones Internas | F68: 92.60767 | G68: 0
C69: Impuesto Redimible Botellas Plásticas no Retornable | F69: 0.002 | G69: 0
C70: Impuesto a los Vehículos Motorizados | F70: 0 | G70: 0
... C79: Otros Ingresos | F79: 112.28427 | G79: 0
C80: (a) SUBTOTAL INTERNOS | F80: =SUM(F67:F79)+F58 -> 2070.9698 | G80: =SUM(G67:G79)+G58 -> 0
B82: IMPORTACIONES | C82: IVA Importaciones | F82: 0 | G82: 0
C83: ICE Importaciones | F83: 0 | G83: 0
C84: (b) SUBTOTAL IMPORTACIONES | F84: 0 | G84: 0
B86: OCASIONALES | C86: OTROS OCASIONALES | D86: =D88+D87 -> 689.66255 | F86: =F88+F87 -> 834.23897 | G86: =G88+G87 -> 689.66255
C87: Contribución Temporal de Seguridad | D87: =D123 -> 24.82213 | F87: =F123 -> 834.23897 | G87: =G123 -> 24.82213
C88: Tasa Servicio Aduanero (10) | D88: =D124 -> 664.84042 | F88: =F124 -> 0 | G88: =G124 -> 664.84042
A91: (C=A+B) TOTAL RECAUDADO (CONSIDERANDO VALORES OCASIONALES)
D93: =+D8 -> Meta 2026 (11) | F93: =+F8 -> Recaudación 2025 | G93: =+G8 -> Recaudación 2026 | I93: =+I8 -> Participación de la Recaudación 2025
A95: CLASIFICACIÓN | B95: INTERNOS | C95: Impuesto a la Renta Recaudado | D95: =D96+D98+D99+D100+D97 -> 565344.44 | F95: =F96+F98+F99+F100+F97 -> 471008.37 | G95: =G96+G98+G99+G100+G97 -> 565344.44 | I95: =+G117/G130 -> 0.84468283
C96: Retenciones Mensuales (2) | D96: 338425.89 | F96: 255836.47 | G96: 338425.89
C97: Autorretenciones | D97: 195943.27 | F97: 179540.12 | G97: 195943.27
C98: Utilidades no distribuidas(9) | D98: 1771.0391 | F98: 0 | G98: 1771.0391
C99: Anticipos al IR | D99: 43.29532 | F99: 33.21732 | G99: 43.29532
C100: Declaraciones de Impuesto a la Renta (3) | D100: 29160.949 | F100: =F101+F102+F103+F104+F105 -> 35598.562 | G100: =G101+G102+G103+G104+G105 -> 29160.949
C101: Personas Naturales | D101: 9386.2651 | F101: 11090.206 | G101: 9386.2651
C102: Personas Jurídicas | D102: 17547.145 | F102: 22317.885 | G102: 17547.145
C103: Herencias, Legados y Donaciones | D103: 2181.9842 | F103: 2089.0015 | G103: 2181.9842
C104: Microempresas | D104: 45.55467 | F104: 101.25893 | G104: 45.55467
C105: Regularización de Activos en el Exterior | D105: 0 | F105: 0.21114 | G105: 0
C106: IVA Operaciones Internas | D106: 783257.2 | F106: 642533.75 | G106: 783257.2
C107: ICE Operaciones Internas | D107: 45580.9 | F107: 42269.176 | G107: 45580.9
C108: Impuesto Redimible Botellas Plásticas no Retornables | D108: 4076.9335 | F108: 3703.5524 | G108: 4076.9335
C109: Impuesto a los Vehículos Motorizados | D109: 24878.044 | F109: 24270.85 | G109: 24878.044
C110: Impuesto a la Salida de Divisas | D110: 118941.7 | F110: 116178.33 | G110: 118941.7
C111: Impuesto Activos en el Exterior | D111: 2093.9673 | F111: 2515.012 | G111: 2093.9673
C112: Regalías, patentes y utilidades de conservación minera | D112: 11153.224 | F112: 1056.2407 | G112: 11153.224
... C116: Otros Ingresos(4) | D116: 1354.6327 | F116: 2616.3254 | G116: 1354.6344
C117: (a) SUBTOTAL INTERNOS | D117: =+D95+D106+D107+SUM(D108:D116) -> 1591031.8 | F117: =+F95+F106+F107+SUM(F108:F116) -> 1338106.7 | G117: =+G95+G106+G107+SUM(G108:G116) -> 1591031.8
B119: IMPORTACIONES | C119: IVA Importaciones | D119: 269456.73 | F119: 237189.44 | G119: 269456.73 | I119: =+G121/G130 -> 0.15495103
C120: ICE Importaciones | D120: 22406.669 | F120: 23085.803 | G120: 22406.669
C121: (b) SUBTOTAL IMPORTACIONES | D121: =SUM(D119:D120) -> 291863.4 | F121: =SUM(F119:F120) -> 260275.24 | G121: =SUM(G119:G120) -> 291863.4
B123: OCASIONALES | C123: Contribución Temporal de Seguridad | D123: 24.82213 | F123: 834.23897 | G123: 24.82213 | I123: =+G125/G128 -> 0.00061315413
C124: Tasa Servicio Aduanero (10) | D124: 664.84042 | F124: 0 | G124: 664.84042
C125: (c) SUBTOTAL OCASIONALES | D125: =SUM(D123:D124) -> 689.66255 | F125: =SUM(F123:F124) -> 834.23897 | G125: =SUM(G123:G124) -> 689.66255
B127: DIRECTOS | D127: =D130-D128 -> 758806.4 | F127: =F130-F128 -> 650434.45 | G127: =G130-G128 -> 758806.4 | I127: =+G127/$G$130 -> 0.40285225
B128: INDIRECTOS | D128: =+D106+D107+D108+D121 -> 1124778.4 | F128: =+F106+F107+F108+F121 -> 948781.73 | G128: =+G106+G107+G108+G121 -> 1124778.4 | I128: =+G128/$G$130 -> 0.59714775
A130: TOTALES | B130: (d=a+b+c) RECAUDACIÓN BRUTA (5) | D130: =+D117+D121+D125 -> 1883584.8 | F130: =+F117+F121+F125 -> 1599216.2 | G130: =+G117+G121+G125 -> 1883584.8
B131: (e) Notas de Crédito | F131: 172308.09 | G131: 220372.98
B132: (f) Compensaciones | F132: 4958.8363 | G132: 4905.1917
B133: (g=d-e-f) RECAUDACIÓN EN EFECTIVO (6) | F133: =+F130-F131-F132 -> 1421949.3 | G133: =+G130-G131-G132 -> 1658306.7
B134: (h) Devoluciones (7) | F134: 40473.659 | G134: 59067.712 | I134: =G134-'Recaudación abierta'!H69 -> 0
...

Sheet Jul 2026
A1: SERVICIO DE RENTAS INTERNAS
A2: RECAUDACIÓN NACIONAL(1)
A3: JUNIO 2026
A4: -cifras en miles de dólares-
A6: (A) TOTAL RECAUDADO (SIN CONSIDERAR VALORES OCASIONALES PARA EFECTOS DE COMPARACIÓN INTERANUAL)
D8: Meta 2026 (11) | F8: Recaudación 2025 | G8: Recaudación 2026 | I8: Participación de la Recaudación 2025
A10: CLASIFICACIÓN | B10: INTERNOS | C10: Impuesto a la Renta Recaudado | D10: =D11+D14+D15+D12+D13 -> 616325.56 | F10: =F11+F14+F15+F12+F13 -> 523264.71 | G10: =G11+G14+G15+G12+G13 -> 616325.43 | I10: =+G32/G41 -> 0.84029368
C11: Retenciones Mensuales (2) | D11: =D96-D59 -> 391918.78 | F11: =F96-F59 -> 324970.94 | G11: =G96-G59 -> 391917.25
C12: Autorretenciones | D12: =D97 -> 196867.06 | F12: =F97 -> 175441.12 | G12: =G97 -> 196867.05
C13: Utilidades no distribuidas(9) | D13: =D98 -> 1630.7803 | F13: =F98 -> 0 | G13: =G98 -> 1630.7803
C14: Anticipos al IR | D14: =D99-D60 -> 151.90181 | F14: =F99-F60 -> 73.33234 | G14: =G99-G60 -> 151.90181
C15: Declaraciones de Impuesto a la Renta (3) | D15: =SUM(D16:D20) -> 25757.047 | F15: =SUM(F16:F20) -> 22779.325 | G15: =SUM(G16:G20) -> 25758.449
C16: Personas Naturales | D16: =D101-D62 -> 7780.81 | F16: =F101-F62 -> 7193.4588 | G16: =G101-G62 -> 7782.2118
C17: Personas Jurídicas | D17: =D102-D63 -> 15275.703 | F17: =F102-F63 -> 14124.995 | G17: =G102-G63 -> 15275.703
C18: Herencias, Legados y Donaciones | D18: =D103-D64 -> 2656.3384 | F18: =F103-F64 -> 1440.7971 | G18: =G103-G64 -> 2656.3383
C19: Microempresas | D19: =D104-D65 -> 44.19602 | F19: =F104-F65 -> 20.07422 | G19: =G104-G65 -> 44.19602
C20: Regularización de Activos en el Exterior | D20: =D105-D66 -> 0 | F20: =F105-F66 -> 0 | G20: =G105-G66 -> 0
C21: IVA Operaciones Internas | D21: =D106-D67 -> 846570.94 | F21: =F106-F67 -> 681003.66 | G21: =G106-G67 -> 846578.31
C22: ICE Operaciones Internas | D22: =D107-D68 -> 18724.895 | F22: =F107-F68 -> 35055.258 | G22: =G107-G68 -> 18724.894
C23: Impuesto Redimible Botellas Plásticas no Retornable | D23: =D108-D69 -> 4420.1405 | F23: =F108-F69 -> 2718.3566 | G23: =G108-G69 -> 4420.1405
C24: Impuesto a los Vehículos Motorizados | D24: =D109-D70 -> 25192.274 | F24: =F109-F70 -> 21412.896 | G24: =G109-G70 -> 25192.274
C25: Impuesto a la Salida de Divisas | D25: =D110-D71 -> 124529.04 | F25: =F110-F71 -> 111595.15 | G25: =G110-G71 -> 124529.28
C26: Impuesto Activos en el Exterior | D26: =D111-D72 -> 2316.3435 | F26: =F111-F72 -> 2334.9127 | G26: =G111-G72 -> 2316.3435
C27: Regalías, patentes y utilidades de conservación minera | D27: =D112-D73 -> 8604.1351 | F27: =F112-F73 -> 1627.6361 | G27: =G112-G73 -> 8604.1351
C28: Contribución para la atención integral del cancer | D28: =D113-D74 -> 24170.838 | F28: =F113-F74 -> 21448.428 | G28: =G113-G74 -> 24170.838
C29: Intereses por Mora Tributaria | D29: =D114-D77 -> 4098.4676 | F29: =F114-F77 -> 3375.9043 | G29: =G114-G77 -> 4098.3739
C30: Multas Tributarias Fiscales | D30: =D115-D78 -> 6293.5141 | F30: =F115-F78 -> 6059.257 | G30: =G115-G78 -> 6293.5496
C31: Otros Ingresos(4) | D31: =D116-D79-D76-D75 -> 1549.792 | F31: =F116-F79-F76-F75 -> 1431.8947 | G31: =G116-G79-G76-G75 -> 1549.792
C32: (a) SUBTOTAL INTERNOS | D32: =+D10+SUM(D21:D31) -> 1682795.9 | F32: =+F10+SUM(F21:F31) -> 1411328.1 | G32: =+G10+SUM(G21:G31) -> 1682803.4
B34: IMPORTACIONES | C34: IVA Importaciones | D34: =D119 -> 292909.29 | F34: =F119-F82 -> 253750.85 | G34: =G119-G82 -> 292909.29 | I34: =+G36/G41 -> 0.15970632
C35: ICE Importaciones | D35: =D120 -> 26924.528 | F35: =F120-F83 -> 20448.776 | G35: =G120-G83 -> 26924.528
C36: (b) SUBTOTAL IMPORTACIONES | D36: =SUM(D34:D35) -> 319833.81 | F36: =SUM(F34:F35) -> 274199.63 | G36: =SUM(G34:G35) -> 319833.81
B38: DIRECTOS | D38: =D41-D39 -> 813079.96 | F38: =F41-F39 -> 692550.79 | G38: =G41-G39 -> 813080.01 | I38: =+G38/$G$41 -> 0.40600466
B39: INDIRECTOS | D39: =+D21+D22+D23+D36 -> 1189549.8 | F39: =+F21+F22+F23+F36 -> 992976.9 | G39: =+G21+G22+G23+G36 -> 1189557.2 | I39: =+G39/$G$41 -> 0.59399534
A41: TOTALES | B41: (c=a+b) RECAUDACIÓN BRUTA (5) | D41: =+D32+D36 -> 2002629.7 | F41: =+F32+F36 -> 1685527.7 | G41: =+G32+G36 -> 2002637.2 | I41: =G41+G52-G130 -> 0
B42: (d) Notas de Crédito | F42: =F131 -> 166586.57 | G42: =G131 -> 228904.42 | I42: =F41+F52-F130 -> 0
B43: (e) Compensaciones | F43: =F132 -> 4922.2993 | G43: =G132 -> 5088.6995 | I43: =D41+G52-D130 -> 0
B44: (f=c-d-e) RECAUDACIÓN EN EFECTIVO (6) | D44: =+D41 -> 2002629.7 | F44: =+F41-F42-F43 -> 1514018.8 | G44: =+G41-G42-G43 -> 1768644.1
B45: (g) Devoluciones (7) | F45: =F134 -> 24980.389 | G45: =G134 -> 74383.398
B46: (h=f-g) RECAUCIÓN NETA (SIN CONSIDERAR VALORES OCASIONALES PARA EFECTOS DE COMPARACIÓN INTERANUAL)(8) | D46: =+D44 -> 2002629.7 | F46: =+F44-F45 -> 1489038.4 | G46: =+G44-G45 -> 1694260.7
A48: (B) VALORES OCASIONALES (NO CONSIDERADOS PARA EFECTOS DE COMPARACIÓN INTERANUAL)
F50: =+F8 -> Recaudación 2025 | G50: =+G8 -> Recaudación 2026
A52: TOTAL VALORES OCASIONALES | F52: =F55+F86 -> 44009.408 | G52: =G55+G86 -> 92.47262
A55: TOTAL REMISIÓN (10) | D55: =SUM(D58:D84) -> 0 | F55: =SUM(F67:F79)+F58+F84 -> 43380.303 | G55: =SUM(G67:G79)+G58+G84 -> 0
A58: CLASIFICACIÓN | B58: INTERNOS | C58: Impuesto a la Renta Recaudado | F58: 35561.227 | G58: 0
C59: Retenciones Mensuales | F59: 4228.1814 | G59: 0
C60: Anticipos al IR | F60: 65.19118 | G60: 0
C61: Declaraciones de Impuesto a la Renta | F61: 31267.854 | G61: 0
C62: Personas Naturales | F62: 2019.9581 | G62: 0
C63: Personas Jurídicas | F63: 29019.004 | G63: 0
C64: Herencias, Legados y Donaciones | F64: 180.65414 | G64: 0
C65: Microempresas | F65: 48.23834 | G65: 0
C66: Regularización de Activos en el Exterior | F66: 0 | G66: 0
C67: IVA Operaciones Internas | F67: 4699.0458 | G67: 0
C68: ICE Operaciones Internas | F68: 27.0101 | G68: 0
C69: Impuesto Redimible Botellas Plásticas no Retornable | F69: 14.58718 | G69: 0
C70: Impuesto a los Vehículos Motorizados | F70: 1413.7147 | G70: 0
... C79: Otros Ingresos | F79: 815.86743 | G79: 0
C80: (a) SUBTOTAL INTERNOS | F80: =SUM(F67:F79)+F58 -> 43380.303 | G80: =SUM(G67:G79)+G58 -> 0
B82: IMPORTACIONES | C82: IVA Importaciones | F82: 0 | G82: 0
C83: ICE Importaciones | F83: 0 | G83: 0
C84: (b) SUBTOTAL IMPORTACIONES | F84: =F83+F82 -> 0 | G84: 0
B86: OCASIONALES | C86: OTROS OCASIONALES | D86: =D88+D87 -> 92.47262 | F86: =F88+F87 -> 629.10463 | G86: =G88+G87 -> 92.47262
C87: Contribución Temporal de Seguridad | D87: =D123 -> 48.90559 | F87: =F123 -> 629.10463 | G87: =G123 -> 48.90559
C88: Tasa Servicio Aduanero (10) | D88: =D124 -> 43.56703 | F88: =F124 -> 0 | G88: =G124 -> 43.56703
A91: (C=A+B) TOTAL RECAUDADO (CONSIDERANDO VALORES OCASIONALES)
D93: =+D8 -> Meta 2026 (11) | F93: =+F8 -> Recaudación 2025 | G93: =+G8 -> Recaudación 2026 | I93: =+I8 -> Participación de la Recaudación 2025
A95: CLASIFICACIÓN | B95: INTERNOS | C95: Impuesto a la Renta Recaudado | D95: =D96+D98+D99+D100+D97 -> 616325.56 | F95: =F96+F98+F99+F100+F97 -> 558825.94 | G95: =G96+G98+G99+G100+G97 -> 616325.43 | I95: =+G117/G130 -> 0.84025488
C96: Retenciones Mensuales (2) | D96: 391918.78 | F96: 329199.12 | G96: 391917.25
C97: Autorretenciones | D97: 196867.06 | F97: 175441.12 | G97: 196867.05
C98: Utilidades no distribuidas(9) | D98: 1630.7803 | F98: 0 | G98: 1630.7803
C99: Anticipos al IR | D99: 151.90181 | F99: 138.52352 | G99: 151.90181
C100: Declaraciones de Impuesto a la Renta (3) | D100: =D101+D102+D103+D104+D105 -> 25757.047 | F100: =F101+F102+F103+F104+F105 -> 54047.179 | G100: =G101+G102+G103+G104+G105 -> 25758.449
C101: Personas Naturales | D101: 7780.81 | F101: 9213.4168 | G101: 7782.2118
C102: Personas Jurídicas | D102: 15275.703 | F102: 43143.999 | G102: 15275.703
C103: Herencias, Legados y Donaciones | D103: 2656.3384 | F103: 1621.4512 | G103: 2656.3383
C104: Microempresas | D104: 44.19602 | F104: 68.31256 | G104: 44.19602
C105: Regularización de Activos en el Exterior | D105: 0 | F105: 0 | G105: 0
C106: IVA Operaciones Internas | D106: 846570.94 | F106: 685702.7 | G106: 846578.31
C107: ICE Operaciones Internas | D107: 18724.895 | F107: 35082.268 | G107: 18724.894
C108: Impuesto Redimible Botellas Plásticas no Retornables | D108: 4420.1405 | F108: 2732.9438 | G108: 4420.1405
C109: Impuesto a los Vehículos Motorizados | D109: 25192.274 | F109: 22826.611 | G109: 25192.274
C110: Impuesto a la Salida de Divisas | D110: 124529.04 | F110: 112326.26 | G110: 124529.28
C111: Impuesto Activos en el Exterior | D111: 2316.3435 | F111: 2334.9127 | G111: 2316.3435
C112: Regalías, patentes y utilidades de conservación minera | D112: 8604.1351 | F112: 1628.6486 | G112: 8604.1351
... C116: Otros Ingresos(4) | D116: 1549.792 | F116: 2364.2598 | G116: 1549.792
C117: (a) SUBTOTAL INTERNOS | D117: =+D95+D106+D107+SUM(D108:D116) -> 1682795.9 | F117: =+F95+F106+F107+SUM(F108:F116) -> 1454708.4 | G117: =+G95+G106+G107+SUM(G108:G116) -> 1682803.4
B119: IMPORTACIONES | C119: IVA Importaciones | D119: 292909.29 | F119: 253750.85 | G119: 292909.29 | I119: =+G121/G130 -> 0.15969895
C120: ICE Importaciones | D120: 26924.528 | F120: 20448.776 | G120: 26924.528
C121: (b) SUBTOTAL IMPORTACIONES | D121: =SUM(D119:D120) -> 319833.81 | F121: =SUM(F119:F120) -> 274199.63 | G121: =SUM(G119:G120) -> 319833.81
B123: OCASIONALES | C123: Contribución Temporal de Seguridad | D123: 48.90559 | F123: 629.10463 | G123: 48.90559 | I123: =+G125/G128 -> 7.7737013e-05
C124: Tasa Servicio Aduanero (10) | D124: 43.56703 | F124: 0 | G124: 43.56703
C125: (c) SUBTOTAL OCASIONALES | D125: =SUM(D123:D124) -> 92.47262 | F125: =SUM(F123:F124) -> 629.10463 | G125: =SUM(G123:G124) -> 92.47262
B127: DIRECTOS | D127: =D130-D128 -> 813172.44 | F127: =F130-F128 -> 731819.56 | G127: =G130-G128 -> 813172.49 | I127: =+G127/$G$130 -> 0.40603208
B128: INDIRECTOS | D128: =+D106+D107+D108+D121 -> 1189549.8 | F128: =+F106+F107+F108+F121 -> 997717.54 | G128: =+G106+G107+G108+G121 -> 1189557.2 | I128: =+G128/$G$130 -> 0.59396792
A130: TOTALES | B130: (d=a+b+c) RECAUDACIÓN BRUTA (5) | D130: =+D117+D121+D125 -> 2002722.2 | F130: =+F117+F121+F125 -> 1729537.1 | G130: =+G117+G121+G125 -> 2002729.6 | I130: 2.2118911e-08
B131: (e) Notas de Crédito | F131: 166586.57 | G131: 228904.42
B132: (f) Compensaciones | F132: 4922.2993 | G132: 5088.6995
B133: (g=d-e-f) RECAUDACIÓN EN EFECTIVO (6) | F133: =+F130-F131-F132 -> 1558028.2 | G133: =+G130-G131-G132 -> 1768736.5
B134: (h) Devoluciones (7) | F134: 24980.389 | G134: 74383.398 | I134: =G134-'Recaudación abierta'!I69 -> 0
...

Sheet Ago 2026
A1: SERVICIO DE RENTAS INTERNAS
A2: RECAUDACIÓN NACIONAL(1)
A3: AGOSTO 2026
A4: -cifras en miles de dólares-
A6: (A) TOTAL RECAUDADO (SIN CONSIDERAR VALORES OCASIONALES PARA EFECTOS DE COMPARACIÓN INTERANUAL)
D8: Meta 2026 (11) | F8: Recaudación 2025 | G8: Recaudación 2026 | I8: Participación de la Recaudación 2026
A10: CLASIFICACIÓN | B10: INTERNOS | C10: Impuesto a la Renta Recaudado | D10: =D11+D14+D15+D12+D13 -> 613910.93 | F10: =F11+F14+F15+F12+F13 -> 542213.42 | G10: =G11+G14+G15+G12+G13 -> 750080.38 | I10: =+G32/G41 -> 0.85062712
C11: Retenciones Mensuales (2) | D11: =D96-D59 -> 392359.72 | F11: =F96-F59 -> 344149.99 | G11: =G96-G59 -> 450085.57
C12: Autorretenciones | D12: =D97 -> 203483.72 | F12: =F97 -> 177394.61 | G12: =G97 -> 207563.87
C13: Utilidades no distribuidas(9) | D13: =D98 -> 0 | F13: =F98 -> 0 | G13: =G98 -> 69672.032
C14: Anticipos al IR | D14: =D99-D60 -> 9.87765 | F14: =F99-F60 -> 43.05316 | G14: =G99-G60 -> 41.50356
C15: Declaraciones de Impuesto a la Renta (3) | D15: =SUM(D16:D20) -> 18057.617 | F15: =SUM(F16:F20) -> 20625.762 | G15: =SUM(G16:G20) -> 22717.41
C16: Personas Naturales | D16: =D101-D62 -> 7080.6853 | F16: =F101-F62 -> 4636.4115 | G16: =G101-G62 -> 7100.4861
C17: Personas Jurídicas | D17: =D102-D63 -> 9655.8547 | F17: =F102-F63 -> 11399.043 | G17: =G102-G63 -> 13519.228
C18: Herencias, Legados y Donaciones | D18: =D103-D64 -> 1317.9634 | F18: =F103-F64 -> 4583.5003 | G18: =G103-G64 -> 2054.9815
C19: Microempresas | D19: =D104-D65 -> 3.11339 | F19: =F104-F65 -> 6.80754 | G19: =G104-G65 -> 42.71456
C20: Regularización de Activos en el Exterior | D20: =D105-D66 -> 0 | F20: =F105-F66 -> 0 | G20: =G105-G66 -> 0
C21: IVA Operaciones Internas | D21: =D106-D67 -> 701221.44 | F21: =F106-F67 -> 709685.84 | G21: =G106-G67 -> 807509.85
C22: ICE Operaciones Internas | D22: =D107-D68 -> 42373.843 | F22: =F107-F68 -> 39374.035 | G22: =G107-G68 -> 30162.839
C23: Impuesto Redimible Botellas Plásticas no Retornable | D23: =D108-D69 -> 3723.4353 | F23: =F108-F69 -> 3561.442 | G23: =G108-G69 -> 4109.258
C24: Impuesto a los Vehículos Motorizados | D24: =D109-D70 -> 22890.537 | F24: =F109-F70 -> 18630.602 | G24: =G109-G70 -> 21993.108
C25: Impuesto a la Salida de Divisas | D25: =D110-D71 -> 117523.1 | F25: =F110-F71 -> 111086.22 | G25: =G110-G71 -> 130787.44
C26: Impuesto Activos en el Exterior | D26: =D111-D72 -> 2392.9597 | F26: =F111-F72 -> 2471.3916 | G26: =G111-G72 -> 1875.3189
C27: Regalías, patentes y utilidades de conservación minera | D27: =D112-D73 -> 3006.3476 | F27: =F112-F73 -> 2033.2157 | G27: =G112-G73 -> 10534.914
... C30: Multas Tributarias Fiscales | D30: =D115-D76 -> 5211.7511 | F30: =F115-F76 -> 4143.0749 | G30: =G115-G76 -> 6358.54
C31: Otros Ingresos(4) | D31: =D116-D77 -> 1415.6243 | F31: =F116-F79 -> 1352.3929 | G31: =G116-G79 -> 1401.9468
C32: (a) SUBTOTAL INTERNOS | D32: =+D10+SUM(D21:D31) -> 1534010.7 | F32: =+F10+SUM(F21:F31) -> 1456001.1 | G32: =+G10+SUM(G21:G31) -> 1789772.7
B34: IMPORTACIONES | C34: IVA Importaciones | D34: =D119 -> 280090.82 | F34: =F119-F82 -> 233430.52 | G34: =G119-G82 -> 287475.27 | I34: =+G36/G41 -> 0.14937288
C35: ICE Importaciones | D35: =D120 -> 25466.998 | F35: =F120-F83 -> 21708.597 | G35: =G120-G83 -> 26814.625
C36: (b) SUBTOTAL IMPORTACIONES | D36: =SUM(D34:D35) -> 305557.82 | F36: =SUM(F34:F35) -> 255139.11 | G36: =SUM(G34:G35) -> 314289.9
B38: DIRECTOS | D38: =D41-D39 -> 786692.03 | F38: =F41-F39 -> 703379.77 | G38: =G41-G39 -> 947990.77 | I38: =+G38/$G$41 -> 0.45055254
B39: INDIRECTOS | D39: =+D21+D22+D23+D36 -> 1052876.5 | F39: =+F21+F22+F23+F36 -> 1007760.4 | G39: =+G21+G22+G23+G36 -> 1156071.9 | I39: =+G39/$G$41 -> 0.54944746
A41: TOTALES | B41: (c=a+b) RECAUDACIÓN BRUTA (5) | D41: =+D32+D36 -> 1839568.6 | F41: =+F32+F36 -> 1711140.2 | G41: =+G32+G36 -> 2104062.6 | I41: =G41+G52-G130 -> 0
B42: (d) Notas de Crédito | F42: =F131 -> 161385.29 | G42: =G131 -> 213651.24 | I42: =F41+F52-F130 -> 0
B43: (e) Compensaciones | F43: =F132 -> 4247.3586 | G43: =G132 -> 5315.6281 | I43: -3.4924597e-09
B44: (f=c-d-e) RECAUDACIÓN EN EFECTIVO (6) | D44: =+D41 -> 1839568.6 | F44: =+F41-F42-F43 -> 1545507.6 | G44: =+G41-G42-G43 -> 1885095.7
B45: (g) Devoluciones (7) | F45: =F134 -> 33862.544 | G45: =G134 -> 92501.207
B46: (h=f-g) RECAUCIÓN NETA (SIN CONSIDERAR VALORES OCASIONALES PARA EFECTOS DE COMPARACIÓN INTERANUAL)(8) | D46: =+D44 -> 1839568.6 | F46: =+F44-F45 -> 1511645 | G46: =+G44-G45 -> 1792594.5
A48: (B) VALORES OCASIONALES (NO CONSIDERADOS PARA EFECTOS DE COMPARACIÓN INTERANUAL)
F50: =+F8 -> Recaudación 2025 | G50: =+G8 -> Recaudación 2026
A52: TOTAL VALORES OCASIONALES | F52: =F55+F86 -> 16624.072 | G52: =G55+G86 -> 76.79846
A55: TOTAL REMISIÓN (10) | D55: =SUM(D58:D84) -> 0 | F55: =F80+F84 -> 16320.001 | G55: =SUM(G67:G79)+G58+G84 -> 0
A58: CLASIFICACIÓN | B58: INTERNOS | C58: Impuesto a la Renta Recaudado | F58: 9241.5173 | G58: 0
C59: Retenciones Mensuales | F59: 4168.5291 | G59: 0
C60: Anticipos al IR | F60: 37.21589 | G60: 0
C61: Declaraciones de Impuesto a la Renta | F61: 5035.7722 | G61: 0
C62: Personas Naturales | F62: 2162.6482 | G62: 0
C63: Personas Jurídicas | F63: 2616.3311 | G63: 0
C64: Herencias, Legados y Donaciones | F64: 191.23372 | G64: 0
C65: Microempresas | F65: 65.55923 | G65: 0
C66: Regularización de Activos en el Exterior | F66: 0 | G66: 0
C67: IVA Operaciones Internas | F67: 3596.8581 | G67: 0
C68: ICE Operaciones Internas | F68: 1204.7106 | G68: 0
C69: Impuesto Redimible Botellas Plásticas no Retornable | F69: 0.18419 | G69: 0
C70: Impuesto a los Vehículos Motorizados | F70: 1439.9325 | G70: 0
... C79: Otros Ingresos | F79: 276.98467 | G79: 0
C80: (a) SUBTOTAL INTERNOS | F80: =SUM(F67:F79)+F58 -> 16226.73 | G80: =SUM(G67:G79)+G58 -> 0
B82: IMPORTACIONES | C82: IVA Importaciones | F82: 0 | G82: 0
C83: ICE Importaciones | F83: 93.27094 | G83: 0
C84: (b) SUBTOTAL IMPORTACIONES | F84: =SUM(F82:F83) -> 93.27094 | G84: =SUM(G82:G83) -> 0
B86: OCASIONALES | C86: OTROS OCASIONALES | D86: =D88+D87 -> 0 | F86: =F88+F87 -> 304.07149 | G86: =G88+G87 -> 76.79846
C87: Contribución Temporal de Seguridad | D87: =D123 -> 0 | F87: =F123 -> 304.07149 | G87: =G123 -> 3.70981
C88: Tasa Servicio Aduanero (10) | D88: =D124 -> 0 | F88: =F124 -> 0 | G88: =G124 -> 73.08865
A91: (C=A+B) TOTAL RECAUDADO (CONSIDERANDO VALORES OCASIONALES)
D93: =+D8 -> Meta 2026 (11) | F93: =+F8 -> Recaudación 2025 | G93: =+G8 -> Recaudación 2026 | I93: =+I8 -> Participación de la Recaudación 2026
A95: CLASIFICACIÓN | B95: INTERNOS | C95: Impuesto a la Renta Recaudado | D95: =D96+D97+D98+D99+D100 -> 613910.93 | F95: =F96+F97+F98+F99+F100 -> 551454.94 | G95: =G96+G97+G98+G99+G100 -> 750080.38 | I95: =+G117/G130 -> 0.85059607
C96: Retenciones Mensuales (2) | D96: 392359.72 | F96: 348318.52 | G96: 450085.57
C97: Autorretenciones | D97: 203483.72 | F97: 177394.61 | G97: 207563.87
C98: Utilidades no distribuidas(9) | D98: 0 | F98: 0 | G98: 69672.032
C99: Anticipos al IR | D99: 9.87765 | F99: 80.26905 | G99: 41.50356
C100: Declaraciones de Impuesto a la Renta (3) | D100: =D101+D102+D103+D104+D105 -> 18057.617 | F100: =F101+F102+F103+F104+F105 -> 25661.535 | G100: =G101+G102+G103+G104+G105 -> 22717.41
C101: Personas Naturales | D101: 7080.6853 | F101: 6799.0597 | G101: 7100.4861
C102: Personas Jurídicas | D102: 9655.8547 | F102: 14015.374 | G102: 13519.228
C103: Herencias, Legados y Donaciones | D103: 1317.9634 | F103: 4774.7341 | G103: 2054.9815
C104: Microempresas | D104: 3.11339 | F104: 72.36677 | G104: 42.71456
C105: Regularización de Activos en el Exterior | D105: 0 | F105: 0 | G105: 0
C106: IVA Operaciones Internas | D106: 701221.44 | F106: 713282.7 | G106: 807509.85
C107: ICE Operaciones Internas | D107: 42373.843 | F107: 40578.746 | G107: 30162.839
C108: Impuesto Redimible Botellas Plásticas no Retornables | D108: 3723.4353 | F108: 3561.6262 | G108: 4109.258
C109: Impuesto a los Vehículos Motorizados | D109: 22890.537 | F109: 20070.534 | G109: 21993.108
C110: Impuesto a la Salida de Divisas | D110: 117523.1 | F110: 111317.24 | G110: 130787.44
C111: Impuesto Activos en el Exterior | D111: 2392.9597 | F111: 2473.0767 | G111: 1875.3189
C112: Regalías, patentes y utilidades de conservación minera | D112: 3006.3476 | F112: 2056.0209 | G112: 10534.914
... C116: Otros Ingresos(4) | D116: 1415.6243 | F116: 1629.3775 | G116: 1401.9468
C117: (a) SUBTOTAL INTERNOS | D117: =+D95+D106+D107+SUM(D108:D116) -> 1534010.7 | F117: =+F95+F106+F107+SUM(F108:F116) -> 1472227.8 | G117: =+G95+G106+G107+SUM(G108:G116) -> 1789772.7
B119: IMPORTACIONES | C119: IVA Importaciones | D119: 280090.82 | F119: 233430.52 | G119: 287475.27 | I119: =+G121/G130 -> 0.14936743
C120: ICE Importaciones | D120: 25466.998 | F120: 21801.868 | G120: 26814.625
C121: (b) SUBTOTAL IMPORTACIONES | D121: =SUM(D119:D120) -> 305557.82 | F121: =SUM(F119:F120) -> 255232.38 | G121: =SUM(G119:G120) -> 314289.9
B123: OCASIONALES | C123: Contribución Temporal de Seguridad | D123: 0 | F123: 304.07149 | G123: 3.70981 | I123: =+G125/G128 -> 6.6430525e-05
C124: Tasa Servicio Aduanero (10) | D124: 0 | F124: 0 | G124: 73.08865
C125: (c) SUBTOTAL OCASIONALES | D125: =SUM(D123:D124) -> 0 | F125: =SUM(F123:F124) -> 304.07149 | G125: =SUM(G123:G124) -> 76.79846
B127: DIRECTOS | D127: =D130-D128 -> 786692.03 | F127: =F130-F128 -> 715108.82 | G127: =G130-G128 -> 948067.56 | I127: =+G127/$G$130 -> 0.4505726
B128: INDIRECTOS | D128: =+D106+D107+D108+D121 -> 1052876.5 | F128: =+F106+F107+F108+F121 -> 1012655.5 | G128: =+G106+G107+G108+G121 -> 1156071.9 | I128: =+G128/$G$130 -> 0.5494274
A130: TOTALES | B130: (d=a+b+c) RECAUDACIÓN BRUTA (5) | D130: =+D117+D121+D125 -> 1839568.6 | F130: =+F117+F121+F125 -> 1727764.3 | G130: =+G117+G121+G125 -> 2104139.4 | I130: 4.0512532e-08
B131: (e) Notas de Crédito | F131: 161385.29 | G131: 213651.24 | I131: 2.5611371e-08
B132: (f) Compensaciones | F132: 4247.3586 | G132: 5315.6281 | I132: -3.7252903e-09
B133: (g=d-e-f) RECAUDACIÓN EN EFECTIVO (6) | F133: =+F130-F131-F132 -> 1562131.6 | G133: =+G130-G131-G132 -> 1885172.5
B134: (h) Devoluciones (7) | D134: 0 | F134: 33862.544 | G134: 92501.207
B135: (i=g-h) RECAUCIÓN NETA (CONSIDERANDO VALORES OCASIONALES) (8) | F135: =+F133-F134 -> 1528269.1 | G135: =+G133-G134 -> 1792671.3
A136: Versión 1_Agosto 2026 (actualizada 08/09/2026)
...

Sheet Sept 2026
A1: SERVICIO DE RENTAS INTERNAS
A2: RECAUDACIÓN NACIONAL(1)
A3: SEPTIEMBRE 2026
A4: -cifras en miles de dólares-
A6: (A) TOTAL RECAUDADO (SIN CONSIDERAR VALORES OCASIONALES PARA EFECTOS DE COMPARACIÓN INTERANUAL)
D8: Meta 2026 | F8: Recaudación 2025 | G8: Recaudación 2026 | I8: Participación de la Recaudación 2026
A10: CLASIFICACIÓN | B10: INTERNOS | C10: Impuesto a la Renta Recaudado | D10: =D95 -> 560374.43 | F10: =F95-F58 -> 510431.98 | G10: =G95-G58 -> 650901.31 | I10: =+G32/G41 -> 0.85320335
C11: Retenciones Mensuales (2) | D11: =D96 -> 343083.92 | F11: =F96-F59 -> 318583.67 | G11: =G96-G59 -> 384099.26
C12: Autorretenciones | D12: =D97 -> 197600.4 | F12: =F97 -> 171427.72 | G12: =G97 -> 191275.83
C13: Utilidades no distribuidas(9) | D13: =D98 -> 0 | F13: =F98 -> 0 | G13: =G98 -> 48051.58
C14: Anticipos al IR | D14: =D99 -> 30.95639 | F14: =F99-F60 -> 131.52582 | G14: =G99-G60 -> 179.983
C15: Declaraciones de Impuesto a la Renta (3) | D15: =D100 -> 19659.157 | F15: =F100-F61 -> 20289.061 | G15: =G100-G61 -> 27294.664
C16: Personas Naturales | D16: =D101 -> 7666.7759 | F16: =F101-F62 -> 4867.319 | G16: =G101-G62 -> 6676.5548
C17: Personas Jurídicas | D17: =D102 -> 10497.266 | F17: =F102-F63 -> 13728.582 | G17: =G102-G63 -> 16804.115
C18: Herencias, Legados y Donaciones | D18: =D103 -> 1490.7005 | F18: =F103-F64 -> 1683.4892 | G18: =G103-G64 -> 3783.0798
C19: Microempresas | D19: =D104 -> 4.41441 | F19: =F104-F65 -> 9.67056 | G19: =G104-G65 -> 30.91406
C20: Regularización de Activos en el Exterior | D20: =D105 -> 0 | F20: =F105-F66 -> 0 | G20: =G105-G66 -> 0
C21: IVA Operaciones Internas | D21: =D106 -> 686531.39 | F21: =F106-F67 -> 645523.87 | G21: =G106-G67 -> 795714.56
C22: ICE Operaciones Internas | D22: =D107 -> 32947.431 | F22: =F107-F68 -> 31916.928 | G22: =G107-G68 -> 34022.411
C23: Impuesto Redimible Botellas Plásticas no Retornable | D23: =D108 -> 3519.6269 | F23: =F108-F69 -> 3371.885 | G23: =G108-G69 -> 4162.4959
C24: Impuesto a los Vehículos Motorizados | D24: =D109 -> 22750.362 | F24: =F109-F70 -> 18528.99 | G24: =G109-G70 -> 21691.748
C25: Impuesto a la Salida de Divisas | D25: =D110 -> 108569.78 | F25: =F110-F71 -> 102457.62 | G25: =G110-G71 -> 121155.05
... C28: Contribución para la atención integral del cancer | D28: =D113 -> 20199.129 | F28: =F113-F74 -> 21785.063 | G28: =G113-G74 -> 23869.565
C29: Intereses por Mora Tributaria | D29: =D114 -> 3347.4533 | F29: =F114-F77 -> 3285.7871 | G29: =G114-G77 -> 4920.9694
C30: Multas Tributarias Fiscales | D30: =D115 -> 5749.1036 | F30: =F115-F78 -> 4588.464 | G30: =G115-G78 -> 6175.5793
C31: Otros Ingresos(4) | D31: =D116 -> 1341.5106 | F31: =F116-F79 -> 1018.6839 | G31: =G116-G79 -> 1456.278
C32: (a) SUBTOTAL INTERNOS | D32: =+D10+SUM(D21:D31) -> 1577397 | F32: =+F10+SUM(F21:F31) -> 1427723.1 | G32: =+G10+SUM(G21:G31) -> 1799386.5
B34: IMPORTACIONES | C34: IVA Importaciones | D34: =D119 -> 319894.62 | F34: =F119 -> 267952.36 | G34: =G119-G82 -> 287672.85 | I34: =+G36/G41 -> 0.14679665
C35: ICE Importaciones | D35: =D120 -> 25221.97 | F35: =F120 -> 27288.012 | G35: =G120-G83 -> 21917.952
C36: (b) SUBTOTAL IMPORTACIONES | D36: =SUM(D34:D35) -> 345116.59 | F36: =SUM(F34:F35) -> 295240.37 | G36: =SUM(G34:G35) -> 309590.81
B38: DIRECTOS | D38: =D41-D39 -> 854398.53 | F38: =F41-F39 -> 746910.38 | G38: =G41-G39 -> 965487.04 | I38: =+G38/$G$41 -> 0.45779868
B39: INDIRECTOS | D39: =+D21+D22+D23+D36 -> 1068115 | F39: =+F21+F22+F23+F36 -> 976053.05 | G39: =+G21+G22+G23+G36 -> 1143490.3 | I39: =+G39/$G$41 -> 0.54220132
A41: TOTALES | B41: (c=a+b) RECAUDACIÓN BRUTA (5) | D41: =+D32+D36 -> 1922513.6 | F41: =+F32+F36 -> 1722963.4 | G41: =+G32+G36 -> 2108977.3 | I41: =G41+G52-G130 -> 0
B42: (d) Notas de Crédito | F42: =F131 -> 184335.65 | G42: =G131 -> 279329.41
B43: (e) Compensaciones | F43: =F132 -> 8187.9222 | G43: =G132 -> 4791.879
B44: (f=c-d-e) RECAUDACIÓN EN EFECTIVO (6) | D44: =+D41 -> 1922513.6 | F44: =+F41-F42-F43 -> 1530439.9 | G44: =+G41-G42-G43 -> 1824856
B45: (g) Devoluciones (7) | F45: =F134 -> 129956.82 | G45: =G134 -> 89263.745
B46: (h=f-g) RECAUCIÓN NETA (SIN CONSIDERAR VALORES OCASIONALES PARA EFECTOS DE COMPARACIÓN INTERANUAL)(8) | D46: =+D44 -> 1922513.6 | F46: =+F44-F45 -> 1400483 | G46: =+G44-G45 -> 1735592.3
A48: (B) VALORES OCASIONALES (NO CONSIDERADOS PARA EFECTOS DE COMPARACIÓN INTERANUAL)
D50: =D8 -> Meta 2026 | F50: =+F8 -> Recaudación 2025 | G50: =+G8 -> Recaudación 2026
A52: TOTAL VALORES OCASIONALES | F52: =F55+F86 -> 45609.251 | G52: =G55+G86 -> 165.30165
A55: TOTAL REMISIÓN (10) | F55: =SUM(F67:F79)+F58+F84 -> 45578.663 | G55: =SUM(G67:G79)+G58+G84 -> 0
A58: CLASIFICACIÓN | B58: INTERNOS | C58: Impuesto a la Renta Recaudado | F58: 35644.772 | G58: 0
C59: Retenciones Mensuales | F59: 10905.563 | G59: 0
C60: Anticipos al IR | F60: 1098.3431 | G60: 0
C61: Declaraciones de Impuesto a la Renta | F61: 23640.866 | G61: 0
C62: Personas Naturales | F62: 4527.0732 | G62: 0
C63: Personas Jurídicas | F63: 18808.508 | G63: 0
C64: Herencias, Legados y Donaciones | F64: 254.65697 | G64: 0
C65: Microempresas | F65: 50.62828 | G65: 0
C66: Regularización de Activos en el Exterior | F66: 0 | G66: 0
C67: IVA Operaciones Internas | F67: 5662.7232 | G67: 0
C68: ICE Operaciones Internas | F68: 304.43107 | G68: 0
C69: Impuesto Redimible Botellas Plásticas no Retornable | F69: 24.99304 | G69: 0
C70: Impuesto a los Vehículos Motorizados | F70: 1278.2097 | G70: 0
... C79: Otros Ingresos | F79: 2181.8282 | G79: 0
C80: (a) SUBTOTAL INTERNOS | F80: =SUM(F67:F79)+F58 -> 45578.663 | G80: =SUM(G67:G79)+G58 -> 0
B82: IMPORTACIONES | C82: IVA Importaciones | F82: 0 | G82: 0
C83: ICE Importaciones | F83: 0 | G83: 0
C84: (b) SUBTOTAL IMPORTACIONES | F84: =F83+F82 -> 0 | G84: =G83+G82 -> 0
B86: OCASIONALES | C86: OTROS OCASIONALES | D86: =D88+D87 -> 0 | F86: =F88+F87 -> 30.5879 | G86: =G88+G87 -> 165.30165
C87: Contribución Temporal de Seguridad | D87: =D123-D75 -> 0 | F87: =F123-F75 -> 30.5879 | G87: =G123 -> 13.23612
C88: Tasa Servicio Aduanero (10) | D88: =D124 -> 0 | F88: =F124 -> 0 | G88: =G124 -> 152.06553
A91: (C=A+B) TOTAL RECAUDADO (CONSIDERANDO VALORES OCASIONALES)
D93: =+D8 -> Meta 2026 | F93: =+F8 -> Recaudación 2025 | G93: =+G8 -> Recaudación 2026 | I93: =+I8 -> Participación de la Recaudación 2026
A95: CLASIFICACIÓN | B95: INTERNOS | C95: Impuesto a la Renta Recaudado | D95: =D96+D97+D98+D99+D100 -> 560374.43 | F95: =F96+F97+F98+F99+F100 -> 546076.75 | G95: =G96+G97+G98+G99+G100 -> 650901.31 | I95: =+G117/G130 -> 0.85313648
C96: Retenciones Mensuales (2) | D96: 343083.92 | F96: 329489.23 | G96: 384099.26
C97: Autorretenciones | D97: 197600.4 | F97: 171427.72 | G97: 191275.83
C98: Utilidades no distribuidas(9) | D98: 0 | F98: 0 | G98: 48051.58
C99: Anticipos al IR | D99: 30.95639 | F99: 1229.8689 | G99: 179.983
C100: Declaraciones de Impuesto a la Renta (3) | D100: =D101+D102+D103+D104+D105 -> 19659.157 | F100: =F101+F102+F103+F104+F105 -> 43929.927 | G100: =G101+G102+G103+G104+G105 -> 27294.664
C101: Personas Naturales | D101: 7666.7759 | F101: 9394.3922 | G101: 6676.5548
C102: Personas Jurídicas | D102: 10497.266 | F102: 32537.09 | G102: 16804.115
C103: Herencias, Legados y Donaciones | D103: 1490.7005 | F103: 1938.1462 | G103: 3783.0798
C104: Microempresas | D104: 4.41441 | F104: 60.29884 | G104: 30.91406
C105: Regularización de Activos en el Exterior | D105: 0 | F105: 0 | G105: 0
C106: IVA Operaciones Internas | D106: 686531.39 | F106: 651186.6 | G106: 795714.56
C107: ICE Operaciones Internas | D107: 32947.431 | F107: 32221.359 | G107: 34022.411
C108: Impuesto Redimible Botellas Plásticas no Retornables | D108: 3519.6269 | F108: 3396.878 | G108: 4162.4959
C109: Impuesto a los Vehículos Motorizados | D109: 22750.362 | F109: 19807.199 | G109: 21691.748
C110: Impuesto a la Salida de Divisas | D110: 108569.78 | F110: 102755.11 | G110: 121155.05
C111: Impuesto Activos en el Exterior | D111: 2475.1015 | F111: 2585.9682 | G111: 1582.8997
C112: Regalías, patentes y utilidades de conservación minera | D112: 129591.66 | F112: 82262.573 | G112: 133733.64
... C116: Otros Ingresos(4) | D116: 1341.5106 | F116: 3200.5121 | G116: 1456.278
C117: (a) SUBTOTAL INTERNOS | D117: =+D95+D106+D107+SUM(D108:D116) -> 1577397 | F117: =+F95+F106+F107+SUM(F108:F116) -> 1473152.3 | G117: =+G95+G106+G107+SUM(G108:G116) -> 1799386.5
B119: IMPORTACIONES | C119: IVA Importaciones | D119: 319894.62 | F119: 267952.36 | G119: 287672.85 | I119: =+G121/G130 -> 0.14678515
C120: ICE Importaciones | D120: 25221.97 | F120: 27288.012 | G120: 21917.952
C121: (b) SUBTOTAL IMPORTACIONES | D121: =SUM(D119:D120) -> 345116.59 | F121: =SUM(F119:F120) -> 295240.37 | G121: =SUM(G119:G120) -> 309590.81
B123: CONTRIBUCIONES | C123: Contribución Temporal de Seguridad | D123: 0 | F123: 180.06132 | G123: 13.23612 | I123: =+G125/G134 -> 0.0018518341
C124: Tasa Servicio Aduanero (10) | D124: 0 | F124: 0 | G124: 152.06553
C125: (c) SUBTOTAL OCASIONALES | D125: =SUM(D123:D124) -> 0 | F125: =SUM(F123:F124) -> 180.06132 | G125: =SUM(G123:G124) -> 165.30165
B127: DIRECTOS | D127: =D130-D128 -> 854398.53 | F127: =F130-F128 -> 786527.48 | G127: =G130-G128 -> 965652.34 | I127: =+G127/$G$130 -> 0.45784118
B128: INDIRECTOS | D128: =+D106+D107+D108+D121 -> 1068115 | F128: =+F106+F107+F108+F121 -> 982045.2 | G128: =+G106+G107+G108+G121 -> 1143490.3 | I128: =+G128/$G$130 -> 0.54215882
A130: TOTALES | B130: (d=a+b+c) RECAUDACIÓN BRUTA (5) | D130: =+D117+D121+D125 -> 1922513.6 | F130: =+F117+F121+F125 -> 1768572.7 | G130: =+G117+G121+G125 -> 2109142.6 | I130: 1.6298145e-08
B131: (e) Notas de Crédito | F131: 184335.65 | G131: 279329.41 | I131: -2.3050234e-08
B132: (f) Compensaciones | F132: 8187.9222 | G132: 4791.879 | I132: -1.2107193e-08
B133: (g=d-e-f) RECAUDACIÓN EN EFECTIVO (6) | F133: =+F130-F131-F132 -> 1576049.1 | G133: =+G130-G131-G132 -> 1825021.3
B134: (h) Devoluciones (7) | F134: 129956.82 | G134: 89263.745
B135: (i=g-h) RECAUCIÓN NETA (CONSIDERANDO VALORES OCASIONALES) (8) | F135: =+F133-F134 -> 1446092.3 | G135: =+G133-G134 -> 1735757.6
A136: Versión 1_Septiembre 2026 (actualizada 07/10/2026)
...

Sheet Oct 2025
A1: SERVICIO DE RENTAS INTERNAS
A2: RECAUDACIÓN NACIONAL(1)
A3: OCTUBRE 2025
A4: -cifras en miles de dólares-
A6: (A) TOTAL RECAUDADO (SIN CONSIDERAR VALORES OCASIONALES PARA EFECTOS DE COMPARACIÓN INTERANUAL)
D8: Meta 2025 | F8: Recaudación 2024 | G8: Recaudación 2025 | I8: Participación de la Recaudación 2025
A10: CLASIFICACIÓN | B10: INTERNOS | C10: Impuesto a la Renta Recaudado | D10: =D104 -> 0 | F10: =F104 -> 0 | G10: =G104-G57 -> 0 | I10: =+G31/G40 -> #DIV/0!
C11: Retenciones Mensuales (2) | D11: =D105 -> 0 | F11: =F105 -> 0 | G11: =G105-G58 -> 0
C12: Autorretenciones (11) | D12: =D106 -> 0 | F12: =F106 -> 0 | G12: =G106 -> 0
C13: Anticipos al IR | D13: =D107 -> 0 | F13: =F107 -> 0 | G13: =G107-G59 -> 0
C14: Declaraciones de Impuesto a la Renta (3) | D14: =D108 -> 0 | F14: =F108 -> 0 | G14: =G108-G60 -> 0
C15: Personas Naturales | D15: =D109 -> 0 | F15: =F109 -> 0 | G15: =G109-G61 -> 0
C16: Personas Jurídicas | D16: =D110 -> 0 | F16: =F110 -> 0 | G16: =G110-G62 -> 0
C17: Herencias, Legados y Donaciones | D17: =D111 -> 0 | F17: =F111 -> 0 | G17: =G111-G63 -> 0
C18: Microempresas | D18: =D112 -> 0 | F18: =F112 -> 0 | G18: =G112-G64 -> 0
C19: Regularización de Activos en el Exterior | D19: =D113 -> 0 | F19: =F113 -> 0 | G19: =G113-G65 -> 0
C20: IVA Operaciones Internas(9) | D20: =D114 -> 0 | F20: =F114 -> 0 | G20: =G114-G66 -> 0
C21: ICE Operaciones Internas | D21: =D115 -> 0 | F21: =F115 -> 0 | G21: =G115-G67 -> 0
C22: Impuesto Redimible Botellas Plásticas no Retornables | D22: =D116 -> 0 | F22: =F116 -> 0 | G22: =G116-G68 -> 0
C23: Impuesto a los Vehículos Motorizados | D23: =D117 -> 0 | F23: =F117 -> 0 | G23: =G117-G69 -> 0
C24: Impuesto a la Salida de Divisas | D24: =D118 -> 0 | F24: =F118 -> 0 | G24: =G118-G70 -> 0
... C27: Contribución para la atención integral del cancer | D27: =D121 -> 0 | F27: =F121 -> 0 | G27: =G121-G73 -> 0
C28: Intereses por Mora Tributaria | D28: =D122 -> 0 | F28: =F122 -> 0 | G28: =G122-G76 -> 0
C29: Multas Tributarias Fiscales | D29: =D123 -> 0 | F29: =F123 -> 0 | G29: =G123-G77 -> 0
C30: Otros Ingresos(4) | D30: =D124 -> 0 | F30: =F124 -> 0 | G30: =G124-G78 -> 0
C31: (a) SUBTOTAL INTERNOS | D31: =+D10+SUM(D20:D30) -> 0 | F31: =+F10+SUM(F20:F30) -> 0 | G31: =+G10+SUM(G20:G30) -> 0
B33: IMPORTACIONES | C33: IVA Importaciones | D33: =D127 -> 0 | F33: =F127 -> 0 | G33: =G127-G81 -> 0 | I33: =+G35/G40 -> #DIV/0!
C34: ICE Importaciones | D34: =D128 -> 0 | F34: =F128 -> 0 | G34: =G128-G82 -> 0
C35: (b) SUBTOTAL IMPORTACIONES | D35: =SUM(D33:D34) -> 0 | F35: =SUM(F33:F34) -> 0 | G35: =SUM(G33:G34) -> 0
B37: DIRECTOS | D37: =D40-D38 -> 0 | F37: =F40-F38 -> 0 | G37: =G40-G38 -> 0 | I37: =+G37/$G$40 -> #DIV/0!
B38: INDIRECTOS | D38: =+D20+D21+D22+D35 -> 0 | F38: =+F20+F21+F22+F35 -> 0 | G38: =+G20+G21+G22+G35 -> 0 | I38: =+G38/$G$40 -> #DIV/0!
A40: TOTALES | B40: (c=a+b) RECAUDACIÓN BRUTA (5) | D40: =+D31+D35 -> 0 | F40: =+F31+F35 -> 0 | G40: =+G31+G35 -> 0
B41: (d) Notas de Crédito | F41: =F139 -> 0 | G41: =G139 -> 0
B42: (e) Compensaciones | F42: =F140 -> 0 | G42: =G140 -> 0
B43: (f=c-d-e) RECAUDACIÓN EN EFECTIVO (6) | D43: =+D40 -> 0 | F43: =+F40-F41-F42 -> 0 | G43: =+G40-G41-G42 -> 0
B44: (g) Devoluciones (7) | F44: =F142 -> 0 | G44: =G142 -> 0
B45: (h=f-g) RECAUCIÓN NETA (SIN CONSIDERAR VALORES OCASIONALES PARA EFECTOS DE COMPARACIÓN INTERANUAL)(8) | D45: =+D43 -> 0 | F45: =+F43-F44 -> 0 | G45: =+G43-G44 -> 0
A47: (B) VALORES OCASIONALES (NO CONSIDERADOS PARA EFECTOS DE COMPARACIÓN INTERANUAL)
D49: =D8 -> Meta 2025 | F49: =+F8 -> Recaudación 2024 | G49: =+G8 -> Recaudación 2025
A51: TOTAL VALORES OCASIONALES | D51: =D54+D86+D93 -> 0 | F51: =F54+F86+F93 -> 0 | G51: =G54+G86+G93 -> 0
A54: TOTAL REMISIÓN (10) | F54: =SUM(F57:F83) -> 0 | G54: =SUM(G66:G78)+G57+G83 -> 0
A57: CLASIFICACIÓN | B57: INTERNOS | C57: Impuesto a la Renta Recaudado
C58: Retenciones Mensuales
C59: Anticipos al IR
C60: Declaraciones de Impuesto a la Renta
C61: Personas Naturales
C62: Personas Jurídicas
C63: Herencias, Legados y Donaciones
C64: Microempresas
C65: Regularización de Activos en el Exterior
C66: IVA Operaciones Internas
C67: ICE Operaciones Internas
C68: Impuesto Redimible Botellas Plásticas no Retornable
C69: Impuesto a los Vehículos Motorizados
... C78: Otros Ingresos(4)
C79: (a) SUBTOTAL INTERNOS | F79: =SUM(F66:F78)+F57 -> 0 | G79: =SUM(G66:G78)+G57 -> 0
B81: IMPORTACIONES | C81: IVA Importaciones | F81: 0 | G81: 0
C82: ICE Importaciones | F82: 0 | G82: 0
C83: (b) SUBTOTAL IMPORTACIONES | F83: 0 | G83: =SUM(G81:G82) -> 0
A86: TOTAL CONTRIBUCIONES TEMPORALES | D86: =D88+D89 -> 0 | F86: =F88+F89 -> 0 | G86: =G88+G89 -> 0
B88: CONTRIBUCIONES TEMPORALES | C88: Contribución Temporal de Seguridad | D88: =D131 -> 0 | F88: =F131 -> 0 | G88: =G131-G74 -> 0
C89: Contribución Temporal Bancos y Cooperativas | D89: =D132 -> 0 | F89: =F132 -> 0 | G89: =G132-G75 -> 0
C90: SUBTOTAL CONTRIBUCIONES | G90: =SUM(G88:G89) -> 0
A93: AJUSTE RETENCIONES IVA PETROLERAS | F93: =F95 -> 0 | G93: =G95 -> 0
B95: IVA operaciones internas | C95: Ajuste retenciones IVA petroleras | F95: 0 | G95: 0
C96: SUBTOTAL AJUSTE IVA PETROLERAS | F96: =F95 -> 0 | G96: =SUM(G95:G95) -> 0
A100: (C=A+B) TOTAL RECAUDADO (CONSIDERANDO VALORES OCASIONALES)
D102: =+D8 -> Meta 2025 | F102: =+F8 -> Recaudación 2024 | G102: =+G8 -> Recaudación 2025 | I102: =+I8 -> Participación de la Recaudación 2025
A104: CLASIFICACIÓN | B104: INTERNOS | C104: Impuesto a la Renta Recaudado | I104: =+G125/G138 -> #DIV/0!
C105: Retenciones Mensuales (2)
C106: Autorretenciones (11)
C107: Anticipos al IR
C108: Declaraciones de Impuesto a la Renta (3)
C109: Personas Naturales
C110: Personas Jurídicas
C111: Herencias, Legados y Donaciones
C112: Microempresas
C113: Regularización de Activos en el Exterior
C114: IVA Operaciones Internas(9)
C115: ICE Operaciones Internas
C116: Impuesto Redimible Botellas Plásticas no Retornables
... C124: Otros Ingresos(4)
C125: (a) SUBTOTAL INTERNOS | D125: =+D104+D114+D115+SUM(D116:D124) -> 0 | F125: =+F104+F114+F115+SUM(F116:F124) -> 0 | G125: =+G104+G114+G115+SUM(G116:G124) -> 0
B127: IMPORTACIONES | C127: IVA Importaciones | I127: =+G129/G138 -> #DIV/0!
C128: ICE Importaciones
C129: (b) SUBTOTAL IMPORTACIONES | D129: =SUM(D127:D128) -> 0 | F129: =SUM(F127:F128) -> 0 | G129: =SUM(G127:G128) -> 0
B131: CONTRIBUCIONES | C131: Contribución Temporal de Seguridad | I131: =+G133/G142 -> #DIV/0!
C132: Contribución Temporal Bancos y Cooperativas
C133: (c) SUBTOTAL CONTRIBUCIONES | D133: =SUM(D131:D132) -> 0 | F133: =SUM(F131:F132) -> 0 | G133: =SUM(G131:G132) -> 0
B135: DIRECTOS | D135: =D138-D136 -> 0 | F135: =F138-F136 -> 0 | G135: =G138-G136 -> 0 | I135: =+G135/$G$138 -> #DIV/0!
B136: INDIRECTOS | D136: =+D114+D115+D116+D129 -> 0 | F136: =+G114+G115+F116+F129 -> 0 | G136: =+G114+G115+G116+G129 -> 0 | I136: =+G136/$G$138 -> #DIV/0!
A138: TOTALES | B138: (d=a+b+c) RECAUDACIÓN BRUTA (5) | D138: =+D125+D129+D133 -> 0 | F138: =+F125+F129+F133 -> 0 | G138: =+G125+G129+G133 -> 0
B139: (e) Notas de Crédito
B140: (f) Compensaciones
B141: (g=d-e-f) RECAUDACIÓN EN EFECTIVO (6) | F141: =+F138-F139-F140 -> 0 | G141: =+G138-G139-G140 -> 0
B142: (h) Devoluciones (7)
B143: (i=g-h) RECAUCIÓN NETA (CONSIDERANDO VALORES OCASIONALES) (8) | F143: =+F141-F142 -> 0 | G143: =+G141-G142 -> 0
A144: Versión 1_Octubre 2025 (actualizada 12/11/2025)
A145: Nota (1): Incluye todas sus formas de pago (valor bruto): Efectivo, Notas de crédito, Compensaciones y valores retenidos y no pagados, con el fin de analizar el desempeño de cada impuesto en forma objetiva.
A146: Nota (2): Incluye retenciones contratos petroleros
...

Sheet Nov2025
A1: SERVICIO DE RENTAS INTERNAS
A2: RECAUDACIÓN NACIONAL(1)
A3: NOVIEMBRE 2025
A4: -cifras en miles de dólares-
A6: (A) TOTAL RECAUDADO (SIN CONSIDERAR VALORES OCASIONALES PARA EFECTOS DE COMPARACIÓN INTERANUAL)
D8: Meta 2025 | F8: Recaudación 2024 | G8: Recaudación 2025 | I8: Participación de la Recaudación 2025
A10: CLASIFICACIÓN | B10: INTERNOS | C10: Impuesto a la Renta Recaudado | D10: =D105 -> 0 | F10: =F105 -> 0 | G10: =G105-G58 -> 0 | I10: =+G32/G41 -> #DIV/0!
C11: Retenciones Mensuales (2) | D11: =D106 -> 0 | F11: =F106 -> 0 | G11: =G106-G59 -> 0
C12: Autorretenciones (11) | D12: =D107 -> 0 | F12: =F107 -> 0 | G12: =G107 -> 0
C13: Utilidades no distribuidas(12) | D13: =D108 -> 0 | F13: =F108 -> 0 | G13: =G108 -> 0
C14: Anticipos al IR | D14: =D109 -> 0 | F14: =F109 -> 0 | G14: =G109-G60 -> 0
C15: Declaraciones de Impuesto a la Renta (3) | D15: =D110 -> 0 | F15: =F110 -> 0 | G15: =G110-G61 -> 0
C16: Personas Naturales | D16: =D111 -> 0 | F16: =F111 -> 0 | G16: =G111-G62 -> 0
C17: Personas Jurídicas | D17: =D112 -> 0 | F17: =F112 -> 0 | G17: =G112-G63 -> 0
C18: Herencias, Legados y Donaciones | D18: =D113 -> 0 | F18: =F113 -> 0 | G18: =G113-G64 -> 0
C19: Microempresas | D19: =D114 -> 0 | F19: =F114 -> 0 | G19: =G114-G65 -> 0
C20: Regularización de Activos en el Exterior | D20: =D115 -> 0 | F20: =F115 -> 0 | G20: =G115-G66 -> 0
C21: IVA Operaciones Internas(9) | D21: =D116 -> 0 | F21: =F116 -> 0 | G21: =G116-G67 -> 0
C22: ICE Operaciones Internas | D22: =D117 -> 0 | F22: =F117 -> 0 | G22: =G117-G68 -> 0
C23: Impuesto Redimible Botellas Plásticas no Retornables | D23: =D118 -> 0 | F23: =F118 -> 0 | G23: =G118-G69 -> 0
C24: Impuesto a los Vehículos Motorizados | D24: =D119 -> 0 | F24: =F119 -> 0 | G24: =G119-G70 -> 0
C25: Impuesto a la Salida de Divisas | D25: =D120 -> 0 | F25: =F120 -> 0 | G25: =G120-G71 -> 0
... C28: Contribución para la atención integral del cancer | D28: =D123 -> 0 | F28: =F123 -> 0 | G28: =G123-G74 -> 0
C29: Intereses por Mora Tributaria | D29: =D124 -> 0 | F29: =F124 -> 0 | G29: =G124-G77 -> 0
C30: Multas Tributarias Fiscales | D30: =D125 -> 0 | F30: =F125 -> 0 | G30: =G125-G78 -> 0
C31: Otros Ingresos(4) | D31: =D126 -> 0 | F31: =F126 -> 0 | G31: =G126-G79 -> 0
C32: (a) SUBTOTAL INTERNOS | D32: =+D10+SUM(D21:D31) -> 0 | F32: =+F10+SUM(F21:F31) -> 0 | G32: =+G10+SUM(G21:G31) -> 0
B34: IMPORTACIONES | C34: IVA Importaciones | D34: =D129 -> 0 | F34: =F129 -> 0 | G34: =G129-G82 -> 0 | I34: =+G36/G41 -> #DIV/0!
C35: ICE Importaciones | D35: =D130 -> 0 | F35: =F130 -> 0 | G35: =G130-G83 -> 0
C36: (b) SUBTOTAL IMPORTACIONES | D36: =SUM(D34:D35) -> 0 | F36: =SUM(F34:F35) -> 0 | G36: =SUM(G34:G35) -> 0
B38: DIRECTOS | D38: =D41-D39 -> 0 | F38: =F41-F39 -> 0 | G38: =G41-G39 -> 0 | I38: =+G38/$G$41 -> #DIV/0!
B39: INDIRECTOS | D39: =+D21+D22+D23+D36 -> 0 | F39: =+F21+F22+F23+F36 -> 0 | G39: =+G21+G22+G23+G36 -> 0 | I39: =+G39/$G$41 -> #DIV/0!
A41: TOTALES | B41: (c=a+b) RECAUDACIÓN BRUTA (5) | D41: =+D32+D36 -> 0 | F41: =+F32+F36 -> 0 | G41: =+G32+G36 -> 0 | I41: =G41+G52-G140 -> 0
B42: (d) Notas de Crédito | F42: =F141 -> 0 | G42: =G141 -> 0
B43: (e) Compensaciones | F43: =F142 -> 0 | G43: =G142 -> 0
B44: (f=c-d-e) RECAUDACIÓN EN EFECTIVO (6) | D44: =+D41 -> 0 | F44: =+F41-F42-F43 -> 0 | G44: =+G41-G42-G43 -> 0
B45: (g) Devoluciones (7) | F45: =F144 -> 0 | G45: =G144 -> 0
B46: (h=f-g) RECAUCIÓN NETA (SIN CONSIDERAR VALORES OCASIONALES PARA EFECTOS DE COMPARACIÓN INTERANUAL)(8) | D46: =+D44 -> 0 | F46: =+F44-F45 -> 0 | G46: =+G44-G45 -> 0
A48: (B) VALORES OCASIONALES (NO CONSIDERADOS PARA EFECTOS DE COMPARACIÓN INTERANUAL)
D50: =D8 -> Meta 2025 | F50: =+F8 -> Recaudación 2024 | G50: =+G8 -> Recaudación 2025
A52: TOTAL VALORES OCASIONALES | D52: =D55+D87+D94 -> 0 | F52: =F55+F87+F94 -> 0 | G52: =G55+G87+G94 -> 0
A55: TOTAL REMISIÓN (10) | F55: =SUM(F58:F84) -> 0 | G55: =SUM(G67:G79)+G58+G84 -> 0
A58: CLASIFICACIÓN | B58: INTERNOS | C58: Impuesto a la Renta Recaudado | F58: 0 | G58: 0
C59: Retenciones Mensuales | F59: 0 | G59: 0
C60: Anticipos al IR | F60: 0 | G60: 0
C61: Declaraciones de Impuesto a la Renta | F61: 0 | G61: 0
C62: Personas Naturales | F62: 0 | G62: 0
C63: Personas Jurídicas | F63: 0 | G63: 0
C64: Herencias, Legados y Donaciones | F64: 0 | G64: 0
C65: Microempresas | F65: 0 | G65: 0
C66: Regularización de Activos en el Exterior | F66: 0 | G66: 0
C67: IVA Operaciones Internas | F67: 0 | G67: 0
C68: ICE Operaciones Internas | F68: 0 | G68: 0
C69: Impuesto Redimible Botellas Plásticas no Retornable | F69: 0 | G69: 0
C70: Impuesto a los Vehículos Motorizados | F70: 0 | G70: 0
... C79: Otros Ingresos(4) | F79: 0 | G79: 0
C80: (a) SUBTOTAL INTERNOS | F80: =SUM(F67:F79)+F58 -> 0 | G80: =SUM(G67:G79)+G58 -> 0
B82: IMPORTACIONES | C82: IVA Importaciones | F82: 0 | G82: 0
C83: ICE Importaciones | F83: 0 | G83: 0
C84: (b) SUBTOTAL IMPORTACIONES | F84: 0 | G84: =SUM(G82:G83) -> 0
A87: TOTAL CONTRIBUCIONES TEMPORALES | D87: =D89+D90 -> 0 | F87: =F89+F90 -> 0 | G87: =G89+G90 -> 0
B89: CONTRIBUCIONES TEMPORALES | C89: Contribución Temporal de Seguridad | D89: =D133 -> 0 | F89: =F133 -> 0 | G89: =G133-G75 -> 0
C90: Contribución Temporal Bancos y Cooperativas | D90: =D134 -> 0 | F90: =F134 -> 0 | G90: =G134-G76 -> 0
C91: SUBTOTAL CONTRIBUCIONES | G91: =SUM(G89:G90) -> 0
A94: AJUSTE RETENCIONES IVA PETROLERAS | F94: =F96 -> 0 | G94: =G96 -> 0
B96: IVA operaciones internas | C96: Ajuste retenciones IVA petroleras | F96: 0 | G96: 0
C97: SUBTOTAL AJUSTE IVA PETROLERAS | F97: =F96 -> 0 | G97: =SUM(G96:G96) -> 0
A101: (C=A+B) TOTAL RECAUDADO (CONSIDERANDO VALORES OCASIONALES)
D103: =+D8 -> Meta 2025 | F103: =+F8 -> Recaudación 2024 | G103: =+G8 -> Recaudación 2025 | I103: =+I8 -> Participación de la Recaudación 2025
A105: CLASIFICACIÓN | B105: INTERNOS | C105: Impuesto a la Renta Recaudado | I105: =+G127/G140 -> #DIV/0!
C106: Retenciones Mensuales (2)
C107: Autorretenciones (11)
C108: Utilidades no distribuidas(12)
C109: Anticipos al IR
C110: Declaraciones de Impuesto a la Renta (3)
C111: Personas Naturales
C112: Personas Jurídicas
C113: Herencias, Legados y Donaciones
C114: Microempresas
C115: Regularización de Activos en el Exterior
C116: IVA Operaciones Internas(9)
C117: ICE Operaciones Internas
... C126: Otros Ingresos(4)
C127: (a) SUBTOTAL INTERNOS | D127: =+D105+D116+D117+SUM(D118:D126) -> 0 | F127: =+F105+F116+F117+SUM(F118:F126) -> 0 | G127: =+G105+G116+G117+SUM(G118:G126) -> 0
B129: IMPORTACIONES | C129: IVA Importaciones | I129: =+G131/G140 -> #DIV/0!
C130: ICE Importaciones
C131: (b) SUBTOTAL IMPORTACIONES | D131: =SUM(D129:D130) -> 0 | F131: =SUM(F129:F130) -> 0 | G131: =SUM(G129:G130) -> 0
B133: CONTRIBUCIONES | C133: Contribución Temporal de Seguridad | I133: =+G135/G144 -> #DIV/0!
C134: Contribución Temporal Bancos y Cooperativas
C135: (c) SUBTOTAL CONTRIBUCIONES | D135: =SUM(D133:D134) -> 0 | F135: =SUM(F133:F134) -> 0 | G135: =SUM(G133:G134) -> 0
B137: DIRECTOS | D137: =D140-D138 -> 0 | F137: =F140-F138 -> 0 | G137: =G140-G138 -> 0 | I137: =+G137/$G$140 -> #DIV/0!
B138: INDIRECTOS | D138: =+D116+D117+D118+D131 -> 0 | F138: =+G116+G117+F118+F131 -> 0 | G138: =+G116+G117+G118+G131 -> 0 | I138: =+G138/$G$140 -> #DIV/0!
A140: TOTALES | B140: (d=a+b+c) RECAUDACIÓN BRUTA (5) | D140: =+D127+D131+D135 -> 0 | F140: =+F127+F131+F135 -> 0 | G140: =+G127+G131+G135 -> 0
B141: (e) Notas de Crédito
B142: (f) Compensaciones
B143: (g=d-e-f) RECAUDACIÓN EN EFECTIVO (6) | F143: =+F140-F141-F142 -> 0 | G143: =+G140-G141-G142 -> 0
B144: (h) Devoluciones (7)
B145: (i=g-h) RECAUCIÓN NETA (CONSIDERANDO VALORES OCASIONALES) (8) | F145: =+F143-F144 -> 0 | G145: =+G143-G144 -> 0
A146: Versión 2_Noviembre 2025 (actualizada 12/01/2026)
A147: Nota (1): Incluye todas sus formas de pago (valor bruto): Efectivo, Notas de crédito, Compensaciones y valores retenidos y no pagados, con el fin de analizar el desempeño de cada impuesto en forma objetiva.
...

Sheet Dic2025
A1: SERVICIO DE RENTAS INTERNAS
A2: RECAUDACIÓN NACIONAL(1)
A3: DICIEMBRE 2025
A4: -cifras en miles de dólares-
A6: (A) TOTAL RECAUDADO (SIN CONSIDERAR VALORES OCASIONALES PARA EFECTOS DE COMPARACIÓN INTERANUAL)
D8: Meta 2025 | F8: Recaudación 2024 | G8: Recaudación 2025 | I8: Participación de la Recaudación 2025
A10: CLASIFICACIÓN | B10: INTERNOS | C10: Impuesto a la Renta Recaudado | D10: =D105 -> 0 | F10: =F105 -> 0 | G10: =G105-G58 -> 0 | I10: =+G32/G41 -> #DIV/0!
C11: Retenciones Mensuales (2) | D11: =D106 -> 0 | F11: =F106 -> 0 | G11: =G106-G59 -> 0
C12: Autorretenciones (11) | D12: =D107 -> 0 | F12: =F107 -> 0 | G12: =G107 -> 0
C13: Utilidades no distribuidas(12) | D13: =D108 -> 0 | F13: =F108 -> 0 | G13: =G108 -> 0
C14: Anticipos al IR | D14: =D109 -> 0 | F14: =F109 -> 0 | G14: =G109-G60 -> 0
C15: Declaraciones de Impuesto a la Renta (3) | D15: =D110 -> 0 | F15: =F110 -> 0 | G15: =G110-G61 -> 0
C16: Personas Naturales | D16: =D111 -> 0 | F16: =F111 -> 0 | G16: =G111-G62 -> 0
C17: Personas Jurídicas | D17: =D112 -> 0 | F17: =F112 -> 0 | G17: =G112-G63 -> 0
C18: Herencias, Legados y Donaciones | D18: =D113 -> 0 | F18: =F113 -> 0 | G18: =G113-G64 -> 0
C19: Microempresas | D19: =D114 -> 0 | F19: =F114 -> 0 | G19: =G114-G65 -> 0
C20: Regularización de Activos en el Exterior | D20: =D115 -> 0 | F20: =F115 -> 0 | G20: =G115-G66 -> 0
C21: IVA Operaciones Internas(9) | D21: =D116 -> 0 | F21: =F116 -> 0 | G21: =G116-G67 -> 0
C22: ICE Operaciones Internas | D22: =D117 -> 0 | F22: =F117 -> 0 | G22: =G117-G68 -> 0
C23: Impuesto Redimible Botellas Plásticas no Retornables | D23: =D118 -> 0 | F23: =F118 -> 0 | G23: =G118-G69 -> 0
C24: Impuesto a los Vehículos Motorizados | D24: =D119 -> 0 | F24: =F119 -> 0 | G24: =G119-G70 -> 0
C25: Impuesto a la Salida de Divisas | D25: =D120 -> 0 | F25: =F120 -> 0 | G25: =G120-G71 -> 0
... C28: Contribución para la atención integral del cancer | D28: =D123 -> 0 | F28: =F123 -> 0 | G28: =G123-G74 -> 0
C29: Intereses por Mora Tributaria | D29: =D124 -> 0 | F29: =F124 -> 0 | G29: =G124-G77 -> 0
C30: Multas Tributarias Fiscales | D30: =D125 -> 0 | F30: =F125 -> 0 | G30: =G125-G78 -> 0
C31: Otros Ingresos(4) | D31: =D126 -> 0 | F31: =F126 -> 0 | G31: =G126-G79 -> 0
C32: (a) SUBTOTAL INTERNOS | D32: =+D10+SUM(D21:D31) -> 0 | F32: =+F10+SUM(F21:F31) -> 0 | G32: =+G10+SUM(G21:G31) -> 0
B34: IMPORTACIONES | C34: IVA Importaciones | D34: =D129 -> 0 | F34: =F129 -> 0 | G34: =G129-G82 -> 0 | I34: =+G36/G41 -> #DIV/0!
C35: ICE Importaciones | D35: =D130 -> 0 | F35: =F130 -> 0 | G35: =G130-G83 -> 0
C36: (b) SUBTOTAL IMPORTACIONES | D36: =SUM(D34:D35) -> 0 | F36: =SUM(F34:F35) -> 0 | G36: =SUM(G34:G35) -> 0
B38: DIRECTOS | D38: =D41-D39 -> 0 | F38: =F41-F39 -> 0 | G38: =G41-G39 -> 0 | I38: =+G38/$G$41 -> #DIV/0!
B39: INDIRECTOS | D39: =+D21+D22+D23+D36 -> 0 | F39: =+F21+F22+F23+F36 -> 0 | G39: =+G21+G22+G23+G36 -> 0 | I39: =+G39/$G$41 -> #DIV/0!
A41: TOTALES | B41: (c=a+b) RECAUDACIÓN BRUTA (5) | D41: =+D32+D36 -> 0 | F41: =+F32+F36 -> 0 | G41: =+G32+G36 -> 0 | I41: =G41+G52-G140 -> 0
B42: (d) Notas de Crédito | F42: =F141 -> 0 | G42: =G141 -> 0
B43: (e) Compensaciones | F43: =F142 -> 0 | G43: =G142 -> 0
B44: (f=c-d-e) RECAUDACIÓN EN EFECTIVO (6) | D44: =+D41 -> 0 | F44: =+F41-F42-F43 -> 0 | G44: =+G41-G42-G43 -> 0
B45: (g) Devoluciones (7) | F45: =F144 -> 0 | G45: =G144 -> 0
B46: (h=f-g) RECAUCIÓN NETA (SIN CONSIDERAR VALORES OCASIONALES PARA EFECTOS DE COMPARACIÓN INTERANUAL)(8) | D46: =+D44 -> 0 | F46: =+F44-F45 -> 0 | G46: =+G44-G45 -> 0
A48: (B) VALORES OCASIONALES (NO CONSIDERADOS PARA EFECTOS DE COMPARACIÓN INTERANUAL)
D50: =D8 -> Meta 2025 | F50: =+F8 -> Recaudación 2024 | G50: =+G8 -> Recaudación 2025
A52: TOTAL VALORES OCASIONALES | D52: =D55+D87+D94 -> 0 | F52: =F55+F87+F94 -> 0 | G52: =G55+G87+G94 -> 0
A55: TOTAL REMISIÓN (10) | F55: =SUM(F58:F84) -> 0 | G55: =SUM(G67:G79)+G58+G84 -> 0
A58: CLASIFICACIÓN | B58: INTERNOS | C58: Impuesto a la Renta Recaudado | F58: 0 | G58: 0
C59: Retenciones Mensuales | F59: 0 | G59: 0
C60: Anticipos al IR | F60: 0 | G60: 0
C61: Declaraciones de Impuesto a la Renta | F61: 0 | G61: 0
C62: Personas Naturales | F62: 0 | G62: 0
C63: Personas Jurídicas | F63: 0 | G63: 0
C64: Herencias, Legados y Donaciones | F64: 0 | G64: 0
C65: Microempresas | F65: 0 | G65: 0
C66: Regularización de Activos en el Exterior | F66: 0 | G66: 0
C67: IVA Operaciones Internas | F67: 0 | G67: 0
C68: ICE Operaciones Internas | F68: 0 | G68: 0
C69: Impuesto Redimible Botellas Plásticas no Retornable | F69: 0 | G69: 0
C70: Impuesto a los Vehículos Motorizados | F70: 0 | G70: 0
... C79: Otros Ingresos(4) | F79: 0 | G79: 0
C80: (a) SUBTOTAL INTERNOS | F80: =SUM(F67:F79)+F58 -> 0 | G80: =SUM(G67:G79)+G58 -> 0
B82: IMPORTACIONES | C82: IVA Importaciones | F82: 0 | G82: 0
C83: ICE Importaciones | F83: 0 | G83: 0
C84: (b) SUBTOTAL IMPORTACIONES | F84: 0 | G84: =SUM(G82:G83) -> 0
A87: TOTAL CONTRIBUCIONES TEMPORALES | D87: =D89+D90 -> 0 | F87: =F89+F90 -> 0 | G87: =G89+G90 -> 0
B89: CONTRIBUCIONES TEMPORALES | C89: Contribución Temporal de Seguridad | D89: =D133 -> 0 | F89: =F133 -> 0 | G89: =G133-G75 -> 0
C90: Contribución Temporal Bancos y Cooperativas | D90: =D134 -> 0 | F90: =F134 -> 0 | G90: =G134-G76 -> 0
C91: SUBTOTAL CONTRIBUCIONES | G91: =SUM(G89:G90) -> 0
A94: AJUSTE RETENCIONES IVA PETROLERAS | F94: =F96 -> 0 | G94: =G96 -> 0
B96: IVA operaciones internas | C96: Ajuste retenciones IVA petroleras | F96: 0 | G96: 0
C97: SUBTOTAL AJUSTE IVA PETROLERAS | F97: =F96 -> 0 | G97: =SUM(G96:G96) -> 0
A101: (C=A+B) TOTAL RECAUDADO (CONSIDERANDO VALORES OCASIONALES)
D103: =+D8 -> Meta 2025 | F103: =+F8 -> Recaudación 2024 | G103: =+G8 -> Recaudación 2025 | I103: =+I8 -> Participación de la Recaudación 2025
A105: CLASIFICACIÓN | B105: INTERNOS | C105: Impuesto a la Renta Recaudado | I105: =+G127/G140 -> #DIV/0!
C106: Retenciones Mensuales (2)
C107: Autorretenciones (11)
C108: Utilidades no distribuidas(12)
C109: Anticipos al IR
C110: Declaraciones de Impuesto a la Renta (3)
C111: Personas Naturales
C112: Personas Jurídicas
C113: Herencias, Legados y Donaciones
C114: Microempresas
C115: Regularización de Activos en el Exterior
C116: IVA Operaciones Internas(9)
C117: ICE Operaciones Internas
... C126: Otros Ingresos(4)
C127: (a) SUBTOTAL INTERNOS | D127: =+D105+D116+D117+SUM(D118:D126) -> 0 | F127: =+F105+F116+F117+SUM(F118:F126) -> 0 | G127: =+G105+G116+G117+SUM(G118:G126) -> 0
B129: IMPORTACIONES | C129: IVA Importaciones | I129: =+G131/G140 -> #DIV/0!
C130: ICE Importaciones
C131: (b) SUBTOTAL IMPORTACIONES | D131: =SUM(D129:D130) -> 0 | F131: =SUM(F129:F130) -> 0 | G131: =SUM(G129:G130) -> 0
B133: CONTRIBUCIONES | C133: Contribución Temporal de Seguridad | I133: =+G135/G144 -> #DIV/0!
C134: Contribución Temporal Bancos y Cooperativas
C135: (c) SUBTOTAL CONTRIBUCIONES | D135: =SUM(D133:D134) -> 0 | F135: =SUM(F133:F134) -> 0 | G135: =SUM(G133:G134) -> 0
B137: DIRECTOS | D137: =D140-D138 -> 0 | F137: =F140-F138 -> 0 | G137: =G140-G138 -> 0 | I137: =+G137/$G$140 -> #DIV/0!
B138: INDIRECTOS | D138: =+D116+D117+D118+D131 -> 0 | F138: =+G116+G117+F118+F131 -> 0 | G138: =+G116+G117+G118+G131 -> 0 | I138: =+G138/$G$140 -> #DIV/0!
A140: TOTALES | B140: (d=a+b+c) RECAUDACIÓN BRUTA (5) | D140: =+D127+D131+D135 -> 0 | F140: =+F127+F131+F135 -> 0 | G140: =+G127+G131+G135 -> 0 | I140: 0 | J140: 4.8195943e-08 | K140: 3.259629e-09
B141: (e) Notas de Crédito
B142: (f) Compensaciones
B143: (g=d-e-f) RECAUDACIÓN EN EFECTIVO (6) | F143: =+F140-F141-F142 -> 0 | G143: =+G140-G141-G142 -> 0
B144: (h) Devoluciones (7)
B145: (i=g-h) RECAUCIÓN NETA (CONSIDERANDO VALORES OCASIONALES) (8) | F145: =+F143-F144 -> 0 | G145: =+G143-G144 -> 0
A146: Versión 1_Diciembre 2025 (actualizada 12/01/2026)
A147: Nota (1): Incluye todas sus formas de pago (valor bruto): Efectivo, Notas de crédito, Compensaciones y valores retenidos y no pagados, con el fin de analizar el desempeño de cada impuesto en forma objetiva.
...

Sheet Acum
A1: SERVICIO DE RENTAS INTERNAS
A2: RECAUDACIÓN NACIONAL(1)
A3: ENERO - SEPTIEMBRE 2026
A4: -miles de dólares-
A6: (A) TOTAL RECAUDADO (SIN CONSIDERAR VALORES OCASIONALES PARA EFECTOS DE COMPARACIÓN INTERANUAL)
D8: Meta (11) 2026 | F8: Recaudación 2025 | G8: Recaudación 2026 | I8: Participación de la Recaudación 2026
A10: CLASIFICACIÓN | B10: INTERNOS | C10: Impuesto a la Renta Recaudado | D10: ='Ene 2026'!D10+'Feb 2026'!D10+'Mar 2026'!D10+'Abr 2026'!D10+'May 2026'!D10+'Jun 2026'!D10+'Jul 2026'!D10+'Ago 2026'!D10+'Sept 2026'!D10+'Oct 2025'!D10+'Nov2025'!D10+'Dic2025'!D10 -> 6108210.7 | F10: ='Ene 2026'!F10+'Feb 2026'!F10+'Mar 2026'!F10+'Abr 2026'!F10+'May 2026'!F10+'Jun 2026'!F10+'Jul 2026'!F10+'Ago 2026'!F10+'Sept 2026'!F10+'Oct 2025'!F10+'Nov2025'!F10+'Dic2025'!F10 -> 5198682.7 | G10: ='Ene 2026'!G10+'Feb 2026'!G10+'Mar 2026'!G10+'Abr 2026'!G10+'May 2026'!G10+'Jun 2026'!G10+'Jul 2026'!G10+'Ago 2026'!G10+'Sept 2026'!G10+'Oct 2025'!G10+'Nov2025'!G10+'Dic2025'!G10 -> 6334906.9 | I10: =+G32/G41 -> 0.85939795
C11: Retenciones Mensuales (2) | D11: ='Ene 2026'!D11+'Feb 2026'!D11+'Mar 2026'!D11+'Abr 2026'!D11+'May 2026'!D11+'Jun 2026'!D11+'Jul 2026'!D11+'Ago 2026'!D11+'Sept 2026'!D11+'Oct 2025'!D11+'Nov2025'!D11+'Dic2025'!D11 -> 3219844.2 | F11: ='Ene 2026'!F11+'Feb 2026'!F11+'Mar 2026'!F11+'Abr 2026'!F11+'May 2026'!F11+'Jun 2026'!F11+'Jul 2026'!F11+'Ago 2026'!F11+'Sept 2026'!F11+'Oct 2025'!F11+'Nov2025'!F11+'Dic2025'!F11 -> 2689646.3 | G11: ='Ene 2026'!G11+'Feb 2026'!G11+'Mar 2026'!G11+'Abr 2026'!G11+'May 2026'!G11+'Jun 2026'!G11+'Jul 2026'!G11+'Ago 2026'!G11+'Sept 2026'!G11+'Oct 2025'!G11+'Nov2025'!G11+'Dic2025'!G11 -> 3318583.9
C12: Autorretenciones | D12: ='Ene 2026'!D12+'Feb 2026'!D12+'Mar 2026'!D12+'Abr 2026'!D12+'May 2026'!D12+'Jun 2026'!D12+'Jul 2026'!D12+'Ago 2026'!D12+'Sept 2026'!D12+'Oct 2025'!D12+'Nov2025'!D12+'Dic2025'!D12 -> 1764806.2 | F12: ='Ene 2026'!F12+'Feb 2026'!F12+'Mar 2026'!F12+'Abr 2026'!F12+'May 2026'!F12+'Jun 2026'!F12+'Jul 2026'!F12+'Ago 2026'!F12+'Sept 2026'!F12+'Oct 2025'!F12+'Nov2025'!F12+'Dic2025'!F12 -> 1561267.9 | G12: ='Ene 2026'!G12+'Feb 2026'!G12+'Mar 2026'!G12+'Abr 2026'!G12+'May 2026'!G12+'Jun 2026'!G12+'Jul 2026'!G12+'Ago 2026'!G12+'Sept 2026'!G12+'Oct 2025'!G12+'Nov2025'!G12+'Dic2025'!G12 -> 1762561.8
C13: Utilidades no distribuidas(9) | D13: ='Ene 2026'!D13+'Feb 2026'!D13+'Mar 2026'!D13+'Abr 2026'!D13+'May 2026'!D13+'Jun 2026'!D13+'Jul 2026'!D13+'Ago 2026'!D13+'Sept 2026'!D13+'Oct 2025'!D13+'Nov2025'!D13+'Dic2025'!D13 -> 16061.874 | F13: ='Ene 2026'!F13+'Feb 2026'!F13+'Mar 2026'!F13+'Abr 2026'!F13+'May 2026'!F13+'Jun 2026'!F13+'Jul 2026'!F13+'Ago 2026'!F13+'Sept 2026'!F13+'Oct 2025'!F13+'Nov2025'!F13+'Dic2025'!F13 -> 0 | G13: ='Ene 2026'!G13+'Feb 2026'!G13+'Mar 2026'!G13+'Abr 2026'!G13+'May 2026'!G13+'Jun 2026'!G13+'Jul 2026'!G13+'Ago 2026'!G13+'Sept 2026'!G13+'Oct 2025'!G13+'Nov2025'!G13+'Dic2025'!G13 -> 133785.49
C14: Anticipos al IR | D14: ='Ene 2026'!D14+'Feb 2026'!D14+'Mar 2026'!D14+'Abr 2026'!D14+'May 2026'!D14+'Jun 2026'!D14+'Jul 2026'!D14+'Ago 2026'!D14+'Sept 2026'!D14+'Oct 2025'!D14+'Nov2025'!D14+'Dic2025'!D14 -> 331.08787 | F14: ='Ene 2026'!F14+'Feb 2026'!F14+'Mar 2026'!F14+'Abr 2026'!F14+'May 2026'!F14+'Jun 2026'!F14+'Jul 2026'!F14+'Ago 2026'!F14+'Sept 2026'!F14+'Oct 2025'!F14+'Nov2025'!F14+'Dic2025'!F14 -> 509.32545 | G14: ='Ene 2026'!G14+'Feb 2026'!G14+'Mar 2026'!G14+'Abr 2026'!G14+'May 2026'!G14+'Jun 2026'!G14+'Jul 2026'!G14+'Ago 2026'!G14+'Sept 2026'!G14+'Oct 2025'!G14+'Nov2025'!G14+'Dic2025'!G14 -> 511.74039
C15: Declaraciones de Impuesto a la Renta (3) | D15: ='Ene 2026'!D15+'Feb 2026'!D15+'Mar 2026'!D15+'Abr 2026'!D15+'May 2026'!D15+'Jun 2026'!D15+'Jul 2026'!D15+'Ago 2026'!D15+'Sept 2026'!D15+'Oct 2025'!D15+'Nov2025'!D15+'Dic2025'!D15 -> 1107167.4 | F15: ='Ene 2026'!F15+'Feb 2026'!F15+'Mar 2026'!F15+'Abr 2026'!F15+'May 2026'!F15+'Jun 2026'!F15+'Jul 2026'!F15+'Ago 2026'!F15+'Sept 2026'!F15+'Oct 2025'!F15+'Nov2025'!F15+'Dic2025'!F15 -> 947259.17 | G15: ='Ene 2026'!G15+'Feb 2026'!G15+'Mar 2026'!G15+'Abr 2026'!G15+'May 2026'!G15+'Jun 2026'!G15+'Jul 2026'!G15+'Ago 2026'!G15+'Sept 2026'!G15+'Oct 2025'!G15+'Nov2025'!G15+'Dic2025'!G15 -> 1119464.1
C16: Personas Naturales | D16: ='Ene 2026'!D16+'Feb 2026'!D16+'Mar 2026'!D16+'Abr 2026'!D16+'May 2026'!D16+'Jun 2026'!D16+'Jul 2026'!D16+'Ago 2026'!D16+'Sept 2026'!D16+'Oct 2025'!D16+'Nov2025'!D16+'Dic2025'!D16 -> 260663.98 | F16: ='Ene 2026'!F16+'Feb 2026'!F16+'Mar 2026'!F16+'Abr 2026'!F16+'May 2026'!F16+'Jun 2026'!F16+'Jul 2026'!F16+'Ago 2026'!F16+'Sept 2026'!F16+'Oct 2025'!F16+'Nov2025'!F16+'Dic2025'!F16 -> 235333.26 | G16: ='Ene 2026'!G16+'Feb 2026'!G16+'Mar 2026'!G16+'Abr 2026'!G16+'May 2026'!G16+'Jun 2026'!G16+'Jul 2026'!G16+'Ago 2026'!G16+'Sept 2026'!G16+'Oct 2025'!G16+'Nov2025'!G16+'Dic2025'!G16 -> 259694.96
C17: Personas Jurídicas | D17: ='Ene 2026'!D17+'Feb 2026'!D17+'Mar 2026'!D17+'Abr 2026'!D17+'May 2026'!D17+'Jun 2026'!D17+'Jul 2026'!D17+'Ago 2026'!D17+'Sept 2026'!D17+'Oct 2025'!D17+'Nov2025'!D17+'Dic2025'!D17 -> 828618.9 | F17: ='Ene 2026'!F17+'Feb 2026'!F17+'Mar 2026'!F17+'Abr 2026'!F17+'May 2026'!F17+'Jun 2026'!F17+'Jul 2026'!F17+'Ago 2026'!F17+'Sept 2026'!F17+'Oct 2025'!F17+'Nov2025'!F17+'Dic2025'!F17 -> 690553.65 | G17: ='Ene 2026'!G17+'Feb 2026'!G17+'Mar 2026'!G17+'Abr 2026'!G17+'May 2026'!G17+'Jun 2026'!G17+'Jul 2026'!G17+'Ago 2026'!G17+'Sept 2026'!G17+'Oct 2025'!G17+'Nov2025'!G17+'Dic2025'!G17 -> 838789.12
C18: Herencias, Legados y Donaciones | D18: ='Ene 2026'!D18+'Feb 2026'!D18+'Mar 2026'!D18+'Abr 2026'!D18+'May 2026'!D18+'Jun 2026'!D18+'Jul 2026'!D18+'Ago 2026'!D18+'Sept 2026'!D18+'Oct 2025'!D18+'Nov2025'!D18+'Dic2025'!D18 -> 17551.998 | F18: ='Ene 2026'!F18+'Feb 2026'!F18+'Mar 2026'!F18+'Abr 2026'!F18+'May 2026'!F18+'Jun 2026'!F18+'Jul 2026'!F18+'Ago 2026'!F18+'Sept 2026'!F18+'Oct 2025'!F18+'Nov2025'!F18+'Dic2025'!F18 -> 20879.492 | G18: ='Ene 2026'!G18+'Feb 2026'!G18+'Mar 2026'!G18+'Abr 2026'!G18+'May 2026'!G18+'Jun 2026'!G18+'Jul 2026'!G18+'Ago 2026'!G18+'Sept 2026'!G18+'Oct 2025'!G18+'Nov2025'!G18+'Dic2025'!G18 -> 20581.395
C19: Microempresas | D19: ='Ene 2026'!D19+'Feb 2026'!D19+'Mar 2026'!D19+'Abr 2026'!D19+'May 2026'!D19+'Jun 2026'!D19+'Jul 2026'!D19+'Ago 2026'!D19+'Sept 2026'!D19+'Oct 2025'!D19+'Nov2025'!D19+'Dic2025'!D19 -> 332.47311 | F19: ='Ene 2026'!F19+'Feb 2026'!F19+'Mar 2026'!F19+'Abr 2026'!F19+'May 2026'!F19+'Jun 2026'!F19+'Jul 2026'!F19+'Ago 2026'!F19+'Sept 2026'!F19+'Oct 2025'!F19+'Nov2025'!F19+'Dic2025'!F19 -> 492.55065 | G19: ='Ene 2026'!G19+'Feb 2026'!G19+'Mar 2026'!G19+'Abr 2026'!G19+'May 2026'!G19+'Jun 2026'!G19+'Jul 2026'!G19+'Ago 2026'!G19+'Sept 2026'!G19+'Oct 2025'!G19+'Nov2025'!G19+'Dic2025'!G19 -> 398.57393
C20: Regularización de Activos en el Exterior | D20: ='Ene 2026'!D20+'Feb 2026'!D20+'Mar 2026'!D20+'Abr 2026'!D20+'May 2026'!D20+'Jun 2026'!D20+'Jul 2026'!D20+'Ago 2026'!D20+'Sept 2026'!D20+'Oct 2025'!D20+'Nov2025'!D20+'Dic2025'!D20 -> 0 | F20: ='Ene 2026'!F20+'Feb 2026'!F20+'Mar 2026'!F20+'Abr 2026'!F20+'May 2026'!F20+'Jun 2026'!F20+'Jul 2026'!F20+'Ago 2026'!F20+'Sept 2026'!F20+'Oct 2025'!F20+'Nov2025'!F20+'Dic2025'!F20 -> 0.21114 | G20: ='Ene 2026'!G20+'Feb 2026'!G20+'Mar 2026'!G20+'Abr 2026'!G20+'May 2026'!G20+'Jun 2026'!G20+'Jul 2026'!G20+'Ago 2026'!G20+'Sept 2026'!G20+'Oct 2025'!G20+'Nov2025'!G20+'Dic2025'!G20 -> 0
C21: IVA Operaciones Internas | D21: ='Ene 2026'!D21+'Feb 2026'!D21+'Mar 2026'!D21+'Abr 2026'!D21+'May 2026'!D21+'Jun 2026'!D21+'Jul 2026'!D21+'Ago 2026'!D21+'Sept 2026'!D21+'Oct 2025'!D21+'Nov2025'!D21+'Dic2025'!D21 -> 6812472.5 | F21: ='Ene 2026'!F21+'Feb 2026'!F21+'Mar 2026'!F21+'Abr 2026'!F21+'May 2026'!F21+'Jun 2026'!F21+'Jul 2026'!F21+'Ago 2026'!F21+'Sept 2026'!F21+'Oct 2025'!F21+'Nov2025'!F21+'Dic2025'!F21 -> 6072545.4 | G21: ='Ene 2026'!G21+'Feb 2026'!G21+'Mar 2026'!G21+'Abr 2026'!G21+'May 2026'!G21+'Jun 2026'!G21+'Jul 2026'!G21+'Ago 2026'!G21+'Sept 2026'!G21+'Oct 2025'!G21+'Nov2025'!G21+'Dic2025'!G21 -> 7027951.5
C22: ICE Operaciones Internas | D22: ='Ene 2026'!D22+'Feb 2026'!D22+'Mar 2026'!D22+'Abr 2026'!D22+'May 2026'!D22+'Jun 2026'!D22+'Jul 2026'!D22+'Ago 2026'!D22+'Sept 2026'!D22+'Oct 2025'!D22+'Nov2025'!D22+'Dic2025'!D22 -> 387045.31 | F22: ='Ene 2026'!F22+'Feb 2026'!F22+'Mar 2026'!F22+'Abr 2026'!F22+'May 2026'!F22+'Jun 2026'!F22+'Jul 2026'!F22+'Ago 2026'!F22+'Sept 2026'!F22+'Oct 2025'!F22+'Nov2025'!F22+'Dic2025'!F22 -> 378549.41 | G22: ='Ene 2026'!G22+'Feb 2026'!G22+'Mar 2026'!G22+'Abr 2026'!G22+'May 2026'!G22+'Jun 2026'!G22+'Jul 2026'!G22+'Ago 2026'!G22+'Sept 2026'!G22+'Oct 2025'!G22+'Nov2025'!G22+'Dic2025'!G22 -> 375909.28
... C31: Otros Ingresos(4) | D31: ='Ene 2026'!D31+'Feb 2026'!D31+'Mar 2026'!D31+'Abr 2026'!D31+'May 2026'!D31+'Jun 2026'!D31+'Jul 2026'!D31+'Ago 2026'!D31+'Sept 2026'!D31+'Oct 2025'!D31+'Nov2025'!D31+'Dic2025'!D31 -> 14296.422 | F31: ='Ene 2026'!F31+'Feb 2026'!F31+'Mar 2026'!F31+'Abr 2026'!F31+'May 2026'!F31+'Jun 2026'!F31+'Jul 2026'!F31+'Ago 2026'!F31+'Sept 2026'!F31+'Oct 2025'!F31+'Nov2025'!F31+'Dic2025'!F31 -> 15531.381 | G31: ='Ene 2026'!G31+'Feb 2026'!G31+'Mar 2026'!G31+'Abr 2026'!G31+'May 2026'!G31+'Jun 2026'!G31+'Jul 2026'!G31+'Ago 2026'!G31+'Sept 2026'!G31+'Oct 2025'!G31+'Nov2025'!G31+'Dic2025'!G31 -> 14397.51
C32: (a) SUBTOTAL INTERNOS | D32: =+D10+SUM(D21:D31) -> 15544074 | F32: =+F10+SUM(F21:F31) -> 13434767 | G32: =+G10+SUM(G21:G31) -> 16021833
B34: IMPORTACIONES | C34: IVA Importaciones | D34: ='Ene 2026'!D34+'Feb 2026'!D34+'Mar 2026'!D34+'Abr 2026'!D34+'May 2026'!D34+'Jun 2026'!D34+'Jul 2026'!D34+'Ago 2026'!D34+'Sept 2026'!D34+'Oct 2025'!D33+'Nov2025'!D34+'Dic2025'!D34 -> 2440476 | F34: ='Ene 2026'!F34+'Feb 2026'!F34+'Mar 2026'!F34+'Abr 2026'!F34+'May 2026'!F34+'Jun 2026'!F34+'Jul 2026'!F34+'Ago 2026'!F34+'Sept 2026'!F34+'Oct 2025'!F33+'Nov2025'!F34+'Dic2025'!F34 -> 2029754.2 | G34: ='Ene 2026'!G34+'Feb 2026'!G34+'Mar 2026'!G34+'Abr 2026'!G34+'May 2026'!G34+'Jun 2026'!G34+'Jul 2026'!G34+'Ago 2026'!G34+'Sept 2026'!G34+'Oct 2025'!G33+'Nov2025'!G34+'Dic2025'!G34 -> 2415638.7 | I34: =+G36/G41 -> 0.14060205
C35: ICE Importaciones | D35: ='Ene 2026'!D35+'Feb 2026'!D35+'Mar 2026'!D35+'Abr 2026'!D35+'May 2026'!D35+'Jun 2026'!D35+'Jul 2026'!D35+'Ago 2026'!D35+'Sept 2026'!D35+'Oct 2025'!D34+'Nov2025'!D35+'Dic2025'!D35 -> 207574.37 | F35: ='Ene 2026'!F35+'Feb 2026'!F35+'Mar 2026'!F35+'Abr 2026'!F35+'May 2026'!F35+'Jun 2026'!F35+'Jul 2026'!F35+'Ago 2026'!F35+'Sept 2026'!F35+'Oct 2025'!F34+'Nov2025'!F35+'Dic2025'!F35 -> 180647.32 | G35: ='Ene 2026'!G35+'Feb 2026'!G35+'Mar 2026'!G35+'Abr 2026'!G35+'May 2026'!G35+'Jun 2026'!G35+'Jul 2026'!G35+'Ago 2026'!G35+'Sept 2026'!G35+'Oct 2025'!G34+'Nov2025'!G35+'Dic2025'!G35 -> 205617.98
C36: (b) SUBTOTAL IMPORTACIONES | D36: =SUM(D34:D35) -> 2648050.4 | F36: =SUM(F34:F35) -> 2210401.5 | G36: =SUM(G34:G35) -> 2621256.7
B38: DIRECTOS | D38: =D41-D39 -> 8309459.6 | F38: =F41-F39 -> 6952291.3 | G38: =G41-G39 -> 8581846.9 | I38: =+G38/$G$41 -> 0.4603232
B39: INDIRECTOS | D39: =+D21+D22+D23+D36 -> 9882665.3 | F39: =+F21+F22+F23+F36 -> 8692877 | G39: =+G21+G22+G23+G36 -> 10061243 | I39: =+G39/$G$41 -> 0.5396768
A41: TOTALES | B41: (c=a+b) RECAUDACIÓN BRUTA (5) | D41: =+D32+D36 -> 18192125 | F41: =+F32+F36 -> 15645168 | G41: =+G32+G36 -> 18643090 | I41: =G41+G52-G130 -> 0
B42: (d) Notas de Crédito | F42: ='Ene 2026'!F42+'Feb 2026'!F42+'Mar 2026'!F42+'Abr 2026'!F42+'May 2026'!F42+'Jun 2026'!F42+'Jul 2026'!F42+'Ago 2026'!F42+'Sept 2026'!F42+'Oct 2025'!F41+'Nov2025'!F42+'Dic2025'!F42 -> 1626544.3 | G42: ='Ene 2026'!G42+'Feb 2026'!G42+'Mar 2026'!G42+'Abr 2026'!G42+'May 2026'!G42+'Jun 2026'!G42+'Jul 2026'!G42+'Ago 2026'!G42+'Sept 2026'!G42+'Oct 2025'!G41+'Nov2025'!G42+'Dic2025'!G42 -> 2510649.8 | I42: =F41+F52-F130 -> 0
B43: (e) Compensaciones | F43: ='Ene 2026'!F43+'Feb 2026'!F43+'Mar 2026'!F43+'Abr 2026'!F43+'May 2026'!F43+'Jun 2026'!F43+'Jul 2026'!F43+'Ago 2026'!F43+'Sept 2026'!F43+'Oct 2025'!F42+'Nov2025'!F43+'Dic2025'!F43 -> 47733.11 | G43: ='Ene 2026'!G43+'Feb 2026'!G43+'Mar 2026'!G43+'Abr 2026'!G43+'May 2026'!G43+'Jun 2026'!G43+'Jul 2026'!G43+'Ago 2026'!G43+'Sept 2026'!G43+'Oct 2025'!G42+'Nov2025'!G43+'Dic2025'!G43 -> 46159.127 | I43: =D41+D86-D130 -> 0
B44: (f=c-d-e) RECAUDACIÓN EN EFECTIVO (6) | F44: =+F41-F42-F43 -> 13970891 | G44: =+G41-G42-G43 -> 16086281
B45: (g) Devoluciones (7) | F45: ='Ene 2026'!F45+'Feb 2026'!F45+'Mar 2026'!F45+'Abr 2026'!F45+'May 2026'!F45+'Jun 2026'!F45+'Jul 2026'!F45+'Ago 2026'!F45+'Sept 2026'!F45+'Oct 2025'!F44+'Nov2025'!F45+'Dic2025'!F45 -> 436768.48 | G45: ='Ene 2026'!G45+'Feb 2026'!G45+'Mar 2026'!G45+'Abr 2026'!G45+'May 2026'!G45+'Jun 2026'!G45+'Jul 2026'!G45+'Ago 2026'!G45+'Sept 2026'!G45+'Oct 2025'!G44+'Nov2025'!G45+'Dic2025'!G45 -> 565624.31
B46: (h=f-g) RECAUCIÓN NETA (SIN CONSIDERAR VALORES OCASIONALES PARA EFECTOS DE COMPARACIÓN INTERANUAL)(8) | F46: =+F44-F45 -> 13534122 | G46: =+G44-G45 -> 15520657
A48: (B) VALORES OCASIONALES (NO CONSIDERADOS PARA EFECTOS DE COMPARACIÓN INTERANUAL)
D50: Meta 2024 | F50: =+F8 -> Recaudación 2025 | G50: =+G8 -> Recaudación 2026
A52: TOTAL VALORES OCASIONALES | F52: =F55+F86 -> 437349.07 | G52: =G55+G86 -> 150672
A55: TOTAL REMISIÓN | F55: =F80+F84 -> 107349.94 | G55: =SUM(G67:G79)+G58+G84 -> 0
A58: CLASIFICACIÓN | B58: INTERNOS | C58: Impuesto a la Renta Recaudado | F58: ='Ene 2026'!F58+'Feb 2026'!F58+'Mar 2026'!F58+'Abr 2026'!F58+'May 2026'!F58+'Jun 2026'!F58+'Jul 2026'!F58+'Ago 2026'!F58+'Sept 2026'!F58 -> 80792.661 | G58: ='Ene 2026'!G58+'Feb 2026'!G58+'Mar 2026'!G58+'Abr 2026'!G58+'May 2026'!G58+'Jun 2026'!G58+'Jul 2026'!G58+'Ago 2026'!G58+'Sept 2026'!G58 -> 0
C59: Retenciones Mensuales | F59: ='Ene 2026'!F59+'Feb 2026'!F59+'Mar 2026'!F59+'Abr 2026'!F59+'May 2026'!F59+'Jun 2026'!F59+'Jul 2026'!F59+'Ago 2026'!F59+'Sept 2026'!F59 -> 19428.389 | G59: ='Ene 2026'!G59+'Feb 2026'!G59+'Mar 2026'!G59+'Abr 2026'!G59+'May 2026'!G59+'Jun 2026'!G59+'Jul 2026'!G59+'Ago 2026'!G59+'Sept 2026'!G59 -> 0
C60: Anticipos al IR | F60: ='Ene 2026'!F60+'Feb 2026'!F60+'Mar 2026'!F60+'Abr 2026'!F60+'May 2026'!F60+'Jun 2026'!F60+'Jul 2026'!F60+'Ago 2026'!F60+'Sept 2026'!F60 -> 1207.6877 | G60: ='Ene 2026'!G60+'Feb 2026'!G60+'Mar 2026'!G60+'Abr 2026'!G60+'May 2026'!G60+'Jun 2026'!G60+'Jul 2026'!G60+'Ago 2026'!G60+'Sept 2026'!G60 -> 0
C61: Declaraciones de Impuesto a la Renta | F61: ='Ene 2026'!F61+'Feb 2026'!F61+'Mar 2026'!F61+'Abr 2026'!F61+'May 2026'!F61+'Jun 2026'!F61+'Jul 2026'!F61+'Ago 2026'!F61+'Sept 2026'!F61 -> 60156.584 | G61: ='Ene 2026'!G61+'Feb 2026'!G61+'Mar 2026'!G61+'Abr 2026'!G61+'May 2026'!G61+'Jun 2026'!G61+'Jul 2026'!G61+'Ago 2026'!G61+'Sept 2026'!G61 -> 0
C62: Personas Naturales | F62: ='Ene 2026'!F62+'Feb 2026'!F62+'Mar 2026'!F62+'Abr 2026'!F62+'May 2026'!F62+'Jun 2026'!F62+'Jul 2026'!F62+'Ago 2026'!F62+'Sept 2026'!F62 -> 8820.7879 | G62: ='Ene 2026'!G62+'Feb 2026'!G62+'Mar 2026'!G62+'Abr 2026'!G62+'May 2026'!G62+'Jun 2026'!G62+'Jul 2026'!G62+'Ago 2026'!G62+'Sept 2026'!G62 -> 0
C63: Personas Jurídicas | F63: ='Ene 2026'!F63+'Feb 2026'!F63+'Mar 2026'!F63+'Abr 2026'!F63+'May 2026'!F63+'Jun 2026'!F63+'Jul 2026'!F63+'Ago 2026'!F63+'Sept 2026'!F63 -> 50534.444 | G63: ='Ene 2026'!G63+'Feb 2026'!G63+'Mar 2026'!G63+'Abr 2026'!G63+'May 2026'!G63+'Jun 2026'!G63+'Jul 2026'!G63+'Ago 2026'!G63+'Sept 2026'!G63 -> 0
C64: Herencias, Legados y Donaciones | F64: ='Ene 2026'!F64+'Feb 2026'!F64+'Mar 2026'!F64+'Abr 2026'!F64+'May 2026'!F64+'Jun 2026'!F64+'Jul 2026'!F64+'Ago 2026'!F64+'Sept 2026'!F64 -> 633.33844 | G64: ='Ene 2026'!G64+'Feb 2026'!G64+'Mar 2026'!G64+'Abr 2026'!G64+'May 2026'!G64+'Jun 2026'!G64+'Jul 2026'!G64+'Ago 2026'!G64+'Sept 2026'!G64 -> 0
C65: Microempresas | F65: ='Ene 2026'!F65+'Feb 2026'!F65+'Mar 2026'!F65+'Abr 2026'!F65+'May 2026'!F65+'Jun 2026'!F65+'Jul 2026'!F65+'Ago 2026'!F65+'Sept 2026'!F65 -> 168.01348 | G65: ='Ene 2026'!G65+'Feb 2026'!G65+'Mar 2026'!G65+'Abr 2026'!G65+'May 2026'!G65+'Jun 2026'!G65+'Jul 2026'!G65+'Ago 2026'!G65+'Sept 2026'!G65 -> 0
C66: Regularización de Activos en el Exterior | F66: ='Ene 2026'!F66+'Feb 2026'!F66+'Mar 2026'!F66+'Abr 2026'!F66+'May 2026'!F66+'Jun 2026'!F66+'Jul 2026'!F66+'Ago 2026'!F66+'Sept 2026'!F66 -> 0 | G66: ='Ene 2026'!G66+'Feb 2026'!G66+'Mar 2026'!G66+'Abr 2026'!G66+'May 2026'!G66+'Jun 2026'!G66+'Jul 2026'!G66+'Ago 2026'!G66+'Sept 2026'!G66 -> 0
C67: IVA Operaciones Internas | F67: ='Ene 2026'!F67+'Feb 2026'!F67+'Mar 2026'!F67+'Abr 2026'!F67+'May 2026'!F67+'Jun 2026'!F67+'Jul 2026'!F67+'Ago 2026'!F67+'Sept 2026'!F67 -> 14345.771 | G67: ='Ene 2026'!G67+'Feb 2026'!G67+'Mar 2026'!G67+'Abr 2026'!G67+'May 2026'!G67+'Jun 2026'!G67+'Jul 2026'!G67+'Ago 2026'!G67+'Sept 2026'!G67 -> 0
C68: ICE Operaciones Internas | F68: ='Ene 2026'!F68+'Feb 2026'!F68+'Mar 2026'!F68+'Abr 2026'!F68+'May 2026'!F68+'Jun 2026'!F68+'Jul 2026'!F68+'Ago 2026'!F68+'Sept 2026'!F68 -> 1628.7595 | G68: ='Ene 2026'!G68+'Feb 2026'!G68+'Mar 2026'!G68+'Abr 2026'!G68+'May 2026'!G68+'Jun 2026'!G68+'Jul 2026'!G68+'Ago 2026'!G68+'Sept 2026'!G68 -> 0
C69: Impuesto Redimible Botellas Plásticas no Retornable | F69: ='Ene 2026'!F69+'Feb 2026'!F69+'Mar 2026'!F69+'Abr 2026'!F69+'May 2026'!F69+'Jun 2026'!F69+'Jul 2026'!F69+'Ago 2026'!F69+'Sept 2026'!F69 -> 39.76641 | G69: ='Ene 2026'!G69+'Feb 2026'!G69+'Mar 2026'!G69+'Abr 2026'!G69+'May 2026'!G69+'Jun 2026'!G69+'Jul 2026'!G69+'Ago 2026'!G69+'Sept 2026'!G69 -> 0
C70: Impuesto a los Vehículos Motorizados | F70: ='Ene 2026'!F70+'Feb 2026'!F70+'Mar 2026'!F70+'Abr 2026'!F70+'May 2026'!F70+'Jun 2026'!F70+'Jul 2026'!F70+'Ago 2026'!F70+'Sept 2026'!F70 -> 4131.8569 | G70: ='Ene 2026'!G70+'Feb 2026'!G70+'Mar 2026'!G70+'Abr 2026'!G70+'May 2026'!G70+'Jun 2026'!G70+'Jul 2026'!G70+'Ago 2026'!G70+'Sept 2026'!G70 -> 0
... C79: Otros Ingresos(4) | F79: ='Ene 2026'!F79+'Feb 2026'!F79+'Mar 2026'!F79+'Abr 2026'!F79+'May 2026'!F79+'Jun 2026'!F79+'Jul 2026'!F79+'Ago 2026'!F79+'Sept 2026'!F79 -> 3386.9646 | G79: ='Ene 2026'!G79+'Feb 2026'!G79+'Mar 2026'!G79+'Abr 2026'!G79+'May 2026'!G79+'Jun 2026'!G79+'Jul 2026'!G79+'Ago 2026'!G79+'Sept 2026'!G79 -> 0
C80: (a) SUBTOTAL INTERNOS | F80: =SUM(F67:F79)+F58 -> 107256.67 | G80: =SUM(G67:G79)+G58 -> 0
B82: IMPORTACIONES | C82: IVA Importaciones | F82: ='Ene 2026'!F82+'Feb 2026'!F82+'Mar 2026'!F82+'Abr 2026'!F82+'May 2026'!F82+'Jun 2026'!F82+'Jul 2026'!F84+'Ago 2026'!F82+'Sept 2026'!F82 -> 0 | G82: ='Ene 2026'!G82+'Feb 2026'!G82+'Mar 2026'!G82+'Abr 2026'!G82+'May 2026'!G82+'Jun 2026'!G82+'Jul 2026'!G84+'Ago 2026'!G82+'Sept 2026'!G82 -> 0
C83: ICE Importaciones | F83: ='Ene 2026'!F83+'Feb 2026'!F83+'Mar 2026'!F83+'Abr 2026'!F83+'May 2026'!F83+'Jun 2026'!F83+'Jul 2026'!F85+'Ago 2026'!F83+'Sept 2026'!F83 -> 93.27094 | G83: ='Ene 2026'!G83+'Feb 2026'!G83+'Mar 2026'!G83+'Abr 2026'!G83+'May 2026'!G83+'Jun 2026'!G83+'Jul 2026'!G85+'Ago 2026'!G83+'Sept 2026'!G83 -> 0
C84: SUBTOTAL | F84: =SUM(F82:F83) -> 93.27094 | G84: =SUM(G82:G83) -> 0
B86: OCASIONALES | C86: OTROS OCASIONALES | D86: =D88+D87 -> 150429.9 | F86: =F88+F87 -> 329999.14 | G86: =G88+G87 -> 150672
C87: Contribución Temporal de Seguridad | D87: ='Ene 2026'!D87+'Feb 2026'!D87+'Mar 2026'!D87+'Abr 2026'!D87+'May 2026'!D87+'Jun 2026'!D87+'Jul 2026'!D87+'Ago 2026'!D87+'Sept 2026'!D87+'Oct 2025'!D87+'Nov2025'!D87+'Dic2025'!D87 -> 305.43238 | F87: ='Ene 2026'!F87+'Feb 2026'!F87+'Mar 2026'!F87+'Abr 2026'!F87+'May 2026'!F87+'Jun 2026'!F87+'Jul 2026'!F87+'Ago 2026'!F87+'Sept 2026'!F87+'Oct 2025'!F87+'Nov2025'!F87+'Dic2025'!F87 -> 329999.14 | G87: ='Ene 2026'!G87+'Feb 2026'!G87+'Mar 2026'!G87+'Abr 2026'!G87+'May 2026'!G87+'Jun 2026'!G87+'Jul 2026'!G87+'Ago 2026'!G87+'Sept 2026'!G87+'Oct 2025'!G87+'Nov2025'!G87+'Dic2025'!G87 -> 322.37831
C88: Tasa Servicio Aduanero (10) | D88: =D124 -> 150124.47 | F88: =F124 -> 0 | G88: =G124 -> 150349.62
A91: (C=A+B) TOTAL RECAUDADO (CONSIDERANDO VALORES OCASIONALES)
D93: =+D8 -> Meta (11) 2026 | F93: =+F8 -> Recaudación 2025 | G93: =+G8 -> Recaudación 2026 | I93: =+I8 -> Participación de la Recaudación 2026
A95: CLASIFICACIÓN | B95: INTERNOS | C95: Impuesto a la Renta Recaudado | D95: ='Ene 2026'!D95+'Feb 2026'!D95+'Mar 2026'!D95+'Abr 2026'!D95+'May 2026'!D95+'Jun 2026'!D95+'Jul 2026'!D95+'Ago 2026'!D95+'Sept 2026'!D95+'Oct 2025'!D104+'Nov2025'!D105+'Dic2025'!D105 -> 6108210.7 | F95: ='Ene 2026'!F95+'Feb 2026'!F95+'Mar 2026'!F95+'Abr 2026'!F95+'May 2026'!F95+'Jun 2026'!F95+'Jul 2026'!F95+'Ago 2026'!F95+'Sept 2026'!F95+'Oct 2025'!F104+'Nov2025'!F105+'Dic2025'!F105 -> 5279475.3 | G95: ='Ene 2026'!G95+'Feb 2026'!G95+'Mar 2026'!G95+'Abr 2026'!G95+'May 2026'!G95+'Jun 2026'!G95+'Jul 2026'!G95+'Ago 2026'!G95+'Sept 2026'!G95+'Oct 2025'!G104+'Nov2025'!G105+'Dic2025'!G105 -> 6334906.9 | I95: =+G117/G130 -> 0.85250805
C96: Retenciones Mensuales (2) | D96: ='Ene 2026'!D96+'Feb 2026'!D96+'Mar 2026'!D96+'Abr 2026'!D96+'May 2026'!D96+'Jun 2026'!D96+'Jul 2026'!D96+'Ago 2026'!D96+'Sept 2026'!D96+'Oct 2025'!D105+'Nov2025'!D106+'Dic2025'!D106 -> 3219844.2 | E96: ='Ene 2026'!E96+'Feb 2026'!E96 -> 0 | F96: ='Ene 2026'!F96+'Feb 2026'!F96+'Mar 2026'!F96+'Abr 2026'!F96+'May 2026'!F96+'Jun 2026'!F96+'Jul 2026'!F96+'Ago 2026'!F96+'Sept 2026'!F96+'Oct 2025'!F105+'Nov2025'!F106+'Dic2025'!F106 -> 2709074.7 | G96: ='Ene 2026'!G96+'Feb 2026'!G96+'Mar 2026'!G96+'Abr 2026'!G96+'May 2026'!G96+'Jun 2026'!G96+'Jul 2026'!G96+'Ago 2026'!G96+'Sept 2026'!G96+'Oct 2025'!G105+'Nov2025'!G106+'Dic2025'!G106 -> 3318583.9
C97: Autorretenciones | D97: ='Ene 2026'!D97+'Feb 2026'!D97+'Mar 2026'!D97+'Abr 2026'!D97+'May 2026'!D97+'Jun 2026'!D97+'Jul 2026'!D97+'Ago 2026'!D97+'Sept 2026'!D97+'Oct 2025'!D106+'Nov2025'!D107+'Dic2025'!D107 -> 1764806.2 | F97: ='Ene 2026'!F97+'Feb 2026'!F97+'Mar 2026'!F97+'Abr 2026'!F97+'May 2026'!F97+'Jun 2026'!F97+'Jul 2026'!F97+'Ago 2026'!F97+'Sept 2026'!F97+'Oct 2025'!F106+'Nov2025'!F107+'Dic2025'!F107 -> 1561267.9 | G97: ='Ene 2026'!G97+'Feb 2026'!G97+'Mar 2026'!G97+'Abr 2026'!G97+'May 2026'!G97+'Jun 2026'!G97+'Jul 2026'!G97+'Ago 2026'!G97+'Sept 2026'!G97+'Oct 2025'!G106+'Nov2025'!G107+'Dic2025'!G107 -> 1762561.8
C98: Utilidades no distribuidas(9) | D98: ='Ene 2026'!D98+'Feb 2026'!D98+'Mar 2026'!D98+'Abr 2026'!D98+'May 2026'!D98+'Jun 2026'!D98+'Jul 2026'!D98+'Ago 2026'!D98+'Sept 2026'!D98+'Oct 2025'!D107+'Nov2025'!D108+'Dic2025'!D108 -> 16061.874 | F98: ='Ene 2026'!F98+'Feb 2026'!F98+'Mar 2026'!F98+'Abr 2026'!F98+'May 2026'!F98+'Jun 2026'!F98+'Jul 2026'!F98+'Ago 2026'!F98+'Sept 2026'!F98+'Oct 2025'!F107+'Nov2025'!F108+'Dic2025'!F108 -> 0 | G98: ='Ene 2026'!G98+'Feb 2026'!G98+'Mar 2026'!G98+'Abr 2026'!G98+'May 2026'!G98+'Jun 2026'!G98+'Jul 2026'!G98+'Ago 2026'!G98+'Sept 2026'!G98+'Oct 2025'!G107+'Nov2025'!G108+'Dic2025'!G108 -> 133785.49
C99: Anticipos al IR | D99: ='Ene 2026'!D99+'Feb 2026'!D99+'Mar 2026'!D99+'Abr 2026'!D99+'May 2026'!D99+'Jun 2026'!D99+'Jul 2026'!D99+'Ago 2026'!D99+'Sept 2026'!D99+'Oct 2025'!D108+'Nov2025'!D109+'Dic2025'!D109 -> 331.08787 | F99: ='Ene 2026'!F99+'Feb 2026'!F99+'Mar 2026'!F99+'Abr 2026'!F99+'May 2026'!F99+'Jun 2026'!F99+'Jul 2026'!F99+'Ago 2026'!F99+'Sept 2026'!F99+'Oct 2025'!F108+'Nov2025'!F109+'Dic2025'!F109 -> 1717.0132 | G99: ='Ene 2026'!G99+'Feb 2026'!G99+'Mar 2026'!G99+'Abr 2026'!G99+'May 2026'!G99+'Jun 2026'!G99+'Jul 2026'!G99+'Ago 2026'!G99+'Sept 2026'!G99+'Oct 2025'!G108+'Nov2025'!G109+'Dic2025'!G109 -> 511.74039
C100: Declaraciones de Impuesto a la Renta (3) | D100: ='Ene 2026'!D100+'Feb 2026'!D100+'Mar 2026'!D100+'Abr 2026'!D100+'May 2026'!D100+'Jun 2026'!D100+'Jul 2026'!D100+'Ago 2026'!D100+'Sept 2026'!D100+'Oct 2025'!D109+'Nov2025'!D110+'Dic2025'!D110 -> 1107167.4 | F100: ='Ene 2026'!F100+'Feb 2026'!F100+'Mar 2026'!F100+'Abr 2026'!F100+'May 2026'!F100+'Jun 2026'!F100+'Jul 2026'!F100+'Ago 2026'!F100+'Sept 2026'!F100+'Oct 2025'!F109+'Nov2025'!F110+'Dic2025'!F110 -> 1007415.8 | G100: ='Ene 2026'!G100+'Feb 2026'!G100+'Mar 2026'!G100+'Abr 2026'!G100+'May 2026'!G100+'Jun 2026'!G100+'Jul 2026'!G100+'Ago 2026'!G100+'Sept 2026'!G100+'Oct 2025'!G109+'Nov2025'!G110+'Dic2025'!G110 -> 1119464.1
C101: Personas Naturales | D101: ='Ene 2026'!D101+'Feb 2026'!D101+'Mar 2026'!D101+'Abr 2026'!D101+'May 2026'!D101+'Jun 2026'!D101+'Jul 2026'!D101+'Ago 2026'!D101+'Sept 2026'!D101+'Oct 2025'!D110+'Nov2025'!D111+'Dic2025'!D111 -> 260663.98 | F101: ='Ene 2026'!F101+'Feb 2026'!F101+'Mar 2026'!F101+'Abr 2026'!F101+'May 2026'!F101+'Jun 2026'!F101+'Jul 2026'!F101+'Ago 2026'!F101+'Sept 2026'!F101+'Oct 2025'!F110+'Nov2025'!F111+'Dic2025'!F111 -> 244154.05 | G101: ='Ene 2026'!G101+'Feb 2026'!G101+'Mar 2026'!G101+'Abr 2026'!G101+'May 2026'!G101+'Jun 2026'!G101+'Jul 2026'!G101+'Ago 2026'!G101+'Sept 2026'!G101+'Oct 2025'!G110+'Nov2025'!G111+'Dic2025'!G111 -> 259694.96
C102: Personas Jurídicas | D102: ='Ene 2026'!D102+'Feb 2026'!D102+'Mar 2026'!D102+'Abr 2026'!D102+'May 2026'!D102+'Jun 2026'!D102+'Jul 2026'!D102+'Ago 2026'!D102+'Sept 2026'!D102+'Oct 2025'!D111+'Nov2025'!D112+'Dic2025'!D112 -> 828618.9 | F102: ='Ene 2026'!F102+'Feb 2026'!F102+'Mar 2026'!F102+'Abr 2026'!F102+'May 2026'!F102+'Jun 2026'!F102+'Jul 2026'!F102+'Ago 2026'!F102+'Sept 2026'!F102+'Oct 2025'!F111+'Nov2025'!F112+'Dic2025'!F112 -> 741088.1 | G102: ='Ene 2026'!G102+'Feb 2026'!G102+'Mar 2026'!G102+'Abr 2026'!G102+'May 2026'!G102+'Jun 2026'!G102+'Jul 2026'!G102+'Ago 2026'!G102+'Sept 2026'!G102+'Oct 2025'!G111+'Nov2025'!G112+'Dic2025'!G112 -> 838789.12
C103: Herencias, Legados y Donaciones | D103: ='Ene 2026'!D103+'Feb 2026'!D103+'Mar 2026'!D103+'Abr 2026'!D103+'May 2026'!D103+'Jun 2026'!D103+'Jul 2026'!D103+'Ago 2026'!D103+'Sept 2026'!D103+'Oct 2025'!D112+'Nov2025'!D113+'Dic2025'!D113 -> 17551.998 | F103: ='Ene 2026'!F103+'Feb 2026'!F103+'Mar 2026'!F103+'Abr 2026'!F103+'May 2026'!F103+'Jun 2026'!F103+'Jul 2026'!F103+'Ago 2026'!F103+'Sept 2026'!F103+'Oct 2025'!F112+'Nov2025'!F113+'Dic2025'!F113 -> 21512.831 | G103: ='Ene 2026'!G103+'Feb 2026'!G103+'Mar 2026'!G103+'Abr 2026'!G103+'May 2026'!G103+'Jun 2026'!G103+'Jul 2026'!G103+'Ago 2026'!G103+'Sept 2026'!G103+'Oct 2025'!G112+'Nov2025'!G113+'Dic2025'!G113 -> 20581.395
C104: Microempresas | D104: ='Ene 2026'!D104+'Feb 2026'!D104+'Mar 2026'!D104+'Abr 2026'!D104+'May 2026'!D104+'Jun 2026'!D104+'Jul 2026'!D104+'Ago 2026'!D104+'Sept 2026'!D104+'Oct 2025'!D113+'Nov2025'!D114+'Dic2025'!D114 -> 332.47311 | F104: ='Ene 2026'!F104+'Feb 2026'!F104+'Mar 2026'!F104+'Abr 2026'!F104+'May 2026'!F104+'Jun 2026'!F104+'Jul 2026'!F104+'Ago 2026'!F104+'Sept 2026'!F104+'Oct 2025'!F113+'Nov2025'!F114+'Dic2025'!F114 -> 660.56413 | G104: ='Ene 2026'!G104+'Feb 2026'!G104+'Mar 2026'!G104+'Abr 2026'!G104+'May 2026'!G104+'Jun 2026'!G104+'Jul 2026'!G104+'Ago 2026'!G104+'Sept 2026'!G104+'Oct 2025'!G113+'Nov2025'!G114+'Dic2025'!G114 -> 398.57393
C105: Regularización de Activos en el Exterior | D105: ='Ene 2026'!D105+'Feb 2026'!D105+'Mar 2026'!D105+'Abr 2026'!D105+'May 2026'!D105+'Jun 2026'!D105+'Jul 2026'!D105+'Ago 2026'!D105+'Sept 2026'!D105+'Oct 2025'!D114+'Nov2025'!D115+'Dic2025'!D115 -> 0 | F105: ='Ene 2026'!F105+'Feb 2026'!F105+'Mar 2026'!F105+'Abr 2026'!F105+'May 2026'!F105+'Jun 2026'!F105+'Jul 2026'!F105+'Ago 2026'!F105+'Sept 2026'!F105+'Oct 2025'!F114+'Nov2025'!F115+'Dic2025'!F115 -> 0.21114 | G105: ='Ene 2026'!G105+'Feb 2026'!G105+'Mar 2026'!G105+'Abr 2026'!G105+'May 2026'!G105+'Jun 2026'!G105+'Jul 2026'!G105+'Ago 2026'!G105+'Sept 2026'!G105+'Oct 2025'!G114+'Nov2025'!G115+'Dic2025'!G115 -> 0
C106: IVA Operaciones Internas | D106: ='Ene 2026'!D106+'Feb 2026'!D106+'Mar 2026'!D106+'Abr 2026'!D106+'May 2026'!D106+'Jun 2026'!D106+'Jul 2026'!D106+'Ago 2026'!D106+'Sept 2026'!D106+'Oct 2025'!D115+'Nov2025'!D116+'Dic2025'!D116 -> 6812472.5 | F106: ='Ene 2026'!F106+'Feb 2026'!F106+'Mar 2026'!F106+'Abr 2026'!F106+'May 2026'!F106+'Jun 2026'!F106+'Jul 2026'!F106+'Ago 2026'!F106+'Sept 2026'!F106+'Oct 2025'!F115+'Nov2025'!F116+'Dic2025'!F116 -> 6086891.1 | G106: ='Ene 2026'!G106+'Feb 2026'!G106+'Mar 2026'!G106+'Abr 2026'!G106+'May 2026'!G106+'Jun 2026'!G106+'Jul 2026'!G106+'Ago 2026'!G106+'Sept 2026'!G106+'Oct 2025'!G115+'Nov2025'!G116+'Dic2025'!G116 -> 7027951.5
C107: ICE Operaciones Internas | D107: ='Ene 2026'!D107+'Feb 2026'!D107+'Mar 2026'!D107+'Abr 2026'!D107+'May 2026'!D107+'Jun 2026'!D107+'Jul 2026'!D107+'Ago 2026'!D107+'Sept 2026'!D107+'Oct 2025'!D116+'Nov2025'!D117+'Dic2025'!D117 -> 387045.31 | F107: ='Ene 2026'!F107+'Feb 2026'!F107+'Mar 2026'!F107+'Abr 2026'!F107+'May 2026'!F107+'Jun 2026'!F107+'Jul 2026'!F107+'Ago 2026'!F107+'Sept 2026'!F107+'Oct 2025'!F116+'Nov2025'!F117+'Dic2025'!F117 -> 380178.17 | G107: ='Ene 2026'!G107+'Feb 2026'!G107+'Mar 2026'!G107+'Abr 2026'!G107+'May 2026'!G107+'Jun 2026'!G107+'Jul 2026'!G107+'Ago 2026'!G107+'Sept 2026'!G107+'Oct 2025'!G116+'Nov2025'!G117+'Dic2025'!G117 -> 375909.28
C108: Impuesto Redimible Botellas Plásticas no Retornable | D108: ='Ene 2026'!D108+'Feb 2026'!D108+'Mar 2026'!D108+'Abr 2026'!D108+'May 2026'!D108+'Jun 2026'!D108+'Jul 2026'!D108+'Ago 2026'!D108+'Sept 2026'!D108+'Oct 2025'!D117+'Nov2025'!D118+'Dic2025'!D118 -> 35097.054 | F108: ='Ene 2026'!F108+'Feb 2026'!F108+'Mar 2026'!F108+'Abr 2026'!F108+'May 2026'!F108+'Jun 2026'!F108+'Jul 2026'!F108+'Ago 2026'!F108+'Sept 2026'!F108+'Oct 2025'!F117+'Nov2025'!F118+'Dic2025'!F118 -> 31420.486 | G108: ='Ene 2026'!G108+'Feb 2026'!G108+'Mar 2026'!G108+'Abr 2026'!G108+'May 2026'!G108+'Jun 2026'!G108+'Jul 2026'!G108+'Ago 2026'!G108+'Sept 2026'!G108+'Oct 2025'!G117+'Nov2025'!G118+'Dic2025'!G118 -> 36125.745
... C114: Intereses por Mora Tributaria | D114: ='Ene 2026'!D114+'Feb 2026'!D114+'Mar 2026'!D114+'Abr 2026'!D114+'May 2026'!D114+'Jun 2026'!D114+'Jul 2026'!D114+'Ago 2026'!D114+'Sept 2026'!D114+'Oct 2025'!D123+'Nov2025'!D124+'Dic2025'!D124 -> 31555.264 | F114: ='Ene 2026'!F114+'Feb 2026'!F114+'Mar 2026'!F114+'Abr 2026'!F114+'May 2026'!F114+'Jun 2026'!F114+'Jul 2026'!F114+'Ago 2026'!F114+'Sept 2026'!F114+'Oct 2025'!F123+'Nov2025'!F124+'Dic2025'!F124 -> 37060.98 | G114: ='Ene 2026'!G114+'Feb 2026'!G114+'Mar 2026'!G114+'Abr 2026'!G114+'May 2026'!G114+'Jun 2026'!G114+'Jul 2026'!G114+'Ago 2026'!G114+'Sept 2026'!G114+'Oct 2025'!G123+'Nov2025'!G124+'Dic2025'!G124 -> 33814.808
C115: Multas Tributarias Fiscales | D115: ='Ene 2026'!D115+'Feb 2026'!D115+'Mar 2026'!D115+'Abr 2026'!D115+'May 2026'!D115+'Jun 2026'!D115+'Jul 2026'!D115+'Ago 2026'!D115+'Sept 2026'!D115+'Oct 2025'!D124+'Nov2025'!D125+'Dic2025'!D125 -> 53602.264 | E115: ='Ene 2026'!E115+'Feb 2026'!E115 -> 0 | F115: ='Ene 2026'!F115+'Feb 2026'!F115+'Mar 2026'!F115+'Abr 2026'!F115+'May 2026'!F115+'Jun 2026'!F115+'Jul 2026'!F115+'Ago 2026'!F115+'Sept 2026'!F115+'Oct 2025'!F124+'Nov2025'!F125+'Dic2025'!F125 -> 42145.931 | G115: ='Ene 2026'!G115+'Feb 2026'!G115+'Mar 2026'!G115+'Abr 2026'!G115+'May 2026'!G115+'Jun 2026'!G115+'Jul 2026'!G115+'Ago 2026'!G115+'Sept 2026'!G115+'Oct 2025'!G124+'Nov2025'!G125+'Dic2025'!G125 -> 55175.564
C116: Otros Ingresos(4) | D116: ='Ene 2026'!D116+'Feb 2026'!D116+'Mar 2026'!D116+'Abr 2026'!D116+'May 2026'!D116+'Jun 2026'!D116+'Jul 2026'!D116+'Ago 2026'!D116+'Sept 2026'!D116+'Oct 2025'!D125+'Nov2025'!D126+'Dic2025'!D126 -> 14296.422 | E116: ='Ene 2026'!E116+'Feb 2026'!E116 -> 0 | F116: ='Ene 2026'!F116+'Feb 2026'!F116+'Mar 2026'!F116+'Abr 2026'!F116+'May 2026'!F116+'Jun 2026'!F116+'Jul 2026'!F116+'Ago 2026'!F116+'Sept 2026'!F116+'Oct 2025'!F125+'Nov2025'!F126+'Dic2025'!F126 -> 19039.652 | G116: ='Ene 2026'!G116+'Feb 2026'!G116+'Mar 2026'!G116+'Abr 2026'!G116+'May 2026'!G116+'Jun 2026'!G116+'Jul 2026'!G116+'Ago 2026'!G116+'Sept 2026'!G116+'Oct 2025'!G125+'Nov2025'!G126+'Dic2025'!G126 -> 14397.51
C117: (a) SUBTOTAL INTERNOS | D117: =+D95+D106+D107+SUM(D108:D116) -> 15544074 | F117: =+F95+F106+F107+SUM(F108:F116) -> 13541874 | G117: =+G95+G106+G107+SUM(G108:G116) -> 16021833
B119: IMPORTACIONES | C119: IVA Importaciones | D119: ='Ene 2026'!D119+'Feb 2026'!D119+'Mar 2026'!D119+'Abr 2026'!D119+'May 2026'!D119+'Jun 2026'!D119+'Jul 2026'!D119+'Ago 2026'!D119+'Sept 2026'!D119+'Oct 2025'!D128+'Nov2025'!D129+'Dic2025'!D129 -> 2440476 | E119: ='Ene 2026'!E119+'Feb 2026'!E119 -> 0 | F119: ='Ene 2026'!F119+'Feb 2026'!F119+'Mar 2026'!F119+'Abr 2026'!F119+'May 2026'!F119+'Jun 2026'!F119+'Jul 2026'!F119+'Ago 2026'!F119+'Sept 2026'!F119+'Oct 2025'!F128+'Nov2025'!F129+'Dic2025'!F129 -> 2029754.2 | G119: ='Ene 2026'!G119+'Feb 2026'!G119+'Mar 2026'!G119+'Abr 2026'!G119+'May 2026'!G119+'Jun 2026'!G119+'Jul 2026'!G119+'Ago 2026'!G119+'Sept 2026'!G119+'Oct 2025'!G128+'Nov2025'!G129+'Dic2025'!G129 -> 2415638.7 | I119: =+G121/G130 -> 0.13947483
C120: ICE Importaciones | D120: ='Ene 2026'!D120+'Feb 2026'!D120+'Mar 2026'!D120+'Abr 2026'!D120+'May 2026'!D120+'Jun 2026'!D120+'Jul 2026'!D120+'Ago 2026'!D120+'Sept 2026'!D120+'Oct 2025'!D129+'Nov2025'!D130+'Dic2025'!D130 -> 207574.37 | E120: ='Ene 2026'!E120+'Feb 2026'!E120 -> 0 | F120: ='Ene 2026'!F120+'Feb 2026'!F120+'Mar 2026'!F120+'Abr 2026'!F120+'May 2026'!F120+'Jun 2026'!F120+'Jul 2026'!F120+'Ago 2026'!F120+'Sept 2026'!F120+'Oct 2025'!F129+'Nov2025'!F130+'Dic2025'!F130 -> 180740.59 | G120: ='Ene 2026'!G120+'Feb 2026'!G120+'Mar 2026'!G120+'Abr 2026'!G120+'May 2026'!G120+'Jun 2026'!G120+'Jul 2026'!G120+'Ago 2026'!G120+'Sept 2026'!G120+'Oct 2025'!G129+'Nov2025'!G130+'Dic2025'!G130 -> 205617.98
C121: (b) SUBTOTAL IMPORTACIONES | D121: =SUM(D119:D120) -> 2648050.4 | F121: =SUM(F119:F120) -> 2210494.8 | G121: =SUM(G119:G120) -> 2621256.7
B123: OCASIONALES | C123: Contribución Temporal de Seguridad | D123: ='Ene 2026'!D123+'Feb 2026'!D123+'Mar 2026'!D123+'Abr 2026'!D123+'May 2026'!D123+'Jun 2026'!D123+'Jul 2026'!D123+'Ago 2026'!D123+'Sept 2026'!D123+'Oct 2025'!D132+'Nov2025'!D133+'Dic2025'!D133 -> 305.43238 | E123: ='Ene 2026'!E123+'Feb 2026'!E123 -> 0 | F123: ='Ene 2026'!F123+'Feb 2026'!F123+'Mar 2026'!F123+'Abr 2026'!F123+'May 2026'!F123+'Jun 2026'!F123+'Jul 2026'!F123+'Ago 2026'!F123+'Sept 2026'!F123+'Oct 2025'!F132+'Nov2025'!F133+'Dic2025'!F133 -> 330148.61 | G123: ='Ene 2026'!G123+'Feb 2026'!G123+'Mar 2026'!G123+'Abr 2026'!G123+'May 2026'!G123+'Jun 2026'!G123+'Jul 2026'!G123+'Ago 2026'!G123+'Sept 2026'!G123+'Oct 2025'!G132+'Nov2025'!G133+'Dic2025'!G133 -> 322.37831 | I123: =+G125/$G$130 -> 0.0080171282
C124: Tasa Servicio Aduanero (10) | D124: ='Ene 2026'!D124+'Feb 2026'!D124+'Mar 2026'!D124+'Abr 2026'!D124+'May 2026'!D124+'Jun 2026'!D124+'Jul 2026'!D124+'Ago 2026'!D124+'Sept 2026'!D124+'Oct 2025'!D133+'Nov2025'!D134+'Dic2025'!D134 -> 150124.47 | E124: ='Ene 2026'!E124+'Feb 2026'!E124 -> 0 | F124: ='Ene 2026'!F124+'Feb 2026'!F124+'Mar 2026'!F124+'Abr 2026'!F124+'May 2026'!F124+'Jun 2026'!F124+'Jul 2026'!F124+'Ago 2026'!F124+'Sept 2026'!F124+'Oct 2025'!F133+'Nov2025'!F134+'Dic2025'!F134 -> 0 | G124: ='Ene 2026'!G124+'Feb 2026'!G124+'Mar 2026'!G124+'Abr 2026'!G124+'May 2026'!G124+'Jun 2026'!G124+'Jul 2026'!G124+'Ago 2026'!G124+'Sept 2026'!G124+'Oct 2025'!G133+'Nov2025'!G134+'Dic2025'!G134 -> 150349.62
C125: (b) SUBTOTAL OCASIONALES | D125: =SUM(D123:D124) -> 150429.9 | F125: =SUM(F123:F124) -> 330148.61 | G125: =SUM(G123:G124) -> 150672
B127: DIRECTOS | D127: =D130-D128 -> 8459889.5 | F127: =F130-F128 -> 7373532.8 | G127: =G130-G128 -> 8732518.9 | I127: =+G127/$G$130 -> 0.46464986
B128: INDIRECTOS | D128: =+D106+D107+D108+D121 -> 9882665.3 | F128: =+F106+F107+F108+F121 -> 8708984.5 | G128: =+G106+G107+G108+G121 -> 10061243 | I128: =+G128/$G$130 -> 0.53535014
A130: TOTALES | B130: (d=a+b+c) RECAUDACIÓN BRUTA (5) | D130: =+D117+D121+D125 -> 18342555 | F130: =+F117+F121+F125 -> 16082517 | G130: =+G117+G121+G125 -> 18793762 | I130: 5.9865415e-06
B131: (e) Notas de Crédito | F131: ='Ene 2026'!F131+'Feb 2026'!F131+'Mar 2026'!F131+'Abr 2026'!F131+'May 2026'!F131+'Jun 2026'!F131+'Jul 2026'!F131+'Ago 2026'!F131+'Sept 2026'!F131+'Oct 2025'!F139+'Nov2025'!F141+'Dic2025'!F141 -> 1779590.4 | G131: ='Ene 2026'!G131+'Feb 2026'!G131+'Mar 2026'!G131+'Abr 2026'!G131+'May 2026'!G131+'Jun 2026'!G131+'Jul 2026'!G131+'Ago 2026'!G131+'Sept 2026'!G131+'Oct 2025'!G139+'Nov2025'!G141+'Dic2025'!G141 -> 2510649.8 | I131: 6.8917871e-06
B132: (f) Compensaciones | F132: ='Ene 2026'!F132+'Feb 2026'!F132+'Mar 2026'!F132+'Abr 2026'!F132+'May 2026'!F132+'Jun 2026'!F132+'Jul 2026'!F132+'Ago 2026'!F132+'Sept 2026'!F132+'Oct 2025'!F140+'Nov2025'!F142+'Dic2025'!F142 -> 48338.261 | G132: ='Ene 2026'!G132+'Feb 2026'!G132+'Mar 2026'!G132+'Abr 2026'!G132+'May 2026'!G132+'Jun 2026'!G132+'Jul 2026'!G132+'Ago 2026'!G132+'Sept 2026'!G132+'Oct 2025'!G140+'Nov2025'!G142+'Dic2025'!G142 -> 46159.127 | I132: -4.991889e-07
B133: (g=d-e-f) RECAUDACIÓN EN EFECTIVO (6) | F133: =+F130-F131-F132 -> 14254589 | G133: =+G130-G131-G132 -> 16236953
B134: (h) Devoluciones (7) | F134: ='Ene 2026'!F134+'Feb 2026'!F134+'Mar 2026'!F134+'Abr 2026'!F134+'May 2026'!F134+'Jun 2026'!F134+'Jul 2026'!F134+'Ago 2026'!F134+'Sept 2026'!F134+'Oct 2025'!F142+'Nov2025'!F144+'Dic2025'!F144 -> 441917.32 | G134: ='Ene 2026'!G134+'Feb 2026'!G134+'Mar 2026'!G134+'Abr 2026'!G134+'May 2026'!G134+'Jun 2026'!G134+'Jul 2026'!G134+'Ago 2026'!G134+'Sept 2026'!G134+'Oct 2025'!G142+'Nov2025'!G144+'Dic2025'!G144 -> 565624.31 | I134: =G134-'Recaudación abierta'!B69 -> 0
B135: (i=g-h) RECAUCIÓN NETA (CONSIDERANDO VALORES OCASIONALES) (8) | F135: =+F133-F134 -> 13812671 | G135: =+G133-G134 -> 15671329 | I135: =G135/F135-1 -> 0.13456177
A137: Versión 1_Septiembre 2026 (actualizada 07/10/2026)
A138: Nota (1): Incluye todas sus formas de pago (valor bruto): Efectivo, Notas de crédito, Compensaciones y valores retenidos y no pagados, con el fin de analizar el desempeño de cada impuesto en forma objetiva.
A139: Nota (2): Incluye retenciones contratos petroleros.
A140: Nota (3): Corresponde a lo recaudado por Impuesto a la Renta de personas naturales y sociedades (menos anticipos y retenciones) más herencias, legados y donaciones.
A141: Nota (4): Incluye Otros ingresos, e ingresos residuales de rubros que ya no están vigentes; entre otros: Tierras Rurales, RISE, Impuesto Ambiental Contaminación Vehicular, Contribuciones (Contribución Post COVID Personas Naturales y Sociedades,Contribución Temporal de Seguridad, Contribución Temporal Bancos y Cooperativas, Contribución única temporal , etc.).
A142: Nota (5): Total Recaudación incluye Notas de Crédito, Compensaciones y TBC's.
A143: Nota (6): Corresponde al valor de recaudación, restando Notas de Crédito y Compensaciones
A144: Nota (7): Devoluciones acreditadas en efectivo
A145: Nota (8): Corresponde al valor efectivo, descontando los valores de devoluciones de impuestos
...

Sheet Recaudación abierta
A1: RECAUDACIÓN DEL SERVICIO DE RENTAS INTERNAS (1)
A2: ENERO - SEPTIEMBRE 2026
A3: CONSOLIDADO NACIONAL
A4: -cifras en miles de dólares-
A6: CONCEPTOS | B6: TOTAL | C6: ENERO | D6: FEBRERO | E6: MARZO | F6: ABRIL | G6: MAYO | H6: JUNIO | I6: JULIO | J6: AGOSTO | K6: SEPTIEMBRE | L6: OCTUBRE | M6: NOVIEMBRE | N6: DICIEMBRE
A8: Impuesto a la Renta Recaudado | B8: =SUM(C8:N8) -> 6334906.9 | C8: =C9+C11+C13+C14+C10+C12 -> 755783.99 | D8: =D9+D11+D13+D14+D10+D12 -> 423765.99 | E8: =E9+E11+E13+E14+E10+E12 -> 666522.01 | F8: =F9+F11+F13+F14+F10+F12 -> 1277266.7 | G8: =G9+G11+G13+G14+G10+G12 -> 628916.63 | H8: =H9+H11+H13+H14+H10+H12 -> 565344.44 | I8: =I9+I11+I13+I14+I10+I12 -> 616325.43 | J8: =J9+J11+J13+J14+J10+J12 -> 750080.38 | K8: =K9+K11+K13+K14+K10+K12 -> 650901.31 | L8: =L9+L11+L13+L14+L10 -> 0 | M8: =M9+M11+M13+M14+M10+M12 -> 0 | N8: =N9+N11+N13+N14+N10+N12 -> 0
A9: Retenciones Mensuales | B9: =SUM(C9:N9) -> 3235127.1 | C9: ='Ene 2026'!G96-'Recaudación abierta'!C11 -> 503951.99 | D9: ='Feb 2026'!G96-'Recaudación abierta'!D11 -> 215271.68 | E9: ='Mar 2026'!G96-'Recaudación abierta'!E11 -> 258625.3 | F9: ='Abr 2026'!G96-'Recaudación abierta'!F11 -> 344108.79 | G9: ='May 2026'!G96-'Recaudación abierta'!G11 -> 386566.41 | H9: ='Jun 2026'!G96-'Recaudación abierta'!H11 -> 331232.22 | I9: =+'Jul 2026'!G96-I11 -> 376554.3 | J9: =+'Ago 2026'!G96-J11 -> 445537.08 | K9: ='Sept 2026'!G96-'Recaudación abierta'!K11 -> 373279.32 | L9: =+'Jul 2026'!J96-L11 -> 0 | M9: =+'Jul 2026'!K96-M11 -> 0 | N9: =+'Jul 2026'!L96-N11 -> 0
A10: Autorretenciones | B10: =SUM(C10:N10) -> 1762561.8 | C10: ='Ene 2026'!G12 -> 223982.22 | D10: ='Feb 2026'!G97 -> 186463 | E10: ='Mar 2026'!G12 -> 168913.63 | F10: ='Abr 2026'!G12 -> 204255.13 | G10: ='May 2026'!G97 -> 187297.76 | H10: ='Jun 2026'!G97 -> 195943.27 | I10: =+'Jul 2026'!G97 -> 196867.05 | J10: ='Ago 2026'!G97 -> 207563.87 | K10: ='Sept 2026'!G97 -> 191275.83 | L10: ='Oct 2025'!G106 -> 0 | M10: ='Nov2025'!G107 -> 0 | N10: ='Dic2025'!G107 -> 0
A11: A la renta empresas petroleras y otros NEP | B11: =SUM(C11:N11) -> 83456.777 | C11: 3810.8507 | D11: 20.20806 | E11: 21671.303 | F11: 20010.341 | G11: 19.02234 | H11: 7193.6779 | I11: 15362.946 | J11: 4548.49 | K11: 10819.94
A12: Utilidades no distribuidas(8) | B12: =SUM(C12:N12) -> 133785.49 | C12: ='Ene 2026'!G98 -> 1684 | D12: ='Feb 2026'!G98 -> 1705.2692 | E12: ='Mar 2026'!G98 -> 680.22366 | F12: ='Abr 2026'!G98 -> 4388.0688 | G12: ='May 2026'!G98 -> 4202.4928 | H12: ='Jun 2026'!G98 -> 1771.0391 | I12: =+'Jul 2026'!G98 -> 1630.7803 | J12: ='Ago 2026'!G98 -> 69672.032 | K12: ='Sept 2026'!G98 -> 48051.58 | L12: 0 | M12: ='Nov2025'!G108 -> 0 | N12: ='Dic2025'!G108 -> 0
A13: Anticipos al IR | B13: =SUM(C13:N13) -> 511.74039 | C13: ='Ene 2026'!G99 -> 8.04214 | D13: ='Feb 2026'!G99 -> 32.5616 | E13: ='Mar 2026'!G99 -> 15.50237 | F13: ='Abr 2026'!G99 -> 12.95021 | G13: ='May 2026'!G99 -> 26.00038 | H13: ='Jun 2026'!G99 -> 43.29532 | I13: =+'Jul 2026'!G99 -> 151.90181 | J13: ='Ago 2026'!G99 -> 41.50356 | K13: ='Sept 2026'!G99 -> 179.983 | L13: ='Oct 2025'!G107 -> 0 | M13: ='Nov2025'!G109 -> 0 | N13: ='Dic2025'!G109 -> 0
A14: Declaraciones de Impuesto a la Renta | B14: =SUM(C14:N14) -> 1119464.1 | C14: =SUM(C15:C19) -> 22346.885 | D14: =SUM(D15:D19) -> 20273.274 | E14: =SUM(E15:E19) -> 216616.05 | F14: =SUM(F15:F19) -> 704491.42 | G14: =SUM(G15:G19) -> 50804.949 | H14: =SUM(H15:H19) -> 29160.949 | I14: =SUM(I15:I19) -> 25758.449 | J14: =SUM(J15:J19) -> 22717.41 | ... N14: =SUM(N15:N19) -> 0
A15: Personas Naturales | B15: =SUM(C15:N15) -> 259694.96 | C15: ='Ene 2026'!G101 -> 5429.6212 | D15: ='Feb 2026'!G101 -> 9316.6534 | E15: ='Mar 2026'!G101 -> 179058.44 | F15: ='Abr 2026'!G101 -> 21331.466 | G15: ='May 2026'!G101 -> 13613.264 | H15: ='Jun 2026'!G101 -> 9386.2651 | I15: ='Jul 2026'!G101 -> 7782.2118 | J15: ='Ago 2026'!G101 -> 7100.4861 | K15: ='Sept 2026'!G101 -> 6676.5548 | L15: ='Oct 2025'!G109 -> 0 | M15: ='Nov2025'!G111 -> 0 | N15: ='Dic2025'!G111 -> 0
A16: Personas Jurídicas | B16: =SUM(C16:N16) -> 838789.12 | C16: ='Ene 2026'!G102 -> 15028.979 | D16: ='Feb 2026'!G102 -> 9638.4632 | E16: ='Mar 2026'!G102 -> 35228.998 | F16: ='Abr 2026'!G102 -> 681177 | G16: ='May 2026'!G102 -> 34569.485 | H16: ='Jun 2026'!G102 -> 17547.145 | I16: ='Jul 2026'!G102 -> 15275.703 | J16: ='Ago 2026'!G102 -> 13519.228 | K16: ='Sept 2026'!G102 -> 16804.115 | L16: ='Oct 2025'!G110 -> 0 | M16: ='Nov2025'!G112 -> 0 | N16: ='Dic2025'!G112 -> 0
A17: Herencias, Legados y Donaciones | B17: =SUM(C17:N17) -> 20581.395 | C17: ='Ene 2026'!G103 -> 1839.5778 | D17: ='Feb 2026'!G103 -> 1273.0759 | E17: ='Mar 2026'!G103 -> 2287.376 | F17: ='Abr 2026'!G103 -> 1932.1543 | G17: ='May 2026'!G103 -> 2572.8275 | H17: ='Jun 2026'!G103 -> 2181.9842 | I17: ='Jul 2026'!G103 -> 2656.3383 | J17: ='Ago 2026'!G103 -> 2054.9815 | K17: ='Sept 2026'!G103 -> 3783.0798 | L17: ='Oct 2025'!G111 -> 0 | M17: ='Nov2025'!G113 -> 0 | N17: ='Dic2025'!G113 -> 0
A18: Microempresas | B18: =SUM(C18:N18) -> 398.57393 | C18: ='Ene 2026'!G104 -> 48.70727 | D18: ='Feb 2026'!G104 -> 45.08123 | E18: ='Mar 2026'!G104 -> 41.23764 | F18: ='Abr 2026'!G104 -> 50.7955 | G18: ='May 2026'!G104 -> 49.37298 | H18: ='Jun 2026'!G104 -> 45.55467 | I18: ='Jul 2026'!G104 -> 44.19602 | J18: ='Ago 2026'!G104 -> 42.71456 | K18: ='Sept 2026'!G104 -> 30.91406 | L18: ='Oct 2025'!G112 -> 0 | M18: ='Nov2025'!G114 -> 0 | N18: ='Dic2025'!G114 -> 0
A19: Regularización de Activos en el Exterior | B19: =SUM(C19:N19) -> 0 | C19: ='Ene 2026'!G105 -> 0 | D19: ='Feb 2026'!G105 -> 0 | E19: ='Mar 2026'!G105 -> 0 | F19: ='Abr 2026'!G105 -> 0 | G19: ='May 2026'!G105 -> 0 | H19: ='Jun 2026'!G105 -> 0 | I19: ='Jul 2026'!G105 -> 0 | J19: ='Ago 2026'!G105 -> 0 | K19: ='Sept 2026'!G105 -> 0 | L19: ='Oct 2025'!G113 -> 0 | M19: ='Nov2025'!G115 -> 0 | N19: ='Dic2025'!G115 -> 0
A20: Impuesto al Valor Agregado | B20: =SUM(C20:N20) -> 9443590.2 | C20: =C21+C22 -> 1250406.4 | D20: =D21+D22 -> 911801.81 | E20: =E21+E22 -> 925768.94 | F20: =F21+F22 -> 979585.55 | G20: =G21+G22 -> 1005453.4 | H20: =H21+H22 -> 1052713.9 | I20: =I21+I22 -> 1139487.6 | J20: =J21+J22 -> 1094985.1 | ... N20: =N21+N22 -> 0
A21: IVA Operaciones Internas(6) | B21: =SUM(C21:N21) -> 7027951.5 | C21: ='Ene 2026'!G106 -> 1009190 | D21: ='Feb 2026'!G106 -> 668175.51 | E21: ='Mar 2026'!G106 -> 665012.24 | F21: ='Abr 2026'!G106 -> 724730.64 | G21: ='May 2026'!G106 -> 727783.2 | H21: ='Jun 2026'!G106 -> 783257.2 | I21: ='Jul 2026'!G106 -> 846578.31 | J21: ='Ago 2026'!G106 -> 807509.85 | K21: ='Sept 2026'!G106 -> 795714.56 | L21: ='Oct 2025'!G114 -> 0 | M21: ='Nov2025'!G116 -> 0 | N21: ='Dic2025'!G116 -> 0
A22: IVA Importaciones | B22: =SUM(C22:N22) -> 2415638.7 | C22: ='Ene 2026'!G119 -> 241216.43 | D22: ='Feb 2026'!G119 -> 243626.3 | E22: ='Mar 2026'!G119 -> 260756.71 | F22: ='Abr 2026'!G119 -> 254854.9 | G22: ='May 2026'!G119 -> 277670.23 | H22: ='Jun 2026'!G119 -> 269456.73 | I22: ='Jul 2026'!G119 -> 292909.29 | J22: ='Ago 2026'!G119 -> 287475.27 | K22: ='Sept 2026'!G119 -> 287672.85 | L22: ='Oct 2025'!G127 -> 0 | M22: ='Nov2025'!G129 -> 0 | N22: ='Dic2025'!G129 -> 0
A23: Impuesto a los Consumos Especiales | B23: =SUM(C23:N23) -> 581527.26 | C23: =C24+C46 -> 96466.512 | D23: =D24+D46 -> 69920.604 | E23: =E24+E46 -> 56775.044 | F23: =F24+F46 -> 64332.158 | G23: =G24+G46 -> 67478.13 | H23: =H24+H46 -> 67987.569 | I23: =I24+I46 -> 45649.422 | J23: =J24+J46 -> 56977.464 | ... N23: =N24+N46 -> 0
A24: ICE Operaciones Internas | B24: =SUM(C24:N24) -> 375909.28 | C24: ='Ene 2026'!G107 -> 74233.646 | D24: ='Feb 2026'!G107 -> 47660.356 | E24: ='Mar 2026'!G107 -> 37212.961 | F24: ='Abr 2026'!G107 -> 42702.742 | G24: ='May 2026'!G107 -> 45608.532 | H24: ='Jun 2026'!G107 -> 45580.9 | I24: ='Jul 2026'!G107 -> 18724.894 | J24: ='Ago 2026'!G107 -> 30162.839 | K24: ='Sept 2026'!G107 -> 34022.411 | L24: ='Oct 2025'!G115 -> 0 | M24: ='Nov2025'!G117 -> 0 | N24: ='Dic2025'!G117 -> 0
A25: ICE Aguas Minerales y Purificadas | B25: =SUM(C25:N25) -> 0 | C25: 0 | D25: 0 | E25: 0 | F25: 0 | G25: 0 | H25: 0 | I25: 0 | J25: 0 | K25: 0 | L25: 0 | M25: 0 | N25: 0
A26: ICE Alcohol y Productos Alcohólicos | B26: =SUM(C26:N26) -> 32392.515 | C26: 4171.4044 | D26: 4750.0049 | E26: 3289.618 | F26: 3060.5435 | G26: 3168.4856 | H26: 3437.3936 | I26: 3125.4351 | J26: 3822.1115 | K26: 3567.5183
A27: ICE Armas de Fuego | B27: =SUM(C27:N27) -> 0.0087 | C27: 0.0003 | D27: 0.003 | E27: 0.0003 | F27: 0.00478 | G27: 0.00032 | H27: 0 | I27: 0 | J27: 0 | K27: 0
A28: ICE Aviones, tricares,etc. y otros NEP | B28: =SUM(C28:N28) -> 70.1595 | C28: 0 | D28: 0 | E28: 0 | F28: 0 | G28: 0 | H28: 70.1595 | I28: 0 | J28: 0 | K28: 0
A29: ICE Bebidas energizantes | B29: =SUM(C29:N29) -> 4115.0396 | C29: 423.5696 | D29: 404.85731 | E29: 403.83057 | F29: 447.65128 | G29: 397.757 | H29: 511.20892 | I29: 529.91537 | J29: 504.83232 | K29: 491.41726
A30: ICE Bebidas Gaseosas | B30: =SUM(C30:N30) -> 50687.233 | C30: 6722.761 | D30: 5679.9218 | E30: 4750.425 | F30: 5571.3661 | G30: 6128.1528 | H30: 5683.1731 | I30: 5689.4293 | J30: 4646.514 | K30: 5815.4903
A31: ICE Bebidas no alcoholicas | B31: =SUM(C31:N31) -> 11860.822 | C31: 1379.4583 | D31: 1362.9966 | E31: 1105.871 | F31: 1321.9634 | G31: 1441.9398 | H31: 1423.0824 | I31: 1398.3093 | J31: 1035.8062 | K31: 1391.3953
A32: ICE Cerveza | B32: =SUM(C32:N32) -> 235311.91 | C32: 56203.654 | D32: 31321.604 | E32: 23784.365 | F32: 27718.459 | G32: 29713.487 | H32: 29890.434 | I32: 2938.3274 | J32: 15598.783 | K32: 18142.798
A33: ICE Cigarrillos | B33: =SUM(C33:N33) -> 0.41362 | C33: 0 | D33: 0.00016 | E33: 0 | F33: 0 | G33: 0 | H33: 0 | I33: 0.41346 | J33: 0 | K33: 0
A34: ICE Cocinas, calefones | B34: =SUM(C34:N34) -> 0 | C34: 0 | D34: 0 | E34: 0 | F34: 0 | G34: 0 | H34: 0 | I34: 0 | J34: 0 | K34: 0
A35: ICE Cuotas Membresías Clubes | B35: =SUM(C35:N35) -> 8.3616 | C35: 0 | D35: 0 | E35: 0 | F35: 0 | G35: 2.892 | H35: 1.4376 | I35: 0 | J35: 0 | K35: 4.032
A36: ICE Focos Incandescentes | B36: =SUM(C36:N36) -> 0 | C36: 0 | D36: 0 | E36: 0 | F36: 0 | G36: 0 | H36: 0 | I36: 0 | J36: 0 | K36: 0
A37: ICE Fundas Plásticas | B37: =SUM(C37:N37) -> 353.6202 | C37: 48.5808 | D37: 31.56317 | E37: 35.86208 | F37: 39.42803 | G37: 40.14991 | H37: 41.24208 | I37: 36.20534 | J37: 43.54999 | K37: 37.0388
... A45: ICE No Especificado | B45: =SUM(C45:N45) -> 0 | C45: 0 | D45: 0 | E45: 0 | F45: 0 | G45: 0 | H45: 0 | I45: 0 | J45: 0 | K45: 0
A46: ICE Importaciones | B46: =SUM(C46:N46) -> 205617.98 | C46: ='Ene 2026'!G120 -> 22232.865 | D46: ='Feb 2026'!G120 -> 22260.247 | E46: ='Mar 2026'!G120 -> 19562.083 | F46: ='Abr 2026'!G120 -> 21629.416 | G46: ='May 2026'!G120 -> 21869.598 | H46: ='Jun 2026'!G120 -> 22406.669 | I46: ='Jul 2026'!G120 -> 26924.528 | J46: ='Ago 2026'!G120 -> 26814.625 | K46: ='Sept 2026'!G120 -> 21917.952 | L46: ='Oct 2025'!G128 -> 0 | M46: ='Nov2025'!G130 -> 0 | N46: ='Dic2025'!G130 -> 0
A47: Impuesto Redimible Botellas Plásticas no Retornable | B47: =SUM(C47:N47) -> 36125.745 | C47: ='Ene 2026'!G108 -> 3872.8801 | D47: ='Feb 2026'!G108 -> 4143.5442 | E47: ='Mar 2026'!G108 -> 3739.6579 | F47: ='Abr 2026'!G108 -> 3688.2292 | G47: ='May 2026'!G108 -> 3912.6058 | H47: ='Jun 2026'!G108 -> 4076.9335 | I47: ='Jul 2026'!G108 -> 4420.1405 | J47: ='Ago 2026'!G108 -> 4109.258 | K47: ='Sept 2026'!G108 -> 4162.4959 | L47: ='Oct 2025'!G116 -> 0 | M47: ='Nov2025'!G118 -> 0 | N47: ='Dic2025'!G118 -> 0
A48: Impuesto a los Vehículos Motorizados | B48: =SUM(C48:N48) -> 218904.85 | C48: ='Ene 2026'!G109 -> 22542.466 | D48: ='Feb 2026'!G109 -> 18197.986 | E48: ='Mar 2026'!G109 -> 30626.807 | F48: ='Abr 2026'!G109 -> 28476.442 | G48: ='May 2026'!G109 -> 25305.978 | H48: ='Jun 2026'!G109 -> 24878.044 | I48: ='Jul 2026'!G109 -> 25192.274 | J48: ='Ago 2026'!G109 -> 21993.108 | K48: ='Sept 2026'!G109 -> 21691.748 | L48: ='Oct 2025'!G117 -> 0 | M48: ='Nov2025'!G119 -> 0 | N48: ='Dic2025'!G119 -> 0
A49: Impuesto a la Salida de Divisas | B49: =SUM(C49:N49) -> 1080892 | C49: ='Ene 2026'!G110 -> 136589.31 | D49: ='Feb 2026'!G110 -> 108162.8 | E49: ='Mar 2026'!G110 -> 100118.58 | F49: ='Abr 2026'!G110 -> 127756.4 | G49: ='May 2026'!G110 -> 112851.47 | H49: ='Jun 2026'!G110 -> 118941.7 | I49: ='Jul 2026'!G110 -> 124529.28 | J49: ='Ago 2026'!G110 -> 130787.44 | K49: ='Sept 2026'!G110 -> 121155.05 | L49: ='Oct 2025'!G118 -> 0 | M49: ='Nov2025'!G120 -> 0 | N49: ='Dic2025'!G120 -> 0
A50: Impuesto Activos en el Exterior | B50: =SUM(C50:N50) -> 20763.551 | C50: ='Ene 2026'!G111 -> 3036.888 | D50: ='Feb 2026'!G111 -> 2272.1111 | E50: ='Mar 2026'!G111 -> 2819.46 | F50: ='Abr 2026'!G111 -> 2467.4077 | G50: ='May 2026'!G111 -> 2299.155 | H50: ='Jun 2026'!G111 -> 2093.9673 | I50: ='Jul 2026'!G111 -> 2316.3435 | J50: ='Ago 2026'!G111 -> 1875.3189 | K50: ='Sept 2026'!G111 -> 1582.8997 | L50: ='Oct 2025'!G119 -> 0 | M50: ='Nov2025'!G121 -> 0 | N50: ='Dic2025'!G121 -> 0
A51: Regalías, patentes y utilidades de conservación minera | B51: =SUM(C51:N51) -> 621014.56 | C51: ='Ene 2026'!G112 -> 2165.9685 | D51: ='Feb 2026'!G112 -> 1484.9739 | E51: ='Mar 2026'!G112 -> 137886.76 | F51: ='Abr 2026'!G112 -> 270851.37 | G51: ='May 2026'!G112 -> 44599.572 | H51: ='Jun 2026'!G112 -> 11153.224 | I51: ='Jul 2026'!G112 -> 8604.1351 | J51: ='Ago 2026'!G112 -> 10534.914 | K51: ='Sept 2026'!G112 -> 133733.64 | L51: ='Oct 2025'!G120 -> 0 | M51: ='Nov2025'!G122 -> 0 | N51: ='Dic2025'!G122 -> 0
A52: Patente de conservacion para concesion minera | B52: =SUM(C52:N52) -> 15124.992 | C52: 562.14893 | D52: 341.59154 | E52: 13300.388 | F52: 128.57919 | G52: 302.18535 | H52: 401.40002 | I52: 44.14065 | J52: 9.85787 | K52: 34.6999
A53: Regalias anticipadas | B53: =SUM(C53:N53) -> 94810.267 | C53: 1179.6354 | D53: 710.375 | E53: 1989.5361 | F53: 15933.199 | G53: 42032.404 | H53: 10089.27 | I53: 7707.2146 | J53: 10196.997 | K53: 4971.6372
A54: Regalias mineras | B54: =SUM(C54:N54) -> 253351.48 | C54: 409.98755 | D54: 403.93991 | E54: 122523.55 | F54: 338.43107 | G54: 30.95413 | H54: 23.27027 | I54: 633.49785 | J54: 266.69526 | K54: 128721.16
A55: Utilidades de las actividades mineras | B55: =SUM(C55:N55) -> 257727.82 | C55: 14.19655 | D55: 29.06749 | E55: 73.2857 | F55: 254451.16 | G55: 2234.0294 | H55: 639.28356 | I55: 219.28196 | J55: 61.36378 | K55: 6.14653
A56: Contribución para la atención integral del cancer | B56: =SUM(C56:N56) -> 201977.12 | C56: ='Ene 2026'!G113 -> 18106.534 | D56: ='Feb 2026'!G113 -> 20115.383 | E56: ='Mar 2026'!G113 -> 25311.481 | F56: ='Abr 2026'!G113 -> 22016.42 | G56: ='May 2026'!G113 -> 22015.704 | H56: ='Jun 2026'!G113 -> 24776.872 | I56: ='Jul 2026'!G113 -> 24170.838 | J56: ='Ago 2026'!G113 -> 21594.325 | K56: ='Sept 2026'!G113 -> 23869.565 | L56: ='Oct 2025'!G121 -> 0 | M56: ='Nov2025'!G123 -> 0 | N56: ='Dic2025'!G123 -> 0
A57: Intereses por Mora Tributaria | B57: =SUM(C57:N57) -> 33814.808 | C57: ='Ene 2026'!G114 -> 3112.6788 | D57: ='Feb 2026'!G114 -> 2844.2517 | E57: ='Mar 2026'!G114 -> 4470.4289 | F57: ='Abr 2026'!G114 -> 3924.5778 | G57: ='May 2026'!G114 -> 3508.7186 | H57: ='Jun 2026'!G114 -> 3570.0214 | I57: ='Jul 2026'!G114 -> 4098.3739 | J57: ='Ago 2026'!G114 -> 3364.7872 | K57: ='Sept 2026'!G114 -> 4920.9694 | L57: ='Oct 2025'!G122 -> 0 | M57: ='Nov2025'!G124 -> 0 | N57: ='Dic2025'!G124 -> 0
A58: Multas Tributarias Fiscales | B58: =SUM(C58:N58) -> 55175.564 | C58: ='Ene 2026'!G115 -> 5183.583 | D58: ='Feb 2026'!G115 -> 5301.5448 | E58: ='Mar 2026'!G115 -> 7290.3373 | F58: ='Abr 2026'!G115 -> 6626.65 | G58: ='May 2026'!G115 -> 5941.9537 | H58: ='Jun 2026'!G115 -> 6003.8261 | I58: ='Jul 2026'!G115 -> 6293.5496 | J58: ='Ago 2026'!G115 -> 6358.54 | K58: ='Sept 2026'!G115 -> 6175.5793 | L58: ='Oct 2025'!G123 -> 0 | M58: ='Nov2025'!G125 -> 0 | N58: ='Dic2025'!G125 -> 0
A59: Otros Ingresos (7) | B59: =SUM(C59:N59) -> 14397.51 | C59: ='Ene 2026'!G116 -> 1437.365 | D59: ='Feb 2026'!G116 -> 1817.2667 | E59: ='Mar 2026'!G116 -> 2397.8216 | F59: ='Abr 2026'!G116 -> 1532.4871 | G59: ='May 2026'!G116 -> 1449.9188 | H59: ='Jun 2026'!G116 -> 1354.6344 | I59: ='Jul 2026'!G116 -> 1549.792 | J59: ='Ago 2026'!G116 -> 1401.9468 | K59: ='Sept 2026'!G116 -> 1456.278 | L59: ='Oct 2025'!G124 -> 0 | M59: ='Nov2025'!G126 -> 0 | N59: ='Dic2025'!G126 -> 0
A61: Contribución Temporal de Seguridad | B61: =SUM(C61:N61) -> 322.37831 | C61: ='Ene 2026'!G123 -> 70.46204 | D61: ='Feb 2026'!G123 -> 57.56169 | E61: ='Mar 2026'!G123 -> 39.86967 | F61: ='Abr 2026'!G123 -> 36.77692 | G61: ='May 2026'!G123 -> 27.03434 | H61: ='Jun 2026'!G123 -> 24.82213 | I61: ='Jul 2026'!G123 -> 48.90559 | J61: ='Ago 2026'!G123 -> 3.70981 | K61: ='Sept 2026'!G123 -> 13.23612 | L61: ='Mar 2026'!N123 -> 0 | M61: ='Mar 2026'!O123 -> 0 | N61: ='Mar 2026'!P123 -> 0
A62: Tasa Servicio Aduanero (9) | B62: =SUM(C62:N62) -> 150349.62 | C62: 0 | D62: ='Feb 2026'!G124 -> 18075.488 | E62: ='Mar 2026'!G124 -> 27938.281 | F62: ='Abr 2026'!G124 -> 75529.793 | G62: ='May 2026'!G124 -> 27872.498 | H62: ='Jun 2026'!G124 -> 664.84042 | I62: ='Jul 2026'!G124 -> 43.56703 | J62: ='Ago 2026'!G124 -> 73.08865 | K62: ='Sept 2026'!G124 -> 152.06553 | L62: ='Mar 2026'!N124 -> 0 | M62: ='Mar 2026'!O124 -> 0 | N62: ='Mar 2026'!P124 -> 0
A65: RECAUDACIÓN BRUTA CON OCASIONALES (2) | B65: =SUM(C65:N65) -> 18793762 | C65: =+C8+C20+C23+SUM(C47:C59)-C52-C53-C54-C55+C62+C61 -> 2298775 | D65: =+D8+D20+D23+SUM(D47:D59)-D52-D53-D54-D55+D62+D61 -> 1587961.3 | E65: =+E8+E20+E23+SUM(E47:E59)-E52-E53-E54-E55+E62+E61 -> 1991705.5 | F65: =+F8+F20+F23+SUM(F47:F59)-F52-F53-F54-F55+F62+F61 -> 2864091 | G65: =+G8+G20+G23+SUM(G47:G59)-G52-G53-G54-G55+G62+G61 -> 1951632.8 | H65: =+H8+H20+H23+SUM(H47:H59)-H52-H53-H54-H55+H62+H61 -> 1883584.8 | I65: =+I8+I20+I23+SUM(I47:I59)-I52-I53-I54-I55+I62+I61 -> 2002729.6 | J65: =+J8+J20+J23+SUM(J47:J59)-J52-J53-J54-J55+J62+J61 -> 2104139.4 | ... N65: =+N8+N20+N23+SUM(N47:N59)-N52-N53-N54-N55+N62+N61 -> 0 | O65: 4.0512532e-08 | P65: 1.6763806e-08
A66: (-) Notas de Crédito | B66: =SUM(C66:N66) -> 2510649.8 | C66: ='Ene 2026'!G131 -> 413985.18 | D66: ='Feb 2026'!G131 -> 319197.77 | E66: ='Mar 2026'!G131 -> 275382.91 | F66: ='Abr 2026'!G131 -> 335040.24 | G66: ='May 2026'!G131 -> 224785.68 | H66: ='Jun 2026'!G131 -> 220372.98 | I66: =+'Jul 2026'!G131 -> 228904.42 | J66: ='Ago 2026'!G131 -> 213651.24 | K66: ='Sept 2026'!G131 -> 279329.41 | L66: ='Oct 2025'!G139 -> 0 | M66: ='Nov2025'!G141 -> 0 | N66: ='Dic2025'!G141 -> 0
A67: (-) Compensaciones | B67: =SUM(C67:N67) -> 46159.127 | C67: ='Ene 2026'!G132 -> 7203.3787 | D67: ='Feb 2026'!G132 -> 4862.2833 | E67: ='Mar 2026'!G132 -> 4571.8758 | F67: ='Abr 2026'!G132 -> 4647.801 | G67: ='May 2026'!G132 -> 4772.3898 | H67: ='Jun 2026'!G132 -> 4905.1917 | I67: =+'Jul 2026'!G132 -> 5088.6995 | J67: ='Ago 2026'!G132 -> 5315.6281 | K67: ='Sept 2026'!G132 -> 4791.879 | L67: ='Oct 2025'!G140 -> 0 | M67: ='Nov2025'!G142 -> 0 | N67: ='Dic2025'!G142 -> 0
A68: RECAUDACIÓN EN EFECTIVO (3) | B68: =SUM(C68:N68) -> 16236953 | C68: =+C65-C66-C67 -> 1877586.5 | D68: =+D65-D66-D67 -> 1263901.3 | E68: =+E65-E66-E67 -> 1711750.7 | F68: =+F65-F66-F67 -> 2524402.9 | G68: =+G65-G66-G67 -> 1722074.7 | H68: =+H65-H66-H67 -> 1658306.7 | I68: =+I65-I66-I67 -> 1768736.5 | J68: =+J65-J66-J67 -> 1885172.5 | ... N68: =+N65-N66-N67 -> 0
A69: (-) Devoluciones (4) | B69: =SUM(C69:N69) -> 565624.31 | C69: =C70+C71+C72 -> 17718.743 | D69: =D70+D71+D72 -> 24432.39 | E69: =E70+E71+E72 -> 56394.946 | F69: =F70+F71+F72 -> 35951.745 | G69: =G70+G71+G72 -> 115910.42 | H69: =H70+H71+H72 -> 59067.712 | I69: =I70+I71+I72 -> 74383.398 | J69: =J70+J71+J72 -> 92501.207 | ... N69: =N70+N71+N72 -> 0
A70: Devoluciones I.Renta | B70: =SUM(C70:N70) -> 126333.92 | C70: 9965.9786 | D70: 9472.9663 | E70: 11967.264 | F70: 9422.8106 | G70: 9028.9115 | H70: 16875.456 | I70: 35667.867 | J70: 13892.445 | K70: 10040.221
A71: Devoluciones IVA | B71: =SUM(C71:N71) -> 438567.14 | C71: 7751.0793 | D71: 14959.424 | E71: 44353.776 | F71: 26521.625 | G71: 106673.29 | H71: 42191.448 | I71: 38426.222 | J71: 78608.158 | K71: 79082.111
A72: Devoluciones Otros | B72: =SUM(C72:N72) -> 723.24688 | C72: 1.68483 | D72: 0 | E72: 73.90563 | F72: 7.30913 | G72: 208.21435 | H72: 0.80743 | I72: 289.30954 | J72: 0.60322 | K72: 141.41275
A73: RECAUDACIÓN NETA (5) | B73: =SUM(C73:N73) -> 15671329 | C73: =+C68-C69 -> 1859867.7 | D73: =+D68-D69 -> 1239468.9 | E73: =+E68-E69 -> 1655355.8 | F73: =+F68-F69 -> 2488451.2 | G73: =+G68-G69 -> 1606164.3 | H73: =+H68-H69 -> 1599239 | I73: =+I68-I69 -> 1694353.1 | J73: =+J68-J69 -> 1792671.3 | ... N73: =+N68-N69 -> 0
A77: Nota (1): Incluye todas sus formas de pago (valor bruto): Efectivo, Notas de crédito, Compensaciones y valores retenidos y no pagados, con el fin de analizar el desempeño de cada impuesto en forma objetiva. | M77: =M75*1000 -> 0
A78: Nota (2): Total Recaudación incluye Notas de Crédito, Compensaciones
A79: Nota (3): Corresponde al valor de recaudación, restando Notas de Crédito y Compensaciones | N79: 1000
A80: Nota (4): Devoluciones acreditadas en efectivo
A81: Nota (5): Corresponde al valor efectivo, descontando los valores de devoluciones de impuestos
A82: Nota (6): Se incluye valores retenidos, conforme Dictamen No. 2-21-OP/21 emitido por la Corte Constitucional el 23 de junio de 2021, sobre valores equivalentes al Impuesto al Valor Agregado (IVA) pagado por Gobiernos Autónomos Descentralizados (GAD’s), universidades y escuelas politécnicas públicas. Reforma a los Art. 62 y 63 de la LORTI, mediante R.O. 486-S, 02-VII-2021.
A83: Nota (7): Incluye Otros ingresos, e ingresos residuales de rubros que ya no están vigentes; entre otros: Tierras Rurales, RISE, Impuesto Ambiental Contaminación Vehicular, Contribuciones (Contribución Post COVID Personas Naturales y Sociedades,Contribución Temporal de Seguridad, Contribución Temporal Bancos y Cooperativas, Contribución única temporal , etc.).
A84: Nota (8): Reglamento General a la Ley Orgánica de Transparencia Social, emitido mediante Decreto Ejecutivo Nro. 191 publicado en el Suplemento del Registro Oficial Nro. 153 del 28 de octubre de 2025.
A85: Nota (9): Desde febrero de 2026, Ecuador aplica una tasa por servicio aduanero de control del 30% sobre el valor en aduana a las mercancías importadas originarias de Colombia.
A87: Cifras provisionales sujetas a revisión.
A88: Fecha de conciliación: 30/09/2026
A89: Fecha de actualización: 07/10/2026
A90: Fuente: Base de datos SRI - BCE - SENAE - GI. Reintegro Tributario
A91: Elaboración: Dirección Nacional de Planificación y Gestión Estratégica.- SRI
